Workbook
Name Button_1: "Pokreal_CHC_List"
Name Button_2: "Pokreal_CHC_List"
Name КРыз: #REF!

Sheet Титул
A3: Национальный статистический комитет
A4: Кыргызской Республики
A14: ФИНАНСЫ ПРЕДПРИЯТИЙ
A15: КЫРГЫЗСКОЙ РЕСПУБЛИКИ
A16: 2021-2025
A23: Годовая публикация
A41: БИШКЕК - 2026

Sheet Редсовет
A2: Редакционно-издательский совет:
A3: Председатель | B3: - | C3: Б. Кудайбергенов
A4: Члены: | B4: - | C4: Н. Керималиева
B5: - | C5: Б. Шокенов
B6: - | C6: З. Жумалиев
B7: - | C7: Н. Ишенов
B8: - | C8: Ч. Турдубаева
B9: - | C9: Э. Исенкулова
B10: - | C10: А. Мамоева

Sheet Контакты
A1: Публикация «Финансы предприятий Кыргызской Республики 2021-2025» содержит анализ финансовых показателей предприятий реального и финансового секторов экономики за 2021-2025гг. В приложениях приведены статистические таблицы с годовой динамикой по видам экономической деятельности, краткие методологические пояснения к ним и график публикаций Нацстаткома на 2027г.
A3: Публикация подготовлена специалистами управления статистики финансов и цен Национального статистического комитета Кыргызской Республики.
A5: Выпускается ежегодно в печатной и электронной версии.
A7: Последний день обновления данных настоящей публикации: 20 августа 2026 года.
A9: В публикации приняты условные обозначения:
A11: - явление отсутствует;
A12: … данных не имеется;
A13: 0,0 значение показателя меньше единицы измерения.
A15: Незначительные расхождения итога от суммы слагаемых объясняются округлением данных.
A17: Электронная версия публикации доступна для пользователей на официальном сайте Нацстаткома по адресу: www.stat.gov.kg/ru/statistics/finansy/, а также c использованием прилагаемого QR – кода.
A21: Национальный статистический комитет Кыргызской Республики г. Бишкек, ул. Фрунзе 374, интернет: www.stat.gov.kg e-mail: nsc_mail@stat.kg Тел.: (+996312) 626073

Sheet Другие публикации
A1: Другие основные публикации Национального статистического комитета
A2: «Кыргызстан в цифрах»
A3: Представлены основные показатели, характеризующие социально-экономическое положение страны в 2025г. в сравнении с предыдущими годами на основе оперативных данных. Содержит информацию о населении, его занятости и уровне жизни, а также о состоянии отдельных отраслей реального сектора экономики.
A4: «Статистический ежегодник Кыргызской Республики 2021-2025»
A5: Содержит подробную информацию, основанную на уточненных данных, как в целом по республике, так и по ее регионам. Представлены данные о населении, его занятости и уровне жизни. Помещена информация о системе национальных счетов, хозяйствующих субъектах республики, малом и среднем предпринимательстве, инвестициях. Освещено положение в отдельных отраслях реального сектора экономики. Внешнеэкономическая деятельность представлена данными об объемах внешней торговли, экспорта и импорта.
A6: «Туризм в Кыргызстане 2021-2025»
A7: Представлены данные о развитии туризма в Кыргызской Республике, включая информацию о посетителях, средствах размещения туристов, объеме услуг и тарифах на эти услуги и др.
A8: «Малое и среднее предпринимательство в Кыргызской Республике 2021-2025»
A9: Представлены статистические данные по основным экономическим показателям деятельности малых и средних предприятий, крестьянских (фермерских) хозяйств и индивидуальных предпринимателей.
A10: «Деятельность предприятий с иностранными инвестициями в Кыргызской Республике 2021-2025»
A11: Представлен краткий анализ и статистические данные по основным экономическим показателям деятельности предприятий с иностранными инвестициями в 2025г. в сравнении с предыдущими годами.
A12: «Национальные счета Кыргызской Республики 2021-2025»
... A37: Содержит информацию, характеризующую состояние природных ресурсов и окружающей среды, показатели экологического воздействия на нее, а также мероприятия по ее защите.

Sheet Содержание
A1: СОДЕРЖАНИЕ
A3: № таблицы | B3: Наименование таблицы
A4: I | B4: ПРЕДПРИЯТИЯ ЭКОНОМИКИ
A5: I.А.1. | B5: Финансовые показатели предприятий экономики
A6: I.Б.1. | B6: Количество отчитавшихся предприятий экономики по видам деятельности
A7: I.Б.2. | B7: Количество рентабельных предприятий экономики по видам деятельности
A8: I.Б.3. | B8: Количество нерентабельных предприятий экономики по видам деятельности
A9: I.Б.4. | B9: Количество предприятий экономики по территории
A10: I.Б.5. | B10: Количество рентабельных предприятий экономики по территории
A11: I.Б.6. | B11: Количество нерентабельных предприятий экономики по территории
A12: I.Б.7. | B12: Активы, обязательства и капитал предприятий реального сектора
A13: I.Б.8. | B13: Активы, обязательства и капитал предприятий финансового сектора
A14: I.Б.9. | B14: Активы, обязательства и капитал Национального банка
... A237: IV.3. | B237: Количество общественных организаций по территории

Sheet IA1
A1: Вернуться в СОДЕРЖАНИЕ
A2: Таблица I.A.1: Финансовые показатели предприятий экономики
A3: (млн. сомов)
B4: 2014 | C4: 2015 | D4: 2016 | E4: 2017 | F4: 2018 | G4: 2019 | H4: 2020 | I4: 2021 | J4: 2022 | K4: 2023 | L4: 2024 | M4: 2025
A6: Выручка (валовой доход) от реализации продукции (работ, услуг) | B6: 323550 | C6: 346688.5 | D6: 384871.8 | E6: 440405.3 | F6: 460655.2 | G6: 507493.8 | H6: 547653.1 | I6: 696476.4 | J6: 882756.4 | K6: 1067806.7 | L6: 1410310.7 | M6: 2283919.9
A7: Неоперационные доходы и расходы (-) | B7: -25229.3 | C7: -55034.2 | D7: 10479.7 | E7: -23880.9 | F7: -15237.8 | G7: -8642.6 | H7: -60289.8 | I7: -18332.8 | J7: 8736.1 | K7: -38586.4 | L7: -5416.4 | M7: -31870.6
A8: Сальдированный финансовый результат (прибыль минус убыток) | B8: 15329.8 | C8: -15840.3 | D8: 53228.6 | E8: 33616.6 | F8: 34665.8 | G8: 56461.9 | H8: 24752.5 | I8: 114505.3 | J8: 193190.6 | K8: 182703 | L8: 301542.9 | M8: 430541.4
A9: Прибыль | B9: 50663 | C9: 51672.7 | D9: 67425.8 | E9: 65877.3 | F9: 61542.5 | G9: 77971.7 | H9: 97287.9 | I9: 145982.4 | J9: 234314.6 | K9: 255904.2 | L9: 362870.2 | M9: 519089.1
A10: Убытки | B10: 35333.1 | C10: 67513 | D10: 14197.2 | E10: 32260.7 | F10: 26876.7 | G10: 21509.7 | H10: 72535.4 | I10: 31477.1 | J10: 41124 | K10: 73201.2 | L10: 61327.2 | M10: 88547.8
A11: Расходы на производство и реализацию продукции (работ, услуг) | B11: 282977.5 | C11: 307474.3 | D11: 342119.7 | E11: 382906.6 | F11: 410753.3 | G11: 442250.2 | H11: 462140.5 | I11: 563631.2 | J11: 698255.3 | K11: 846436.2 | L11: 1103264.9 | M11: 1821407.6
A12: Финансовые активы | B12: 89137.8 | C12: 119586.1 | D12: 135363.7 | E12: 124450.5 | F12: 128903.3 | G12: 156124.3 | H12: 228167.1 | I12: 228162.7 | J12: 317280.7 | K12: 384714.3 | L12: 486711.3 | M12: 801441.4
A13: Денежные средства | B13: 32799.7 | C13: 32985.3 | D13: 62206.3 | E13: 55146.3 | F13: 53627.2 | G13: 49621.6 | H13: 62328.9 | I13: 102885.1 | J13: 140903.2 | K13: 164671 | L13: 242830.5 | M13: 344708.3
A14: Касса | B14: 6085.2 | C14: 6362.2 | D14: 15722.1 | E14: 15654.9 | F14: 16543.2 | G14: 16522.7 | H14: 18838 | I14: 24094.6 | J14: 32873.9 | K14: 44617.1 | L14: 60197.5 | M14: 76592.3
A15: Расчетный счет в банках | B15: 12333.6 | C15: 10340.5 | D15: 18462 | E15: 17378 | F15: 20965.5 | G15: 20057.4 | H15: 23913 | I15: 44598.9 | J15: 51464.1 | K15: 64384.4 | L15: 114243.2 | M15: 167150.5
A16: Валютный счет | B16: 14079.3 | C16: 15702.2 | D16: 27907.4 | E16: 21888.9 | F16: 15628.9 | G16: 12951.2 | H16: 19392.4 | I16: 33791.5 | J16: 56360.6 | K16: 55370.1 | L16: 67981.4 | M16: 99545.8
A17: Кредиты и займы | B17: 245577.8 | C17: 343104 | D17: 352537.9 | E17: 340241.4 | F17: 386235.6 | G17: 403548.9 | H17: 481166.8 | I17: 531498.9 | J17: 572555.3 | K17: 620544.7 | L17: 744219.5 | M17: 1098192.6
... A25: Кредиторская задолженность | B25: 134171 | C25: 162168.7 | D25: 186282.8 | E25: 201326.9 | F25: 211567.5 | G25: 246009.4 | H25: 265101.3 | I25: 311589 | J25: 399042.9 | K25: 536394.1 | L25: 790529.9 | M25: 1422508.4
A28: Справочно:
A29: Количество отчитавшихся предприятий | B29: 16022 | C29: 16649 | D29: 17114 | E29: 17861 | F29: 19431 | G29: 21547 | H29: 22358 | I29: 22317 | J29: 24391 | K29: 29766 | L29: 33412 | M29: 30723
A30: из них: убыточных | B30: 4337 | C30: 4813 | D30: 4320 | E30: 4205 | F30: 4381 | G30: 4684 | H30: 4814 | I30: 4258 | J30: 4277 | K30: 4844 | L30: 5694 | M30: 6258
A31: Рентабельность1 (прибыль от реализации в
A32: в процентах к расходам на производство), % | B32: 14.3 | C32: 12.8 | D32: 12.5 | E32: 15 | F32: 12.1 | G32: 14.8 | H32: 18.5 | I32: 23.6 | J32: 26.4 | K32: 26.2 | L32: 27.8 | M32: 25.4
A33: Рентабельность1 (сальдированный финансовый
A34: результат в процентах к среднегодовой
A35: стоимости основных средств), % | B35: 5.7 | C35: -4.9 | D35: 14.6 | E35: 8.4 | F35: 7.7 | G35: 11.9 | H35: 4.9 | I35: 21.2 | J35: 32.9 | K35: 27.9 | L35: 38.4 | M35: 46.4
A36: Рентабельность1 продаж (сальдированный финан-
A37: совый результат к выручке от реализации), % | B37: 4.7 | C37: -4.6 | D37: 13.8 | E37: 7.6 | F37: 7.5 | G37: 11.1 | H37: 4.5 | I37: 16.4 | J37: 21.9 | K37: 17.1 | L37: 21.4 | M37: 18.9
A38: Темп роста валового дохода (в процентах
A39: к предыдущему году) | B39: 106.3 | C39: 107.2 | D39: 111 | E39: 114.4 | F39: 104.6 | G39: 110.2 | H39: 107.9 | I39: 127.2 | J39: 126.7 | K39: 121 | L39: 132.1 | M39: 161.9
A40: Коэффициент динамики валового дохода | B40: 0.9 | C40: 1 | D40: 1 | E40: 1 | F40: 0.9 | G40: 1.1 | H40: 1 | I40: 1.2 | J40: 1 | K40: 1 | L40: 1.1 | M40: 1.2
A41: Коэффициент ликвидности текущей задолжен-
A42: ности (отношение дебиторской задолженности
A43: к кредиторской) | B43: 0.78 | C43: 0.71 | D43: 0.7 | E43: 0.61 | F43: 0.55 | G43: 0.64 | H43: 0.66 | I43: 0.72 | J43: 0.77 | K43: 0.75 | L43: 0.86 | M43: 1.06
A46: 1 Знак минус (-) означает убыточность.

Sheet IБ1
A1: Вернуться в СОДЕРЖАНИЕ
A2: Таблица I.Б.1: Количество отчитавшихся предприятий экономики по видам деятельности
A3: (единиц)
B4: 2014 | C4: 2015 | D4: 2016 | E4: 2017 | F4: 2018 | G4: 2019 | H4: 2020 | I4: 2021 | J4: 2022 | K4: 2023 | L4: 2024 | M4: 2025
A6: Всего | B6: 16022 | C6: 16649 | D6: 17114 | E6: 17861 | F6: 19431 | G6: 21547 | H6: 22358 | I6: 22317 | J6: 24391 | K6: 29766 | L6: 33412 | M6: 30723
A7: в том числе: | B7: 16022
A8: Сельское хозяйство, лесное хозяйство и рыболовство | B8: 547 | C8: 533 | D8: 542 | E8: 527 | F8: 585 | G8: 635 | H8: 611 | I8: 650 | J8: 752 | K8: 847 | L8: 944 | M8: 974
A9: Добыча полезных ископаемых | B9: 295 | C9: 389 | D9: 282 | E9: 258 | F9: 282 | G9: 372 | H9: 412 | I9: 425 | J9: 373 | K9: 437 | L9: 533 | M9: 612
A10: Обрабатывающие производства | B10: 1851 | C10: 1871 | D10: 1856 | E10: 1913 | F10: 1996 | G10: 2116 | H10: 2131 | I10: 2042 | J10: 2149 | K10: 2484 | L10: 2761 | M10: 2661
A11: Производство пищевых продуктов, включая напитки | B11: 424 | C11: 435 | D11: 442 | E11: 453 | F11: 475 | G11: 503 | H11: 498 | I11: 489 | J11: 501 | K11: 554 | L11: 574 | M11: 537
A12: Производство табачных изделий | B12: 7 | C12: 7 | D12: 7 | E12: 5 | F12: 6 | G12: 11 | H12: 10 | I12: 7 | J12: 8 | K12: 8 | L12: 8 | M12: 6
A13: Текстильное производство; производство одежды и обуви, кожи и прочих кожаных изделий | B13: 193 | C13: 205 | D13: 201 | E13: 209 | F13: 217 | G13: 224 | H13: 235 | I13: 237 | J13: 282 | K13: 399 | L13: 524 | M13: 499
A14: Производство деревянных и бумажных изделий; полиграфическая деятельность | B14: 217 | C14: 219 | D14: 207 | E14: 223 | F14: 229 | G14: 229 | H14: 229 | I14: 194 | J14: 193 | K14: 201 | L14: 202 | M14: 190
A15: Производство кокса и очищенных нефтепродуктов | B15: 17 | C15: 16 | D15: 13 | E15: 12 | F15: 14 | G15: 16 | H15: 15 | I15: 18 | J15: 18 | K15: 21 | L15: 24 | M15: 24
A16: Производство химической продукции | B16: 50 | C16: 49 | D16: 50 | E16: 56 | F16: 59 | G16: 67 | H16: 67 | I16: 68 | J16: 83 | K16: 106 | L16: 110 | M16: 110
A17: Производство фармацевтической продукции | B17: 38 | C17: 34 | D17: 37 | E17: 39 | F17: 47 | G17: 45 | H17: 47 | I17: 43 | J17: 42 | K17: 43 | L17: 41 | M17: 40
A18: Производство резиновых и пластмассовых изделий | B18: 173 | C18: 168 | D18: 164 | E18: 155 | F18: 154 | G18: 161 | H18: 162 | I18: 142 | J18: 141 | K18: 150 | L18: 162 | M18: 146
A19: Производство неметаллических минеральных продуктов | B19: 291 | C19: 303 | D19: 299 | E19: 306 | F19: 327 | G19: 351 | H19: 357 | I19: 343 | J19: 357 | K19: 397 | L19: 432 | M19: 469
... A25: Прочие производства, ремонт и установка машин и оборудования | B25: 164 | C25: 167 | D25: 165 | E25: 176 | F25: 183 | G25: 202 | H25: 185 | I25: 181 | J25: 199 | K25: 229 | L25: 250 | M25: 239
A26: Обеспечение (снабжение) электроэнергией, газом, паром и кондиционированным воздухом | B26: 74 | C26: 72 | D26: 72 | E26: 83 | F26: 91 | G26: 97 | H26: 117 | I26: 128 | J26: 164 | K26: =197+8 -> 205 | L26: 235 | M26: 216
A27: Производство (выработка) электроэнергии, ее передача и распределение | B27: 38 | C27: 35 | D27: 36 | E27: 49 | F27: 58 | G27: 65 | H27: 84 | I27: 96 | J27: 132 | K27: 170 | L27: 198 | M27: 180
A28: Производство газа; распределение газообразного топлива через системы газоснабжения | B28: 11 | C28: 10 | D28: 10 | E28: 9 | F28: 9 | G28: 9 | H28: 9 | I28: 9 | J28: 9 | K28: =1+8 -> 9 | L28: 9 | M28: 9
A29: Обеспечение (снабжение) паром и кондиционированным воздухом | B29: 25 | C29: 27 | D29: 26 | E29: 25 | F29: 24 | G29: 23 | H29: 24 | I29: 23 | J29: 23 | K29: 26 | L29: 28 | M29: 27
A30: Водоснабжение, очистка, обработка отходов и получение вторичного сырья | B30: 306 | C30: 261 | D30: 269 | E30: 279 | F30: 506 | G30: 540 | H30: 539 | I30: 569 | J30: 614 | K30: 611 | L30: 604 | M30: 492
A31: Строительство | B31: 1633 | C31: 1702 | D31: 1793 | E31: 1941 | F31: 2162 | G31: 2452 | H31: 2624 | I31: 2607 | J31: 2651 | K31: 3189 | L31: 3390 | M31: 3286
A32: Оптовая и розничная торговля; ремонт автомобилей и мотоциклов | B32: 3907 | C32: 4035 | D32: 4310 | E32: 4539 | F32: 4886 | G32: 5666 | H32: 6065 | I32: 6131 | J32: 7170 | K32: 9535 | L32: 11370 | M32: 9985
A33: Транспортная деятельность и хранение грузов | B33: 876 | C33: 918 | D33: 900 | E33: 942 | F33: 1018 | G33: 1074 | H33: 1118 | I33: 1132 | J33: 1249 | K33: 1519 | L33: 1629 | M33: 1501
A34: Деятельность гостиниц и ресторанов | B34: 283 | C34: 292 | D34: 296 | E34: 321 | F34: 332 | G34: 392 | H34: 397 | I34: 384 | J34: 390 | K34: 528 | L34: 598 | M34: 570
A35: Информация | B35: 501 | C35: 508 | D35: 527 | E35: 546 | F35: 623 | G35: 720 | H35: 771 | I35: 756 | J35: 894 | K35: 1174 | L35: 1333 | M35: 1254
A36: Cвязь | B36: 158 | C36: 163 | D36: 158 | E36: 159 | F36: 159 | G36: 159 | H36: 168 | I36: 153 | J36: 147 | K36: 157 | L36: 146 | M36: 127
A37: Финансовое посредничество и страхование | B37: 946 | C37: 1087 | D37: 1059 | E37: 1064 | F37: 1159 | G37: 1175 | H37: 1151 | I37: 1117 | J37: 1272 | K37: 1543 | L37: 1796 | M37: 1650
A38: Банки1 | B38: 33 | C38: 35 | D38: 33 | E38: 31 | F38: 31 | G38: 30 | H38: 29 | I38: 29 | J38: 29 | K38: 28 | L38: 26 | M38: 26
A39: Страховые компании | B39: 21 | C39: 22 | D39: 24 | E39: 23 | F39: 22 | G39: 20 | H39: 15 | I39: 14 | J39: 15 | K39: 16 | L39: 16 | M39: 19
A40: Инвестиционные фонды | B40: 6 | C40: 6 | D40: 6 | E40: 6 | F40: 6 | G40: 6 | H40: 3 | I40: 2 | J40: 2 | K40: 2 | L40: 2 | M40: 2
... A50: Прочая обслуживающая деятельность | B50: 146 | C50: 140 | D50: 141 | E50: 141 | F50: 154 | G50: 171 | H50: 177 | I50: 186 | J50: 180 | K50: 187 | L50: 191 | M50: 168
A53: 1 Здесь и далее в таблицах I.Б.2 и I.Б.3 включая банки, находящиеся в стадии ликвидации.

Sheet IБ2
A1: Вернуться в СОДЕРЖАНИЕ
A2: Таблица I.Б.2: Количество рентабельных предприятий экономики
A3: по видам деятельности
A4: (единиц)
B5: 2014 | C5: 2015 | D5: 2016 | E5: 2017 | F5: 2018 | G5: 2019 | H5: 2020 | I5: 2021 | J5: 2022 | K5: 2023 | L5: 2024 | M5: 2025
A7: Всего | B7: 6205 | C7: 6060 | D7: 6512 | E7: 6802 | F7: 7132 | G7: 7566 | H7: 6898 | I7: 7943 | J7: 8591 | K7: 10575 | L7: 12010 | M7: 13215
A8: в том числе:
A9: Сельское хозяйство, лесное хозяйство и рыболовство | B9: 250 | C9: 233 | D9: 207 | E9: 214 | F9: 209 | G9: 223 | H9: 214 | I9: 212 | J9: 254 | K9: 283 | L9: 360 | M9: 419
A10: Добыча полезных ископаемых | B10: 90 | C10: 93 | D10: 85 | E10: 90 | F10: 90 | G10: 95 | H10: 106 | I10: 114 | J10: 109 | K10: 144 | L10: 181 | M10: 208
A11: Обрабатывающие производства | B11: 751 | C11: 687 | D11: 694 | E11: 710 | F11: 702 | G11: 716 | H11: 639 | I11: 707 | J11: 799 | K11: 903 | L11: 1024 | M11: 1158
A12: Производство пищевых продуктов, включая напитки | B12: 168 | C12: 157 | D12: 166 | E12: 162 | F12: 169 | G12: 171 | H12: 146 | I12: 162 | J12: 184 | K12: 196 | L12: 214 | M12: 236
A13: Производство табачных изделий | B13: 2 | C13: 4 | D13: 1 | E13: 1 | F13: 1 | G13: 1 | H13: 3 | I13: 1 | J13: 2 | K13: 2 | L13: 1 | M13: 2
A14: Текстильное производство; производство одежды и обуви, кожи и прочих кожаных изделий | B14: 73 | C14: 61 | D14: 76 | E14: 69 | F14: 62 | G14: 72 | H14: 66 | I14: 68 | J14: 100 | K14: 125 | L14: 163 | M14: 216
A15: Производство деревянных и бумажных изделий; полиграфическая деятельность | B15: 84 | C15: 85 | D15: 75 | E15: 82 | F15: 83 | G15: 79 | H15: 71 | I15: 78 | J15: 83 | K15: 81 | L15: 92 | M15: 88
A16: Производство кокса и очищенных нефтепродуктов | B16: 3 | C16: 2 | D16: 4 | E16: - | F16: 4 | G16: 3 | H16: 1 | I16: 3 | J16: 5 | K16: 5 | L16: 8 | M16: 10
A17: Производство химической продукции | B17: 22 | C17: 25 | D17: 21 | E17: 18 | F17: 18 | G17: 19 | H17: 16 | I17: 23 | J17: 23 | K17: 28 | L17: 38 | M17: 41
A18: Производство фармацевтической продукции | B18: 10 | C18: 8 | D18: 9 | E18: 12 | F18: 13 | G18: 12 | H18: 14 | I18: 13 | J18: 13 | K18: 12 | L18: 11 | M18: 12
A19: Производство резиновых и пластмассовых изделий | B19: 73 | C19: 62 | D19: 67 | E19: 61 | F19: 51 | G19: 50 | H19: 41 | I19: 54 | J19: 57 | K19: 67 | L19: 69 | M19: 71
A20: Производство неметаллических минеральных продуктов | B20: 136 | C20: 126 | D20: 116 | E20: 123 | F20: 134 | G20: 138 | H20: 127 | I20: 141 | J20: 163 | K20: 177 | L20: 200 | M20: 231
A21: Производство основных металлов и готовых металлических изделий, кроме машин и оборудования | B21: 69 | C21: 56 | D21: 57 | E21: 70 | F21: 61 | G21: 67 | H21: 67 | I21: 70 | J21: 73 | K21: 91 | L21: 103 | M21: 112
A22: Производство компьютеров, электронного и оптического оборудования | B22: 6 | C22: 10 | D22: 7 | E22: 8 | F22: 7 | G22: 6 | H22: 5 | I22: 8 | J22: 9 | K22: 7 | L22: 6 | M22: 7
A23: Производство электрического оборудования | B23: 16 | C23: 9 | D23: 11 | E23: 12 | F23: 14 | G23: 10 | H23: 10 | I23: 8 | J23: 9 | K23: 12 | L23: 11 | M23: 15
A24: Производство машин и оборудования | B24: 14 | C24: 12 | D24: 15 | E24: 18 | F24: 15 | G24: 15 | H24: 12 | I24: 12 | J24: 14 | K24: 15 | L24: 12 | M24: 14
A25: Производство транспортных средств | B25: 3 | C25: 2 | D25: 1 | E25: 1 | F25: 1 | G25: 2 | H25: 3 | I25: 3 | J25: 2 | K25: 3 | L25: 5 | M25: 5
A26: Прочие производства, ремонт и установка машин и оборудования | B26: 72 | C26: 68 | D26: 68 | E26: 73 | F26: 69 | G26: 71 | H26: 57 | I26: 63 | J26: 62 | K26: 82 | L26: 91 | M26: 98
A27: Обеспечение (снабжение) электроэнергией, газом, паром и кондиционированным воздухом | B27: 27 | C27: 15 | D27: 27 | E27: 28 | F27: 27 | G27: 26 | H27: 24 | I27: 27 | J27: 33 | K27: 28 | L27: 33 | M27: 54
A28: Производство (выработка) электроэнергии, ее передача и распределение | B28: 18 | C28: 7 | D28: 12 | E28: 18 | F28: 19 | G28: 19 | H28: 16 | I28: 21 | J28: 24 | K28: 20 | L28: 25 | M28: 41
A29: Производство газа; распределение газообразного топлива через системы газоснабжения | B29: - | C29: - | D29: - | E29: - | F29: - | G29: - | H29: - | I29: 1 | J29: 1 | K29: 1 | L29: 1 | M29: 1
A30: Обеспечение (снабжение) паром и кондиционированным воздухом | B30: 9 | C30: 8 | D30: 15 | E30: 10 | F30: 8 | G30: 7 | H30: 8 | I30: 5 | J30: 8 | K30: 7 | L30: 7 | M30: 12
A31: Водоснабжение, очистка, обработка отходов и получение вторичного сырья | B31: 63 | C31: 71 | D31: 59 | E31: 58 | F31: 114 | G31: 94 | H31: 89 | I31: 85 | J31: 106 | K31: 117 | L31: 119 | M31: 104
A32: Строительство | B32: 604 | C32: 614 | D32: 686 | E32: 765 | F32: 816 | G32: 870 | H32: 784 | I32: 877 | J32: 801 | K32: 1049 | L32: 1172 | M32: 1410
A33: Оптовая и розничная торговля; ремонт автомобилей и мотоциклов | B33: 1406 | C33: 1351 | D33: 1546 | E33: 1637 | F33: 1727 | G33: 1917 | H33: 1852 | I33: 2210 | J33: 2487 | K33: 3211 | L33: 3852 | M33: 4000
A34: Транспортная деятельность и хранение грузов | B34: 339 | C34: 296 | D34: 318 | E34: 350 | F34: 348 | G34: 356 | H34: 330 | I34: 392 | J34: 434 | K34: 518 | L34: 547 | M34: 615
A35: Деятельность гостиниц и ресторанов | B35: 103 | C35: 102 | D35: 85 | E35: 91 | F35: 98 | G35: 97 | H35: 62 | I35: 124 | J35: 142 | K35: 202 | L35: 268 | M35: 308
A36: Информация | B36: 184 | C36: 184 | D36: 184 | E36: 200 | F36: 208 | G36: 238 | H36: 218 | I36: 252 | J36: 299 | K36: 397 | L36: 459 | M36: 549
A37: Cвязь | B37: 57 | C37: 55 | D37: 66 | E37: 57 | F37: 59 | G37: 53 | H37: 56 | I37: 58 | J37: 68 | K37: 62 | L37: 63 | M37: 53
A38: Финансовое посредничество и страхование | B38: 536 | C38: 576 | D38: 616 | E38: 636 | F38: 679 | G38: 666 | H38: 608 | I38: 645 | J38: 684 | K38: 822 | L38: 847 | M38: 858
A39: Банки1 | B39: 26 | C39: 20 | D39: 20 | E39: 22 | F39: 23 | G39: 20 | H39: 25 | I39: 22 | J39: 26 | K39: 25 | L39: 24 | M39: 22
A40: Страховые компании | B40: 14 | C40: 13 | D40: 12 | E40: 14 | F40: 12 | G40: 13 | H40: 14 | I40: 13 | J40: 13 | K40: 13 | L40: 14 | M40: 15
A41: Инвестиционные фонды | B41: 5 | C41: 5 | D41: 5 | E41: 5 | F41: 5 | G41: 5 | H41: 2 | I41: 2 | J41: 1 | K41: 1 | L41: 1 | M41: 1
A42: Небанковские финансово-кредитные учреждения | B42: 444 | C42: 394 | D42: 389 | E42: 394 | F42: 397 | G42: 391 | H42: 362 | I42: 378 | J42: 381 | K42: 404 | L42: 363 | M42: 303
A43: Биржи | B43: 2 | C43: - | D43: 1 | E43: 2 | F43: 1 | G43: 2 | H43: 2 | I43: 2 | J43: 2 | K43: 1 | L43: 1 | M43: 2
A44: Прочие виды финансовой деятельности | B44: 45 | C44: 144 | D44: 189 | E44: 199 | F44: 241 | G44: 235 | H44: 203 | I44: 228 | J44: 261 | K44: 378 | L44: 444 | M44: 515
A45: Операции с недвижимым имуществом | B45: 538 | C45: 531 | D45: 571 | E45: 580 | F45: 577 | G45: 606 | H45: 514 | I45: 613 | J45: 615 | K45: 689 | L45: 708 | M45: 723
A46: Профессиональная, научная и техническая деятельность | B46: 650 | C46: 658 | D46: 687 | E46: 683 | F46: 720 | G46: 778 | H46: 733 | I46: 833 | J46: 850 | K46: 989 | L46: 1087 | M46: 1218
A47: Административная и вспомогательная деятельность | B47: 288 | C47: 271 | D47: 309 | E47: 321 | F47: 337 | G47: 380 | H47: 285 | I47: 326 | J47: 374 | K47: 496 | L47: 534 | M47: 633
A48: Образование | B48: 133 | C48: 129 | D48: 157 | E48: 157 | F48: 189 | G48: 192 | H48: 165 | I48: 192 | J48: 228 | K48: 276 | L48: 345 | M48: 404
A49: Здравоохранение и социальное обслуживание населения | B49: 84 | C49: 88 | D49: 105 | E49: 121 | F49: 136 | G49: 159 | H49: 135 | I49: 175 | J49: 192 | K49: 244 | L49: 269 | M49: 344
A50: Искусство, развлечения и отдых | B50: 39 | C50: 41 | D50: 44 | E50: 42 | F50: 37 | G50: 43 | H50: 33 | I50: 40 | J50: 48 | K50: 74 | L50: 75 | M50: 81
A51: Прочая обслуживающая деятельность | B51: 63 | C51: 65 | D51: 66 | E51: 62 | F51: 59 | G51: 57 | H51: 51 | I51: 61 | J51: 68 | K51: 71 | L51: 67 | M51: 76

Sheet IБ3
A1: Вернуться в СОДЕРЖАНИЕ
A2: Таблица I.Б.3: Количество нерентабельных предприятий экономики
A3: по видам деятельности
A4: (единиц)
B5: 2014 | C5: 2015 | D5: 2016 | E5: 2017 | F5: 2018 | G5: 2019 | H5: 2020 | I5: 2021 | J5: 2022 | K5: 2023 | L5: 2024 | M5: 2025
A7: Всего | B7: 4337 | C7: 4813 | D7: 4320 | E7: 4205 | F7: 4381 | G7: 4684 | H7: 4814 | I7: 4258 | J7: 4277 | K7: 4844 | L7: 5694 | M7: 6258
A8: в том числе:
A9: Сельское хозяйство, лесное хозяйство и рыболовство | B9: 124 | C9: 126 | D9: 123 | E9: 100 | F9: 126 | G9: 121 | H9: 96 | I9: 113 | J9: 107 | K9: 142 | L9: 139 | M9: 194
A10: Добыча полезных ископаемых | B10: 76 | C10: 112 | D10: 78 | E10: 63 | F10: 68 | G10: 80 | H10: 78 | I10: 75 | J10: 76 | K10: 75 | L10: 78 | M10: 104
A11: Обрабатывающие производства | B11: 530 | C11: 621 | D11: 547 | E11: 519 | F11: 523 | G11: 547 | H11: 542 | I11: 465 | J11: 385 | K11: 431 | L11: 437 | M11: 508
A12: Производство пищевых продуктов, включая напитки | B12: 126 | C12: 132 | D12: 115 | E12: 115 | F12: 110 | G12: 121 | H12: 122 | I12: 94 | J12: 80 | K12: 92 | L12: 87 | M12: 84
A13: Производство табачных изделий | B13: 2 | C13: - | D13: 3 | E13: 2 | F13: 3 | G13: 5 | H13: 3 | I13: 6 | J13: 4 | K13: 3 | L13: 3 | M13: 1
A14: Текстильное производство; производство одежды и обуви, кожи и прочих кожаных изделий | B14: 49 | C14: 64 | D14: 40 | E14: 46 | F14: 43 | G14: 42 | H14: 46 | I14: 40 | J14: 40 | K14: 65 | L14: 89 | M14: 101
A15: Производство деревянных и бумажных изделий; полиграфическая деятельность | B15: 66 | C15: 69 | D15: 68 | E15: 63 | F15: 66 | G15: 61 | H15: 63 | I15: 46 | J15: 40 | K15: 37 | L15: 23 | M15: 40
A16: Производство кокса и очищенных нефтепродуктов | B16: 10 | C16: 11 | D16: 5 | E16: 9 | F16: 7 | G16: 9 | H16: 9 | I16: 10 | J16: 6 | K16: 8 | L16: 7 | M16: 4
A17: Производство химической продукции | B17: 16 | C17: 17 | D17: 20 | E17: 25 | F17: 25 | G17: 28 | H17: 23 | I17: 18 | J17: 18 | K17: 27 | L17: 19 | M17: 28
A18: Производство фармацевтической продукции | B18: 14 | C18: 15 | D18: 12 | E18: 10 | F18: 13 | G18: 18 | H18: 11 | I18: 6 | J18: 6 | K18: 7 | L18: 6 | M18: 10
A19: Производство резиновых и пластмассовых изделий | B19: 51 | C19: 55 | D19: 42 | E19: 37 | F19: 36 | G19: 41 | H19: 42 | I19: 34 | J19: 27 | K19: 24 | L19: 29 | M19: 23
A20: Производство неметаллических минеральных продуктов | B20: 73 | C20: 95 | D20: 97 | E20: 86 | F20: 88 | G20: 87 | H20: 90 | I20: 82 | J20: 55 | K20: 64 | L20: 57 | M20: 75
A21: Производство основных металлов и готовых металлических изделий, кроме машин и оборудования | B21: 46 | C21: 70 | D21: 68 | E21: 54 | F21: 59 | G21: 57 | H21: 65 | I21: 54 | J21: 48 | K21: 46 | L21: 43 | M21: 55
A22: Производство компьютеров, электронного и оптического оборудования | B22: 10 | C22: 7 | D22: 8 | E22: 10 | F22: 9 | G22: 8 | H22: 10 | I22: 8 | J22: 6 | K22: 9 | L22: 9 | M22: 10
A23: Производство электрического оборудования | B23: 11 | C23: 13 | D23: 9 | E23: 6 | F23: 6 | G23: 9 | H23: 8 | I23: 14 | J23: 10 | K23: 8 | L23: 8 | M23: 10
A24: Производство машин и оборудования | B24: 12 | C24: 13 | D24: 13 | E24: 10 | F24: 12 | G24: 15 | H24: 10 | I24: 10 | J24: 8 | K24: 6 | L24: 10 | M24: 12
A25: Производство транспортных средств | B25: 2 | C25: 3 | D25: 2 | E25: 2 | F25: 1 | G25: 2 | H25: 4 | I25: 1 | J25: 3 | K25: 3 | L25: 4 | M25: 7
... A28: Производство (выработка) электроэнергии, ее передача и распределение | B28: 10 | C28: 17 | D28: 13 | E28: 10 | F28: 18 | G28: 21 | H28: 25 | I28: 20 | J28: 23 | K28: 46 | L28: 46 | M28: 54
A29: Производство газа; распределение газообразного топлива через системы газоснабжения | B29: 1 | C29: 1 | D29: 1 | E29: 1 | F29: 1 | G29: 1 | H29: 1 | I29: - | J29: - | K29: - | L29: - | M29: -
A30: Обеспечение (снабжение) паром и кондиционированным воздухом | B30: 15 | C30: 17 | D30: 9 | E30: 14 | F30: 14 | G30: 14 | H30: 14 | I30: 17 | J30: 14 | K30: 16 | L30: 15 | M30: 11
A31: Водоснабжение, очистка, обработка отходов и получение вторичного сырья | B31: 95 | C31: 77 | D31: 73 | E31: 80 | F31: 90 | G31: 101 | H31: 99 | I31: 122 | J31: 119 | K31: 120 | L31: 113 | M31: 90
A32: Строительство | B32: 455 | C32: 433 | D32: 400 | E32: 423 | F32: 471 | G32: 482 | H32: 524 | I32: 487 | J32: 508 | K32: 503 | L32: 584 | M32: 659
A33: Оптовая и розничная торговля; ремонт автомобилей и мотоциклов | B33: 1062 | C33: 1222 | D33: 1124 | E33: 1117 | F33: 1122 | G33: 1283 | H33: 1282 | I33: 1125 | J33: 1263 | K33: 1542 | L33: 1953 | M33: 2108
A34: Транспортная деятельность и хранение грузов | B34: 240 | C34: 296 | D34: 254 | E34: 228 | F34: 245 | G34: 240 | H34: 250 | I34: 236 | J34: 236 | K34: 272 | L34: 264 | M34: 287
A35: Деятельность гостиниц и ресторанов | B35: 87 | C35: 98 | D35: 108 | E35: 120 | F35: 114 | G35: 138 | H35: 154 | I35: 99 | J35: 84 | K35: 97 | L35: 96 | M35: 122
A36: Информация | B36: 119 | C36: 125 | D36: 129 | E36: 126 | F36: 143 | G36: 154 | H36: 175 | I36: 149 | J36: 178 | K36: 228 | L36: 281 | M36: 308
A37: Cвязь | B37: 53 | C37: 52 | D37: 46 | E37: 48 | F37: 40 | G37: 49 | H37: 47 | I37: 47 | J37: 32 | K37: 40 | L37: 34 | M37: 36
A38: Финансовое посредничество и страхование | B38: 170 | C38: 218 | D38: 204 | E38: 198 | F38: 183 | G38: 189 | H38: 200 | I38: 168 | J38: 177 | K38: 217 | L38: 338 | M38: 393
A39: Банки1 | B39: 7 | C39: 13 | D39: 13 | E39: 9 | F39: 8 | G39: 10 | H39: 4 | I39: 7 | J39: 2 | K39: 2 | L39: 1 | M39: 3
A40: Страховые компании | B40: 2 | C40: 5 | D40: 8 | E40: 4 | F40: 7 | G40: 4 | H40: 1 | I40: 1 | J40: 2 | K40: 2 | L40: 2 | M40: 2
A41: Инвестиционные фонды | B41: 1 | C41: 1 | D41: 1 | E41: 1 | F41: - | G41: 1 | H41: - | I41: - | J41: 1 | K41: 1 | L41: 1 | M41: 1
A42: Небанковские финансово-кредитные учреждения | B42: 127 | C42: 128 | D42: 119 | E42: 114 | F42: 107 | G42: 95 | H42: 119 | I42: 92 | J42: 87 | K42: 84 | L42: 96 | M42: 80
A43: Биржи | B43: - | C43: 2 | D43: 1 | E43: - | F43: 2 | G43: 1 | H43: 1 | I43: 1 | J43: 1 | K43: 2 | L43: 1 | M43: 0
A44: Прочие виды финансовой деятельности | B44: 33 | C44: 69 | D44: 62 | E44: 70 | F44: 59 | G44: 78 | H44: 75 | I44: 67 | J44: 84 | K44: 126 | L44: 237 | M44: 307
A45: Операции с недвижимым имуществом | B45: 312 | C45: 342 | D45: 300 | E45: 270 | F45: 282 | G45: 282 | H45: 346 | I45: 273 | J45: 252 | K45: 248 | L45: 262 | M45: 262
A46: Профессиональная, научная и техническая деятельность | B46: 497 | C46: 506 | D46: 452 | E46: 397 | F46: 417 | G46: 389 | H46: 364 | I46: 354 | J46: 341 | K46: 359 | L46: 453 | M46: 472
A47: Административная и вспомогательная деятельность | B47: 230 | C47: 254 | D47: 206 | E47: 194 | F47: 226 | G47: 247 | H47: 271 | I47: 207 | J47: 188 | K47: 200 | L47: 261 | M47: 281
A48: Образование | B48: 97 | C48: 117 | D48: 103 | E48: 114 | F48: 116 | G48: 150 | H48: 128 | I48: 103 | J48: 116 | K48: 143 | L48: 139 | M48: 169
A49: Здравоохранение и социальное обслуживание населения | B49: 77 | C49: 90 | D49: 75 | E49: 107 | F49: 107 | G49: 103 | H49: 125 | I49: 116 | J49: 106 | K49: 103 | L49: 122 | M49: 106
A50: Искусство, развлечения и отдых | B50: 47 | C50: 51 | D50: 43 | E50: 45 | F50: 44 | G50: 55 | H50: 51 | I50: 45 | J50: 42 | K50: 33 | L50: 48 | M50: 59
A51: Прочая обслуживающая деятельность | B51: 40 | C51: 38 | D51: 32 | E51: 31 | F51: 31 | G51: 38 | H51: 42 | I51: 37 | J51: 30 | K51: 29 | L51: 31 | M51: 35

Sheet IБ4-6
A1: Вернуться в СОДЕРЖАНИЕ
A2: Таблица I.Б.4: Количество отчитавшихся предприятий экономики по территории
A3: (единиц)
B4: 2014 | C4: 2015 | D4: 2016 | E4: 2017 | F4: 2018 | G4: 2019 | H4: 2020 | I4: 2021 | J4: 2022 | K4: 2023 | L4: 2024 | M4: 2025
A6: Кыргызская Республика | B6: 16022 | C6: 16649 | D6: 17114 | E6: 17861 | F6: 19431 | G6: 21547 | H6: 22358 | I6: 22317 | J6: 24391 | K6: 29766 | L6: 33412 | M6: 30723
A7: Баткенская область | B7: 230 | C7: 239 | D7: 253 | E7: 270 | F7: 308 | G7: 336 | H7: 348 | I7: 399 | J7: 522 | K7: 571 | L7: 531 | M7: 553
A8: Джалал-Абадская область | B8: 647 | C8: 663 | D8: 665 | E8: 670 | F8: 690 | G8: 687 | H8: 701 | I8: 736 | J8: 785 | K8: 973 | L8: 1077 | M8: 1119
A9: Иссык-Кульская область | B9: 580 | C9: 560 | D9: 562 | E9: 574 | F9: 711 | G9: 734 | H9: 723 | I9: 736 | J9: 720 | K9: 800 | L9: 821 | M9: 738
A10: Нарынская область | B10: 395 | C10: 322 | D10: 315 | E10: 317 | F10: 393 | G10: 404 | H10: 411 | I10: 417 | J10: 420 | K10: 426 | L10: 499 | M10: 531
A11: Ошская область | B11: 531 | C11: 559 | D11: 592 | E11: 649 | F11: 694 | G11: 756 | H11: 774 | I11: 810 | J11: 893 | K11: 967 | L11: 960 | M11: 1019
A12: Таласская область | B12: 312 | C12: 299 | D12: 294 | E12: 296 | F12: 350 | G12: 395 | H12: 409 | I12: 413 | J12: 409 | K12: 449 | L12: 455 | M12: 484
A13: Чуйская область | B13: 1586 | C13: 1610 | D13: 1698 | E13: 1846 | F13: 2147 | G13: 2364 | H13: 2361 | I13: 2678 | J13: 2894 | K13: 3409 | L13: 2719 | M13: 2856
A14: г. Бишкек | B14: 10760 | C14: 11413 | D14: 11759 | E14: 12141 | F14: 13033 | G14: 14725 | H14: 15425 | I14: 14909 | J14: 16512 | K14: 20838 | L14: 24642 | M14: 21446
A15: г. Ош | B15: 922 | C15: 926 | D15: 920 | E15: 1044 | F15: 1051 | G15: 1094 | H15: 1155 | I15: 1167 | J15: 1184 | K15: 1282 | L15: 1659 | M15: 1933
A16: Предприятия (объединения) без областного деления1 | B16: 59 | C16: 58 | D16: 56 | E16: 54 | F16: 54 | G16: 52 | H16: 51 | I16: 52 | J16: 52 | K16: 51 | L16: 49 | M16: 44
A20: Таблица I.Б.5: Количество рентабельных предприятий экономики по территории
A21: (единиц)
B22: 2014 | C22: 2015 | D22: 2016 | E22: 2017 | F22: 2018 | G22: 2019 | H22: 2020 | I22: 2021 | J22: 2022 | K22: 2023 | L22: 2024 | M22: 2025
A24: Кыргызская Республика | B24: 6205 | C24: 6060 | D24: 6512 | E24: 6802 | F24: 7132 | G24: 7566 | H24: 6898 | I24: 7943 | J24: 8591 | K24: 10575 | L24: 12010 | M24: 13215
A25: Баткенская область | B25: 138 | C25: 133 | D25: 143 | E25: 157 | F25: 152 | G25: 169 | H25: 175 | I25: 189 | J25: 203 | K25: 216 | L25: 261 | M25: 278
A26: Джалал-Абадская область | B26: 369 | C26: 374 | D26: 392 | E26: 398 | F26: 434 | G26: 428 | H26: 418 | I26: 453 | J26: 493 | K26: 668 | L26: 741 | M26: 773
A27: Иссык-Кульская область | B27: 263 | C27: 250 | D27: 233 | E27: 269 | F27: 293 | G27: 290 | H27: 245 | I27: 271 | J27: 291 | K27: 323 | L27: 319 | M27: 333
A28: Нарынская область | B28: 126 | C28: 105 | D28: 103 | E28: 102 | F28: 111 | G28: 120 | H28: 99 | I28: 103 | J28: 103 | K28: 122 | L28: 184 | M28: 242
A29: Ошская область | B29: 280 | C29: 289 | D29: 300 | E29: 340 | F29: 379 | G29: 401 | H29: 374 | I29: 379 | J29: 396 | K29: 423 | L29: 403 | M29: 431
A30: Таласская область | B30: 195 | C30: 188 | D30: 205 | E30: 187 | F30: 207 | G30: 219 | H30: 216 | I30: 223 | J30: 228 | K30: 265 | L30: 264 | M30: 293
A31: Чуйская область | B31: 707 | C31: 681 | D31: 726 | E31: 755 | F31: 809 | G31: 844 | H31: 775 | I31: 878 | J31: 975 | K31: 1120 | L31: 996 | M31: 1066
A32: г. Бишкек | B32: 3590 | C32: 3529 | D32: 3860 | E32: 3951 | F32: 4063 | G32: 4374 | H32: 3962 | I32: 4736 | J32: 5267 | K32: 6645 | L32: 7814 | M32: 8638
A33: г. Ош | B33: 501 | C33: 483 | D33: 519 | E33: 609 | F33: 650 | G33: 690 | H33: 601 | I33: 678 | J33: 598 | K33: 756 | L33: 992 | M33: 1131
A34: Предприятия (объединения) без областного деления1 | B34: 36 | C34: 28 | D34: 31 | E34: 34 | F34: 34 | G34: 31 | H34: 33 | I34: 33 | J34: 37 | K34: 37 | L34: 36 | M34: 30
A38: Таблица I.Б.6: Количество нерентабельных предприятий экономики по территории
A39: (единиц)
B40: 2014 | C40: 2015 | D40: 2016 | E40: 2017 | F40: 2018 | G40: 2019 | H40: 2020 | I40: 2021 | J40: 2022 | K40: 2023 | L40: 2024 | M40: 2025
A42: Кыргызская Республика | B42: 4337 | C42: 4813 | D42: 4320 | E42: 4205 | F42: 4381 | G42: 4684 | H42: 4814 | I42: 4258 | J42: 4277 | K42: 4844 | L42: 5694 | M42: 6258
A43: Баткенская область | B43: 45 | C43: 68 | D43: 56 | E43: 54 | F43: 58 | G43: 66 | H43: 63 | I43: 63 | J43: 61 | K43: 72 | L43: 55 | M43: 83
A44: Джалал-Абадская область | B44: 106 | C44: 120 | D44: 98 | E44: 110 | F44: 100 | G44: 106 | H44: 116 | I44: 109 | J44: 116 | K44: 118 | L44: 118 | M44: 100
A45: Иссык-Кульская область | B45: 160 | C45: 162 | D45: 171 | E45: 149 | F45: 164 | G45: 196 | H45: 212 | I45: 176 | J45: 134 | K45: 141 | L45: 164 | M45: 139
A46: Нарынская область | B46: 99 | C46: 74 | D46: 61 | E46: 58 | F46: 64 | G46: 54 | H46: 65 | I46: 59 | J46: 50 | K46: 53 | L46: 60 | M46: 71
A47: Ошская область | B47: 57 | C47: 64 | D47: 55 | E47: 49 | F47: 60 | G47: 59 | H47: 63 | I47: 72 | J47: 72 | K47: 82 | L47: 67 | M47: 79
A48: Таласская область | B48: 52 | C48: 59 | D48: 37 | E48: 28 | F48: 45 | G48: 62 | H48: 53 | I48: 44 | J48: 49 | K48: 53 | L48: 59 | M48: 63
A49: Чуйская область | B49: 473 | C49: 532 | D49: 505 | E49: 498 | F49: 559 | G49: 585 | H49: 575 | I49: 582 | J49: 536 | K49: 579 | L49: 468 | M49: 457
A50: г. Бишкек | B50: 3148 | C50: 3549 | D50: 3162 | E50: 3070 | F50: 3154 | G50: 3381 | H50: 3457 | I50: 2977 | J50: 3066 | K50: 3582 | L50: 4452 | M50: 5001
A51: г. Ош | B51: 184 | C51: 166 | D51: 159 | E51: 177 | F51: 165 | G51: 162 | H51: 200 | I51: 165 | J51: 187 | K51: 159 | L51: 247 | M51: 260
A52: Предприятия (объединения) без областного деления1 | B52: 13 | C52: 19 | D52: 16 | E52: 12 | F52: 12 | G52: 13 | H52: 10 | I52: 11 | J52: 6 | K52: 5 | L52: 4 | M52: 5
A55: 1Предприятия республиканского значения, осуществляющие деятельность в сфере электроэнергетики, по поставкам нефтепродуктов и распределению газа, почтовой деятельности и обрабатывающей промышленности, а также сферы банковской деятельности.

Sheet IБ7-9
A1: Вернуться в СОДЕРЖАНИЕ
A2: Таблица I.Б.7: Активы, обязательства и капитал предприятий
A3: реального сектора экономики
A4: (на конец года, млн.сомов)
B5: 2014 | C5: 2015 | D5: 2016 | E5: 2017 | F5: 2018 | G5: 2019 | H5: 2020 | I5: 2021 | J5: 2022 | K5: 2023 | L5: 2024 | M5: 2025
A7: Активы | B7: 619964 | C7: 741063.7 | D7: 806618.7 | E7: 866411.3 | F7: 918752 | G7: 1044352.6 | H7: 1187719.1 | I7: 1333305.9 | J7: 1620045.5 | K7: 2120522.1 | L7: 2665724.1 | M7: 4169566.2
A8: Оборотные активы | B8: 285911.6 | C8: 338566.1 | D8: 357308.3 | E8: 360002.3 | F8: 384461.5 | G8: 460909.2 | H8: 511808.6 | I8: 618044.9 | J8: 805642.6 | K8: 1175681.9 | L8: 1598023.8 | M8: 2789027.6
A9: Внеоборотные активы | B9: 334052.4 | C9: 402497.6 | D9: 449310.4 | E9: 506409 | F9: 534290.5 | G9: 583443.4 | H9: 675910.5 | I9: 715261 | J9: 814402.9 | K9: 944840.2 | L9: 1067700.3 | M9: 1380538.6
A11: Обязательства | B11: 414761.8 | C11: 527891 | D11: 565987.1 | E11: 593065.2 | F11: 636106.4 | G11: 703475.5 | H11: 781467.6 | I11: 908683.7 | J11: 1064510.4 | K11: 1421198.1 | L11: 1664685.4 | M11: 2752076.6
A12: Краткосрочные обязательства | B12: 208937.1 | C12: 237461.5 | D12: 257739.3 | E12: 273152.7 | F12: 302543.2 | G12: 332873.8 | H12: 363754.4 | I12: 433644 | J12: 560591.7 | K12: 864426.9 | L12: 1086849.4 | M12: 2088680.3
A13: Долгосрочные обязательства | B13: 205824.7 | C13: 290429.5 | D13: 308247.8 | E13: 319912.5 | F13: 333563.2 | G13: 370601.7 | H13: 417713.2 | I13: 475039.7 | J13: 503918.7 | K13: 556771.2 | L13: 577836 | M13: 663396.3
A15: Собственный капитал | B15: 205202.2 | C15: 213172.6 | D15: 240631.6 | E15: 273346.1 | F15: 282645.6 | G15: 340877.1 | H15: 406251.5 | I15: 424622.2 | J15: 555535.1 | K15: 699324 | L15: 1001038.7 | M15: 1417489.6
A16: Уставный капитал | B16: 53956.5 | C16: 71063.7 | D16: =16770.5+67459.6 -> 84230.1 | E16: =76422.1+16425.7 -> 92847.8 | F16: =78558.1+16027.3 -> 94585.4 | G16: 102069.3 | H16: 106331.3 | I16: 115783.2 | J16: 130733.2 | K16: =161208.6+28990.5 -> 190199.1 | L16: =33064.5+261676.4 -> 294740.9 | M16: 523528.4
A18: Итого обязательства и собственный капитал | B18: 619964 | C18: 741063.7 | D18: =D11+D15 -> 806618.7 | E18: 866411.3 | F18: 918752 | G18: 1044352.6 | H18: 1187719.1 | I18: 1333305.9 | J18: 1620045.5 | K18: 2120522.1 | L18: 2665724.1 | M18: 4169566.2
A21: Справочно:
A22: Количество предприятий | B22: 15222 | C22: 15925 | D22: =16422+9 -> 16431 | E22: =17180+8 -> 17188 | F22: =18735+8 -> 18743 | G22: 20880 | H22: 21708 | I22: 21689 | J22: 23748 | K22: 29096 | L22: =32771+8 -> 32779 | M22: =30133+8 -> 30141
A26: Таблица I.Б.8: Активы, обязательства и капитал предприятий
A27: финансового сектора экономики
A28: (на конец года, млн.сомов)
B29: 2014 | C29: 2015 | D29: 2016 | E29: 2017 | F29: 2018 | G29: 2019 | H29: 2020 | I29: 2021 | J29: 2022 | K29: 2023 | L29: 2024 | M29: 2025
A31: Активы | B31: 167517.1 | C31: 201143.1 | D31: 194522.1 | E31: 215796 | F31: 246095.6 | G31: 279982.3 | H31: 323863.6 | I31: 398530.4 | J31: 526776.2 | K31: 670557.4 | L31: 891494 | M31: 1299415.3
A32: Оборотные активы | B32: 151236.3 | C32: 181374.8 | D32: 174454.2 | E32: 192936.8 | F32: 219452.5 | G32: 250137.7 | H32: 290050.5 | I32: 358886.4 | J32: 482833 | K32: 607890.4 | L32: 808060.6 | M32: 1179940.3
A33: Внеоборотные активы | B33: 16280.8 | C33: 19768.3 | D33: 20067.9 | E33: 22859.1 | F33: 26643.1 | G33: 29844.6 | H33: 33813.1 | I33: 39644 | J33: 43943.2 | K33: 62667 | L33: 83433.4 | M33: 119475
A35: Обязательства | B35: 133284.4 | C35: 161037.7 | D35: 151951.9 | E35: 168069.3 | F35: 192333.1 | G35: 216798.3 | H35: 253110.5 | I35: 322173.6 | J35: 421259.5 | K35: 534331.2 | L35: 720121.9 | M35: 1024368.6
A36: Краткосрочные обязательства | B36: 73148.2 | C36: 93730.8 | D36: 99062.9 | E36: 114615 | F36: 127763.5 | G36: 144099.7 | H36: 172485.3 | I36: 229901.4 | J36: 322975 | K36: 402647.2 | L36: 549939 | M36: 811916.8
A37: Долгосрочные обязательства | B37: 60136.3 | C37: 67306.9 | D37: 52889 | E37: 53454.3 | F37: 64569.6 | G37: 72698.6 | H37: 80625.1 | I37: 92272.2 | J37: 98284.5 | K37: 131684 | L37: 170182.9 | M37: 212451.8
A39: Собственный капитал | B39: 34232.7 | C39: 40105.4 | D39: 42570.2 | E39: 47726.7 | F39: 53762.5 | G39: 63184 | H39: 70753.1 | I39: 76356.8 | J39: 105516.7 | K39: 136226.2 | L39: 171372.1 | M39: 275046.7
A40: Уставный капитал | B40: 18317.1 | C40: 22937 | D40: 25215.5 | E40: 28615.9 | F40: 30313.9 | G40: 36641.4 | H40: 39144.9 | I40: 45026.2 | J40: 52187.6 | K40: 71387.2 | L40: 91185.7 | M40: 183647.2
A42: Итого обязательства и собственный капитал | B42: =B35+B39 -> 167517.1 | C42: =C35+C39 -> 201143.1 | D42: 194522.1 | E42: 215796 | F42: 246095.6 | G42: 279982.3 | H42: 323863.6 | I42: 398530.4 | J42: 526776.2 | K42: 670557.4 | L42: 891494 | M42: 1299415.3
A45: Справочно:
A46: Количество предприятий | B46: 791 | C46: 713 | D46: 675 | E46: 667 | F46: 682 | G46: 661 | H46: 644 | I46: 622 | J46: 637 | K46: 665 | L46: 628 | M46: 578
A49: Таблица I.Б.9: Активы, обязательства и капитал Национального банка1
A50: (на конец года, млн.сомов)
B51: 2014 | C51: 2015 | D51: 2016 | E51: 2017 | F51: 2018 | G51: 2019 | H51: 2020 | I51: 2021 | J51: 2022 | K51: 2023 | L51: 2024 | M51: 2025
A53: Активы | B53: 122658 | C53: 145032.6 | D53: 147714.7 | E53: 161109.5 | F53: 164415.9 | G53: 190756.1 | H53: 274851 | I53: 314713.1 | J53: 396421.2 | K53: 446062.7 | L53: 550136.7 | M53: 890315.6
A54: Обязательства | B54: 97567.7 | C54: 107104.4 | D54: 123536.6 | E54: 135494.6 | F54: 141202.6 | G54: 161549.3 | H54: 203303.8 | I54: 251144.7 | J54: 339374 | K54: 373639.5 | L54: 425224.2 | M54: 593152.3
A55: Капитал и резервы | B55: 25090.3 | C55: 37928.1 | D55: 24178.1 | E55: 25614.9 | F55: 23213.3 | G55: 29206.8 | H55: 71547.2 | I55: 63568.3 | J55: 57047.2 | K55: 72423.2 | L55: 124912.5 | M55: 297163.3
A56: Уставный капитал | B56: 1000 | C56: 1000 | D56: 1000 | E56: 2000 | F56: 2000 | G56: 2000 | H56: 2000 | I56: 2000 | J56: 4000 | K56: 4000 | L56: 4000 | M56: 4000
A57: Итого обязательства и собственный капитал | B57: 122658 | C57: 145032.6 | D57: 147714.7 | E57: 161109.5 | F57: 164415.9 | G57: 190756.1 | H57: 274851 | I57: 314713.1 | J57: 396421.2 | K57: 446062.7 | L57: 550136.7 | M57: 890315.6
A60: 1Приведены данные бухгалтерского баланса на конец года, не содержащие изменений аудированной финансовой отчетности.

Sheet IБ10
A1: Вернуться в СОДЕРЖАНИЕ
A2: Таблица I.Б.10: Активы предприятий реального сектора экономики
A3: по видам деятельности
A4: (на конец года, млн.сомов)
B5: 2014 | C5: 2015 | D5: 2016 | E5: 2017 | F5: 2018 | G5: 2019 | H5: 2020 | I5: 2021 | J5: 2022 | K5: 2023 | L5: 2024 | M5: 2025
A7: Всего | B7: 619964 | C7: 741063.7 | D7: 806618.7 | E7: 866411.3 | F7: 918752 | G7: 1044352.6 | H7: 1187719.1 | I7: 1333305.9 | J7: 1620045.5 | K7: 2120522.1 | L7: 2665724.1 | M7: 4169566.2
A8: в том числе: | B8: =B9+B10+B11+B27+B31+B32+B33+B34+B35+B36+B37+B38+B39+B40+B41+B42+B43+B44+B45 -> 619963.9 | C8: =C9+C10+C11+C27+C31+C32+C33+C34+C35+C36+C37+C38+C39+C40+C41+C42+C43+C44+C45 -> 741063.8 | D8: =D9+D10+D11+D27+D31+D32+D33+D34+D35+D36+D37+D38+D39+D40+D41+D42+D43+D44+D45 -> 806618.8 | E8: =E9+E10+E11+E27+E31+E32+E33+E34+E35+E36+E37+E38+E39+E40+E41+E42+E43+E44+E45 -> 866411.3 | F8: =F9+F10+F11+F27+F31+F32+F33+F34+F35+F36+F37+F38+F39+F40+F41+F42+F43+F44+F45 -> 918752
A9: Сельское хозяйство, лесное хозяйство и рыболовство | B9: 5138.6 | C9: 6180.7 | D9: 6702.5 | E9: 8131.9 | F9: 8128.9 | G9: 8098.1 | H9: 8589.6 | I9: 12257.5 | J9: 13481.3 | K9: 15480.1 | L9: 21904.4 | M9: 26228.8
A10: Добыча полезных ископаемых | B10: 38622.2 | C10: 45357.2 | D10: 73060.8 | E10: 84262.8 | F10: 84901.3 | G10: 91120.3 | H10: 102144.7 | I10: 129831.3 | J10: 153064.3 | K10: 182644.6 | L10: 186723.5 | M10: 212543.3
A11: Обрабатывающие производства | B11: 188989.3 | C11: 226849.6 | D11: 230118.8 | E11: 233449.9 | F11: 237537.4 | G11: 296564.5 | H11: 366543.5 | I11: 386227.8 | J11: 457768.4 | K11: 511849 | L11: 605397.9 | M11: 740921.2
A12: Производство пищевых продуктов, включая напитки | B12: 26918 | C12: 26625.3 | D12: 29708.7 | E12: 34901.8 | F12: 36416.1 | G12: 38739.1 | H12: 42102.6 | I12: 46844.3 | J12: 58841.3 | K12: 65676.5 | L12: 81181.6 | M12: 84613.3
A13: Производство табачных изделий | B13: 1468.3 | C13: 1271.5 | D13: 981.1 | E13: 916.9 | F13: 916.8 | G13: 910.3 | H13: 1063.3 | I13: 1001 | J13: 1111.4 | K13: 1044.8 | L13: 971.1 | M13: 982.4
A14: Текстильное производство; производство одежды и обуви, кожи и прочих кожаных изделий | B14: 6217.8 | C14: 6138.3 | D14: 3522.1 | E14: 3744.4 | F14: 4366.2 | G14: 5476.9 | H14: 6318.8 | I14: 8317.4 | J14: 10860.8 | K14: 15130.7 | L14: 15006.7 | M14: 18683.8
A15: Производство деревянных и бумажных изделий; полиграфическая деятельность | B15: 2109.3 | C15: 2196.2 | D15: 2368.5 | E15: 2298.3 | F15: 2155.7 | G15: 2062.3 | H15: 2691.7 | I15: 2836.8 | J15: 3488 | K15: 5249.4 | L15: 6655.3 | M15: 10722.3
A16: Производство кокса и очищенных нефтепродуктов | B16: 21357.1 | C16: 24311.3 | D16: 23890.1 | E16: 26361.7 | F16: 23482.4 | G16: 21725.8 | H16: 22112.5 | I16: 21465.7 | J16: 20647.5 | K16: 20345.1 | L16: 27823.6 | M16: 31762.7
A17: Производство химической продукции | B17: 1820.2 | C17: 2021 | D17: 1498.5 | E17: 1803.8 | F17: 2279.5 | G17: 2383.6 | H17: 2749.2 | I17: 2583.3 | J17: 2618.9 | K17: 2382.5 | L17: 2616.5 | M17: 3107.6
A18: Производство фармацевтической продукции | B18: 532.3 | C18: 582.6 | D18: 656.5 | E18: 545.8 | F18: 528.1 | G18: 1474.4 | H18: 1710.7 | I18: 2076.7 | J18: 2267.5 | K18: 2453.7 | L18: 2012.2 | M18: 3224.1
A19: Производство резиновых и пластмассовых изделий | B19: 2745.8 | C19: 3319.2 | D19: 3465.7 | E19: 4135.6 | F19: 4578.5 | G19: 4607.7 | H19: 6281.5 | I19: 6895.9 | J19: 7583.8 | K19: 10425.1 | L19: 12413.1 | M19: 17025.9
A20: Производство неметаллических минеральных продуктов | B20: 19252 | C20: 22573.4 | D20: 26195 | E20: 27050 | F20: 31143.8 | G20: 32791 | H20: 32842.4 | I20: 36722.2 | J20: 38611 | K20: 43149 | L20: 48248.2 | M20: 76460.9
... A45: Прочая обслуживающая деятельность | B45: 1093.6 | C45: 330.2 | D45: 409.7 | E45: 475.1 | F45: 524.7 | G45: 511.2 | H45: 490.9 | I45: 586.1 | J45: 800.6 | K45: 645.1 | L45: 986.6 | M45: 1536.1

Sheet IБ11
A1: Вернуться в СОДЕРЖАНИЕ
A2: Таблица I.Б.11: Обязательства предприятий реального сектора экономики
A3: по видам деятельности
A4: (на конец года, млн.сомов)
B5: 2014 | C5: 2015 | D5: 2016 | E5: 2017 | F5: 2018 | G5: 2019 | H5: 2020 | I5: 2021 | J5: 2022 | K5: 2023 | L5: 2024 | M5: 2025
A7: Всего | B7: 414761.8 | C7: 527891.1 | D7: 565987.1 | E7: 593065.2 | F7: 636106.4 | G7: 703475.5 | H7: 781467.6 | I7: 908683.7 | J7: 1064510.4 | K7: 1421198.1 | L7: 1664685.4 | M7: 2752076.6
A8: в том числе: | B8: =B9+B10+B11+B27+B31+B32+B33+B34+B35+B36+B37+B38+B39+B40+B41+B42+B43+B44+B45 -> 414761.8 | C8: =C9+C10+C11+C27+C31+C32+C33+C34+C35+C36+C37+C38+C39+C40+C41+C42+C43+C44+C45 -> 527891.2 | D8: =D9+D10+D11+D27+D31+D32+D33+D34+D35+D36+D37+D38+D39+D40+D41+D42+D43+D44+D45 -> 565987.2 | E8: =E9+E10+E11+E27+E31+E32+E33+E34+E35+E36+E37+E38+E39+E40+E41+E42+E43+E44+E45 -> 593065.1 | F8: =F9+F10+F11+F27+F31+F32+F33+F34+F35+F36+F37+F38+F39+F40+F41+F42+F43+F44+F45 -> 636106.5
A9: Сельское хозяйство, лесное хозяйство и рыболовство | B9: 2333 | C9: 3066.1 | D9: 3020 | E9: 3019.7 | F9: 2761.9 | G9: 2711.7 | H9: 2787.4 | I9: 4411.9 | J9: 4734.8 | K9: 6305.7 | L9: 9063.9 | M9: 11556.8
A10: Добыча полезных ископаемых | B10: 41851.4 | C10: 43508.1 | D10: 69063.6 | E10: 70451.2 | F10: 69001.5 | G10: 69463.8 | H10: 80371.5 | I10: 103067.8 | J10: 115733.1 | K10: 125516 | L10: 128274.8 | M10: 129653.2
A11: Обрабатывающие производства | B11: 76807.3 | C11: 98116.5 | D11: 98483.5 | E11: 109149 | F11: 110328.1 | G11: 137259.4 | H11: 151473.7 | I11: 188570.8 | J11: 192698.4 | K11: 211817.5 | L11: 256328.5 | M11: 311203.4
A12: Производство пищевых продуктов, включая напитки | B12: 16926.3 | C12: 18072.4 | D12: 18113.4 | E12: 21314 | F12: 21393.5 | G12: 22871.5 | H12: 24553.5 | I12: 23840.9 | J12: 26498.8 | K12: 29545.4 | L12: 35573.6 | M12: 35139.4
A13: Производство табачных изделий | B13: 508.8 | C13: 46.4 | D13: 30.9 | E13: 32.9 | F13: 59.9 | G13: 79.7 | H13: 117.9 | I13: 107.3 | J13: 109.5 | K13: 195.6 | L13: 277.2 | M13: 276.9
A14: Текстильное производство; производство одежды и обуви, кожи и прочих кожаных изделий | B14: 5029.1 | C14: 5488 | D14: 3402.9 | E14: 3763.7 | F14: 3230 | G14: 3998.2 | H14: 5144.9 | I14: 6509.9 | J14: 8335.3 | K14: 8771.3 | L14: 9533.6 | M14: 10697
A15: Производство деревянных и бумажных изделий; полиграфическая деятельность | B15: 1379 | C15: 1541.1 | D15: 1806.6 | E15: 1905.7 | F15: 1957.8 | G15: 1803.5 | H15: 2052 | I15: 2255.8 | J15: 2420.7 | K15: 3376.1 | L15: 3386.3 | M15: 3357
A16: Производство кокса и очищенных нефтепродуктов | B16: 24935.5 | C16: 34773.2 | D16: 35051.9 | E16: 39265.1 | F16: 39514.3 | G16: 42255.2 | H16: 53732.4 | I16: 56705.4 | J16: 59506.9 | K16: 64820.9 | L16: 72758.6 | M16: 79855.6
A17: Производство химической продукции | B17: 854.5 | C17: 1204.6 | D17: 1010.9 | E17: 1225 | F17: 1215 | G17: 1827.4 | H17: 2429.4 | I17: 2951.6 | J17: 3069.7 | K17: 1764.9 | L17: 1556.9 | M17: 1837.6
A18: Производство фармацевтической продукции | B18: 179 | C18: 222.3 | D18: 280.8 | E18: 315.7 | F18: 263.2 | G18: 691.5 | H18: 878 | I18: 1317.7 | J18: 1326.6 | K18: 1422.1 | L18: 1266.5 | M18: 2780.9
A19: Производство резиновых и пластмассовых изделий | B19: 1486.2 | C19: 1958.3 | D19: 1812.7 | E19: 2123 | F19: 2358.7 | G19: 2349.8 | H19: 2934.3 | I19: 3238.8 | J19: 3507.3 | K19: 5620.5 | L19: 6365.1 | M19: 10293
A20: Производство неметаллических минеральных продуктов | B20: 9527.2 | C20: 13482.7 | D20: 16171.3 | E20: 17012.9 | F20: 19455 | G20: 20752.7 | H20: 20996.6 | I20: 22525 | J20: 21971.4 | K20: 23223.8 | L20: 23514.9 | M20: 35420.9
... A45: Прочая обслуживающая деятельность | B45: 243.9 | C45: 240.3 | D45: 262.8 | E45: 262.3 | F45: 232.9 | G45: 228.9 | H45: 236.9 | I45: 243.1 | J45: 1071.1 | K45: 296.6 | L45: 423.1 | M45: 673.6

Sheet IБ12
A1: Вернуться в СОДЕРЖАНИЕ
A2: Таблица I.Б.12: Капитал предприятий реального сектора экономики
A3: по видам деятельности
A4: (на конец года, млн.сомов)
B5: 2014 | C5: 2015 | D5: 2016 | E5: 2017 | F5: 2018 | G5: 2019 | H5: 2020 | I5: 2021 | J5: 2022 | K5: 2023 | L5: 2024 | M5: 2025
A7: Всего | B7: 205202.2 | C7: 213172.6 | D7: 240631.6 | E7: 273346.1 | F7: 282645.6 | G7: 340877.1 | H7: 406251.5 | I7: 424622.2 | J7: 555535.1 | K7: 699324 | L7: 1001038.7 | M7: 1417489.6
A8: в том числе: | B8: =B9+B10+B11+B27+B31+B32+B33+B34+B35+B36+B37+B38+B39+B40+B41+B42+B43+B44+B45 -> 205202.1 | C8: =C9+C10+C11+C27+C31+C32+C33+C34+C35+C36+C37+C38+C39+C40+C41+C42+C43+C44+C45 -> 213172.7 | D8: =D9+D10+D11+D27+D31+D32+D33+D34+D35+D36+D37+D38+D39+D40+D41+D42+D43+D44+D45 -> 240631.6
A9: Сельское хозяйство, лесное хозяйство и рыболовство | B9: 2805.5 | C9: 3114.6 | D9: 3682.5 | E9: 5112.2 | F9: 5367 | G9: 5386.4 | H9: 5802.1 | I9: 7845.6 | J9: 8746.6 | K9: 9174.5 | L9: 12840.5 | M9: 14672
A10: Добыча полезных ископаемых | B10: -3229.2 | C10: 1849.1 | D10: 3997.2 | E10: 13811.6 | F10: 15899.8 | G10: 21656.5 | H10: 21773.2 | I10: 26763.5 | J10: 37331.2 | K10: 57128.6 | L10: 58448.7 | M10: 82890
A11: Обрабатывающие производства | B11: 112182 | C11: 128733.1 | D11: 131635.2 | E11: 124300.9 | F11: 127209.3 | G11: 159305 | H11: 215069.8 | I11: 197657 | J11: 265070 | K11: 300031.5 | L11: 349069.4 | M11: 429717.8
A12: Производство пищевых продуктов, включая напитки | B12: 9991.7 | C12: 8553 | D12: 11595.3 | E12: 13587.8 | F12: 15022.6 | G12: 15867.7 | H12: 17549.1 | I12: 23003.4 | J12: 32342.5 | K12: 36131.1 | L12: 45608 | M12: 49473.9
A13: Производство табачных изделий | B13: 959.5 | C13: 1225.1 | D13: 950.1 | E13: 884 | F13: 856.8 | G13: 830.7 | H13: 945.4 | I13: 893.7 | J13: 1001.9 | K13: 849.3 | L13: 693.9 | M13: 705.5
A14: Текстильное производство; производство одежды и обуви, кожи и прочих кожаных изделий | B14: 1188.7 | C14: 650.3 | D14: 119.2 | E14: -19.3 | F14: 1136.2 | G14: 1478.7 | H14: 1173.9 | I14: 1807.5 | J14: 2525.5 | K14: 6359.4 | L14: 5473.1 | M14: 7986.7
A15: Производство деревянных и бумажных изделий; полиграфическая деятельность | B15: 730.4 | C15: 655.1 | D15: 561.9 | E15: 392.6 | F15: 197.8 | G15: 258.7 | H15: 639.7 | I15: 581.1 | J15: 1067.3 | K15: 1873.3 | L15: 3269 | M15: 7365.2
A16: Производство кокса и очищенных нефтепродуктов | B16: -3578.3 | C16: -10461.8 | D16: -11161.8 | E16: -12903.4 | F16: -16032 | G16: -20529.4 | H16: -31619.9 | I16: -35239.7 | J16: -38859.4 | K16: -44475.8 | L16: -44935 | M16: -48092.9
A17: Производство химической продукции | B17: 965.6 | C17: 816.4 | D17: 487.7 | E17: 578.7 | F17: 1064.4 | G17: 556.2 | H17: 319.8 | I17: -368.4 | J17: -450.8 | K17: 617.6 | L17: 1059.6 | M17: 1270
A18: Производство фармацевтической продукции | B18: 353.3 | C18: 360.3 | D18: 375.7 | E18: 230.1 | F18: 264.8 | G18: 782.9 | H18: 832.8 | I18: 759 | J18: 940.9 | K18: 1031.6 | L18: 745.7 | M18: 443.2
A19: Производство резиновых и пластмассовых изделий | B19: 1259.5 | C19: 1360.8 | D19: 1653.1 | E19: 2012.5 | F19: 2219.8 | G19: 2257.9 | H19: 3347.2 | I19: 3657.1 | J19: 4076.5 | K19: 4804.6 | L19: 6048 | M19: 6732.9
A20: Производство неметаллических минеральных продуктов | B20: 9724.9 | C20: 9090.7 | D20: 10023.8 | E20: 10037.1 | F20: 11688.8 | G20: 12038.3 | H20: 11845.8 | I20: 14197.2 | J20: 16639.5 | K20: 19925.2 | L20: 24733.2 | M20: 41040
... A45: Прочая обслуживающая деятельность | B45: 849.7 | C45: 89.9 | D45: 146.9 | E45: 212.8 | F45: 291.9 | G45: 282.2625 | H45: 254 | I45: 342.9 | J45: -270.5 | K45: 348.5 | L45: 563.4 | M45: 862.5

Sheet IВ1
A1: Вернуться в СОДЕРЖАНИЕ
A2: Таблица I.В.1: Сальдированный финансовый результат предприятий экономики
A3: (млн. сомов)
B4: 2014 | C4: 2015 | D4: 2016 | E4: 2017 | F4: 2018 | G4: 2019 | H4: 2020 | I4: 2021 | J4: 2022 | K4: 2023 | L4: 2024 | M4: 2025
A6: Всего | B6: 15329.8 | C6: -15840.3 | D6: 53228.6 | E6: 33616.6 | F6: 34665.8 | G6: 56461.9 | H6: 24752.5 | I6: 114505.3 | J6: 193190.6 | K6: 182703 | L6: 301542.9 | M6: 430541.4
A7: в том числе:
A8: Сельское хозяйство, лесное хозяйство и рыболовство | B8: 191.7 | C8: -195.2 | D8: 359.3 | E8: 526.8 | F8: 211.6 | G8: 253.5 | H8: 408.9 | I8: 806.8 | J8: 1017.2 | K8: 1300.5 | L8: 650.6 | M8: 714
A9: Добыча полезных ископаемых | B9: -1864.1 | C9: -8200.3 | D9: 2462.9 | E9: 2728.4 | F9: 3027.1 | G9: 3902.1 | H9: -5815.8 | I9: 5958.2 | J9: 2975.6 | K9: 3789.4 | L9: 8432.5 | M9: 21843
A10: Обрабатывающие производства | B10: 6905.1 | C10: 572.9 | D10: 19660.1 | E10: 17694.9 | F10: 14983.8 | G10: 20607.1 | H10: 28456.3 | I10: 46125.2 | J10: 104117 | K10: 68272 | L10: 95369.8 | M10: 147935.9
A11: Производство пищевых продуктов, включая напитки | B11: 1327.7 | C11: -330.3 | D11: 1612.5 | E11: 1635.9 | F11: 2477.5 | G11: 1962.7 | H11: 2159.1 | I11: 5475.7 | J11: 6857.9 | K11: 10160.3 | L11: 12111.8 | M11: 11571.5
A12: Производство табачных изделий | B12: -100.3 | C12: 260.2 | D12: -126.8 | E12: -47.5 | F12: -18.1 | G12: -29.7 | H12: 132.1 | I12: -9.4 | J12: 105.6 | K12: 29.2 | L12: -27.5 | M12: 0.7
A13: Текстильное производство; производство одежды и обуви, кожи и прочих кожаных изделий | B13: -64.4 | C13: -110.6 | D13: 117.7 | E13: 215.6 | F13: 68.9 | G13: 109.3 | H13: -84.4 | I13: -66.8 | J13: 237.4 | K13: 848.3 | L13: 562.8 | M13: 1846.8
A14: Производство деревянных и бумажных изделий; полиграфическая деятельность | B14: 102.7 | C14: -26.8 | D14: 27.5 | E14: -50.7 | F14: -13 | G14: 60.2 | H14: 12.2 | I14: 165.8 | J14: 333.5 | K14: 564.9 | L14: 1435.6 | M14: 1248.9
A15: Производство кокса и очищенных нефтепродуктов | B15: -4149.2 | C15: -7322 | D15: 934.8 | E15: -2031.9 | F15: -3300.1 | G15: -5007.1 | H15: -11920.6 | I15: -4754 | J15: -3886.3 | K15: -5372.8 | L15: -1014.9 | M15: -2512.9
A16: Производство химической продукции | B16: 75.4 | C16: -324.5 | D16: -146 | E16: 174.6 | F16: -144.3 | G16: -230.2 | H16: -257.1 | I16: -236 | J16: -104.8 | K16: 143.3 | L16: 274.4 | M16: 365.5
A17: Производство фармацевтической продукции | B17: 1.4 | C17: 17 | D17: 17.3 | E17: 20.7 | F17: 20 | G17: 11.7 | H17: 191.4 | I17: 110.7 | J17: 135 | K17: 92.8 | L17: 183.7 | M17: 149
A18: Производство резиновых и пластмассовых изделий | B18: 262.2 | C18: 78.9 | D18: 200.8 | E18: 445.9 | F18: 339.9 | G18: 140 | H18: 190.8 | I18: 418.8 | J18: 455.1 | K18: 619.9 | L18: 604.7 | M18: 1452.8
A19: Производство неметаллических минеральных продуктов | B19: 1475 | C19: 440.4 | D19: 752.3 | E19: 1274.8 | F19: 2190.6 | G19: 1957.9 | H19: 1209.4 | I19: 6296.7 | J19: 7160.1 | K19: 7483 | L19: 9758.6 | M19: 12755.7
... A36: Cвязь | B36: 7401.1 | C36: 7560 | D36: 5188.7 | E36: 4966 | F36: 4183.1 | G36: 4072.6 | H36: 2222.4 | I36: 6558.4 | J36: 7752 | K36: 10036.8 | L36: 10963.3 | M36: 11597
A37: Финансовое посредничество и страхование | B37: =B38+B39+B40+B41+B42 -> 9918.6 | C37: =C38+C39+C40+C41+C42 -> 10304.2 | D37: =D38+D39+D40+D41+D42 -> 6378.9 | E37: =E38+E39+E40+E41+E42 -> 6479.9 | F37: =F38+F39+F40+F41+F42 -> 7837.6 | G37: 8889.2 | H37: 14398.6 | I37: 21120.2 | J37: 40129.8 | K37: 45937.6 | L37: 90487.4 | M37: 111059.8
A38: Банки | B38: 8882.7 | C38: 9119 | D38: 4935.7 | E38: 4679.5 | F38: 5389.9 | G38: 5794.7 | H38: 11057.5 | I38: 16995.9 | J38: 34715.2 | K38: 38741.5 | L38: 79196.3 | M38: 96344.6
A39: Страховые компании | B39: 192.5 | C39: 351.1 | D39: 66.2 | E39: 131.7 | F39: 177.6 | G39: 195.4 | H39: 274.8 | I39: 256.6 | J39: 378.3 | K39: 418.8 | L39: 1253.4 | M39: 2090.9
A40: Инвестиционные фонды | B40: 3.2 | C40: 4.3 | D40: 5.3 | E40: 4.3 | F40: 5.5 | G40: 5.9 | H40: 6.9 | I40: 4.1 | J40: 4.1 | K40: 5.6 | L40: 6 | M40: 5.4
A41: Небанковские финансово-кредитные учреждения | B41: 870.9 | C41: 828.5 | D41: 1308.9 | E41: 1558.5 | F41: 2065.8 | G41: 2749.6 | H41: 2796.6 | I41: 3246.6 | J41: 3749 | K41: 4561.7 | L41: 5001.5 | M41: 6714.5
A42: Прочие виды финансовой деятельности | B42: -30.7 | C42: 1.3 | D42: 62.8 | E42: 105.9 | F42: 198.8 | G42: 143.6 | H42: 262.8 | I42: 617 | J42: 1283.2 | K42: 2210 | L42: 5030.2 | M42: 5904.4
A43: Операции с недвижимым имуществом | B43: 839 | C43: -725.4 | D43: 1342.6 | E43: 1658.7 | F43: 1410.2 | G43: 2335.3 | H43: -793.9 | I43: 2869.3 | J43: 3619.4 | K43: 6173.7 | L43: 6472.6 | M43: 9273
A44: Профессиональная, научная и техническая деятельность | B44: -7207.1 | C44: -9656.9 | D44: 1230.2 | E44: -4990.8 | F44: -5185.2 | G44: -331.2 | H44: -7547.6 | I44: 2905.5 | J44: 2545.5 | K44: 1899 | L44: 9553.5 | M44: 7444.1
A45: Административная и вспомогательная деятельность | B45: 247.1 | C45: 152.7 | D45: 412.3 | E45: 530.5 | F45: 539.2 | G45: 655.3 | H45: 215.6 | I45: 1014.1 | J45: 1568.7 | K45: 1839.5 | L45: 3004.7 | M45: 3012.6
A46: Образование | B46: 0.2 | C46: 18.9 | D46: 22.4 | E46: 17.3 | F46: 23.6 | G46: 41.8 | H46: 29.8 | I46: 180.3 | J46: 294 | K46: 285.7 | L46: 864.4 | M46: 1633.6
A47: Здравоохранение и социальное обслуживание населения | B47: 17.5 | C47: -14 | D47: 96.8 | E47: 74.8 | F47: 143.2 | G47: 252.2 | H47: -26.6 | I47: 815.9 | J47: 626.5 | K47: 1444 | L47: 2495.6 | M47: 3658
A48: Искусство, развлечения и отдых | B48: 102.6 | C48: -25.5 | D48: 44.8 | E48: -23.3 | F48: 32.9 | G48: -29.7 | H48: -219.6 | I48: -23.2 | J48: 38.5 | K48: 585.6 | L48: 493 | M48: 917.5
A49: Прочая обслуживающая деятельность | B49: 36.5 | C49: 16.2 | D49: 61.9 | E49: 92.1 | F49: 76.1 | G49: 38.7 | H49: 22.3 | I49: 80 | J49: 109.6 | K49: 303.2 | L49: 658.2 | M49: 1337.4

Sheet IВ2
A1: Вернуться в СОДЕРЖАНИЕ
A2: Таблица I.В.2: Прибыль рентабельных предприятий экономики
A3: (млн. сомов)
B4: 2014 | C4: 2015 | D4: 2016 | E4: 2017 | F4: 2018 | G4: 2019 | H4: 2020 | I4: 2021 | J4: 2022 | K4: 2023 | L4: 2024 | M4: 2025
A6: Всего | B6: 50663 | C6: 51672.7 | D6: 67425.8 | E6: 65877.3 | F6: 61542.5 | G6: 77971.6 | H6: 97287.9 | I6: 145982.4 | J6: 234314.6 | K6: 255904.2 | L6: 362870.2 | M6: 519089.1
A7: в том числе:
A8: Сельское хозяйство, лесное хозяйство и рыболовство | B8: 430.9 | C8: 290.6 | D8: 502 | E8: 708.8 | F8: 422.3 | G8: 406.2 | H8: 599.4 | I8: 1021.3 | J8: 1184.8 | K8: 1634.6 | L8: 1394 | M8: 1476.6
A9: Добыча полезных ископаемых | B9: 860.3 | C9: 750.2 | D9: 4358 | E9: 4319.1 | F9: 4551.5 | G9: 5162.8 | H9: 5232.8 | I9: 10328 | J9: 7226.3 | K9: 10369.7 | L9: 11598.4 | M9: 26021
A10: Обрабатывающие производства | B10: 13601.9 | C10: 14339.8 | D10: 21545.4 | E10: 21476.9 | F10: 20228.9 | G10: 27794.1 | H10: 44360.7 | I10: 53371 | J10: 110082.4 | K10: 76021.9 | L10: 99985.6 | M10: 158132.1
A11: Производство пищевых продуктов, включая напитки | B11: 2115.5 | C11: 1469.2 | D11: 1991 | E11: 2165.8 | F11: 3087.8 | G11: 2646.4 | H11: 3160.7 | I11: 5960.4 | J11: 7271 | K11: 10572.6 | L11: 13124.2 | M11: 14818.4
A12: Производство табачных изделий | B12: 22.4 | C12: 260.2 | D12: 0.1 | E12: 1.6 | F12: 0.3 | G12: 1.8 | H12: 133.4 | I12: 1.8 | J12: 110.2 | K12: 31.7 | L12: 0.1 | M12: 2.7
A13: Текстильное производство; производство одежды и обуви, кожи и прочих кожаных изделий | B13: 180.7 | C13: 100.1 | D13: 228.3 | E13: 248.8 | F13: 110.7 | G13: 213.6 | H13: 176.8 | I13: 309.4 | J13: 452.1 | K13: 1060.5 | L13: 1053.7 | M13: 2244.3
A14: Производство деревянных и бумажных изделий; полиграфическая деятельность | B14: 161.6 | C14: 104.5 | D14: 127.6 | E14: 101.8 | F14: 106.1 | G14: 157.3 | H14: 192.9 | I14: 291.9 | J14: 385.8 | K14: 634.6 | L14: 1513.9 | M14: 1574.6
A15: Производство кокса и очищенных нефтепродуктов | B15: 156 | C15: 96.1 | D15: 990.1 | E15: - | F15: 55.7 | G15: 42.4 | H15: 0.1 | I15: 207.4 | J15: 376.2 | K15: 715.8 | L15: 838.6 | M15: 1361.2
A16: Производство химической продукции | B16: 198.7 | C16: 132.2 | D16: 93.5 | E16: 267.8 | F16: 42.1 | G16: 28.6 | H16: 76.5 | I16: 65.4 | J16: 73.8 | K16: 261.7 | L16: 313.7 | M16: 562.7
A17: Производство фармацевтической продукции | B17: 24.8 | C17: 31.7 | D17: 27 | E17: 33.6 | F17: 31.6 | G17: 72.9 | H17: 230.1 | I17: 116.6 | J17: 153.2 | K17: 131.9 | L17: 220.1 | M17: 163.8
A18: Производство резиновых и пластмассовых изделий | B18: 321.1 | C18: 300.5 | D18: 270.3 | E18: 558.5 | F18: 382.7 | G18: 193.9 | H18: 265 | I18: 491.4 | J18: 505.6 | K18: 663.8 | L18: 708.1 | M18: 1546.8
A19: Производство неметаллических минеральных продуктов | B19: 2119.7 | C19: 1729.6 | D19: 1244.5 | E19: 1500.8 | F19: 2588.9 | G19: 2322.8 | H19: 2539.2 | I19: 6770.9 | J19: 7241.5 | K19: 7736.5 | L19: 10110.1 | M19: 13552
A20: Производство основных металлов и готовых металлических изделий, кроме машин и оборудования | B20: 7770.5 | C20: 9753.9 | D20: 16187.1 | E20: 15913.2 | F20: 13371 | G20: 21620.5 | H20: 37006.4 | I20: 38286.2 | J20: 92096.6 | K20: 52739 | L20: 69991.6 | M20: 119632.9
A21: Производство компьютеров, электронного и оптического оборудования | B21: 31.1 | C21: 20.4 | D21: 18.1 | E21: 19.7 | F21: 2 | G21: 7.1 | H21: 25.2 | I21: 13.9 | J21: 31.6 | K21: 74.7 | L21: 67.8 | M21: 42.1
A22: Производство электрического оборудования | B22: 231.9 | C22: 200.7 | D22: 149 | E22: 150.1 | F22: 141.4 | G22: 105.4 | H22: 252.4 | I22: 164.4 | J22: 346.3 | K22: 490.3 | L22: 723 | M22: 616.8
A23: Производство машин и оборудования | B23: 34.4 | C23: 40.1 | D23: 46.3 | E23: 63 | F23: 31.1 | G23: 19.2 | H23: 34.5 | I23: 69.5 | J23: 80.7 | K23: 96.7 | L23: 131.7 | M23: 133.3
A24: Производство транспортных средств | B24: 135.1 | C24: 22.2 | D24: 48.4 | E24: 201.7 | F24: 85.9 | G24: 204.2 | H24: 31.5 | I24: 350.9 | J24: 676.9 | K24: 412.6 | L24: 562.3 | M24: 1253.3
A25: Прочие производства, ремонт и установка машин и оборудования | B25: 98.4 | C25: 78.4 | D25: 124.2 | E25: 250.5 | F25: 191.6 | G25: 157.9 | H25: 235.9 | I25: 270.9 | J25: 281.1 | K25: 399.6 | L25: 626.8 | M25: 627.2
A26: Обеспечение (снабжение) электроэнергией, газом, паром и кондиционированным воздухом | B26: 358.9 | C26: 86.9 | D26: 4898.9 | E26: 4683.9 | F26: 374.7 | G26: 286.9 | H26: 193.4 | I26: 726.8 | J26: 1976.4 | K26: 892.9 | L26: 4696.7 | M26: 1927.5
A27: Производство (выработка) электроэнергии, ее передача и распределение | B27: 216.8 | C27: 20.3 | D27: 4756.5 | E27: 4434.7 | F27: 316.1 | G27: 217.6 | H27: 144.9 | I27: 393.2 | J27: 1733.5 | K27: 396.3 | L27: 3448.6 | M27: 1187.7
A28: Производство газа; распределение газообразного топлива через системы газоснабжения | B28: - | C28: - | D28: - | E28: - | F28: - | G28: - | H28: - | I28: 311.2 | J28: 130 | K28: 233.2 | L28: 1137.4 | M28: 494.5
A29: Обеспечение (снабжение) паром и кондиционированным воздухом | B29: 142.1 | C29: 66.6 | D29: 142.5 | E29: 249.2 | F29: 58.6 | G29: 69.3 | H29: 48.6 | I29: 22.4 | J29: 112.8 | K29: 263.4 | L29: 110.7 | M29: 245.3
A30: Водоснабжение, очистка, обработка отходов и получение вторичного сырья | B30: 39.8 | C30: 13.4 | D30: 120.6 | E30: 23.8 | F30: 45.7 | G30: 139.5 | H30: 38.4 | I30: 214.5 | J30: 133.3 | K30: 200.3 | L30: 871.7 | M30: 1202.1
A31: Строительство | B31: 1899.4 | C31: 2033.6 | D31: 4943.9 | E31: 3207.4 | F31: 3400.1 | G31: 3182 | H31: 3343.7 | I31: 5353.8 | J31: 4845.2 | K31: 8527.8 | L31: 12364.8 | M31: 23040.8
A32: Оптовая и розничная торговля; ремонт автомобилей и мотоциклов | B32: 5879.4 | C32: 5707.5 | D32: 7376.6 | E32: 8810.1 | F32: 9398.2 | G32: 12297.6 | H32: 12763.9 | I32: 25017.3 | J32: 34473.5 | K32: 62775.6 | L32: 80307.7 | M32: 111924.9
A33: Транспортная деятельность и хранение грузов | B33: 2831.7 | C33: 2992 | D33: 3787.8 | E33: 4418 | F33: 3740.1 | G33: 6496.1 | H33: 2945 | I33: 8170.1 | J33: 10251.2 | K33: 12528.8 | L33: 10710.7 | M33: 16563
A34: Деятельность гостиниц и ресторанов | B34: 180.2 | C34: 239.9 | D34: 229.4 | E34: 264.8 | F34: 238.7 | G34: 179.6 | H34: 67.7 | I34: 406.9 | J34: 913.1 | K34: 2415.5 | L34: 4074.7 | M34: 5670.4
A35: Информация | B35: 352 | C35: 414.6 | D35: 473.7 | E35: 605.8 | F35: 696.2 | G35: 852 | H35: 868.7 | I35: 1688.3 | J35: 2077.6 | K35: 4159.1 | L35: 5717 | M35: 8299.6
A36: Cвязь | B36: 8609.6 | C36: 10113.8 | D36: 5472.7 | E36: 5403.9 | F36: 4821.3 | G36: 4868.7 | H36: 5042.7 | I36: 7122.9 | J36: 8203.6 | K36: 10632 | L36: 11136.7 | M36: 12045.8
A37: Финансовое посредничество и страхование | B37: =B38+B39+B40+B41+B42 -> 10319.2 | C37: =C38+C39+C40+C41+C42 -> 10793.6 | D37: =D38+D39+D40+D41+D42 -> 7351.2 | E37: =E38+E39+E40+E41+E42 -> 7270.9 | F37: =F38+F39+F40+F41+F42 -> 8510.8 | G37: 10068.4 | H37: 16237.6 | I37: 21453.6 | J37: =J38+J39+J40+J41+J42 -> 40552.5 | K37: 46732.2 | L37: 91805.3 | M37: 114986
A38: Банки | B38: 8926.4 | C38: 9342.2 | D38: 5654.7 | E38: 5322.3 | F38: 5919 | G38: 6714.3 | H38: 12609.1 | I38: 17065 | J38: 34826.4 | K38: 38764.1 | L38: 79196.3 | M38: 96719.6
A39: Страховые компании | B39: 222.9 | C39: 375.2 | D39: 132.5 | E39: 151.7 | F39: 205.9 | G39: 219.7 | H39: 284.8 | I39: 257 | J39: 380.6 | K39: 424.4 | L39: 1257.4 | M39: 2103.1
A40: Инвестиционные фонды | B40: 3.2 | C40: 4.3 | D40: 5.4 | E40: 4.3 | F40: 5.5 | G40: 5.9 | H40: 6.9 | I40: 4.1 | J40: 4.1 | K40: 5.6 | L40: 6.1 | M40: 6.1
A41: Небанковские финансово-кредитные учреждения | B41: 1127.3 | C41: 977.2 | D41: 1426.3 | E41: 1624.5 | F41: 2124.4 | G41: 2841.7 | H41: 2948.7 | I41: 3416.8 | J41: 3813.8 | K41: 4836.1 | L41: 5475.2 | M41: 7294
A42: Прочие виды финансовой деятельности | B42: 39.4 | C42: 94.7 | D42: 132.3 | E42: 168.1 | F42: 256 | G42: 286.8 | H42: 388.1 | I42: 710.7 | J42: 1527.6 | K42: 2702 | L42: 5870.3 | M42: 8863.2
A43: Операции с недвижимым имуществом | B43: 1806.8 | C43: 2038.9 | D43: 2669.2 | E43: 2358.5 | F43: 2548.3 | G43: 2807.9 | H43: 2429.1 | I43: 3856.9 | J43: 4666.4 | K43: 7358.7 | L43: 8507.3 | M43: 11094.4
A44: Профессиональная, научная и техническая деятельность | B44: 2655.5 | C44: 1097.5 | D44: 2836.2 | E44: 1351.8 | F44: 1392.1 | G44: 2090.1 | H44: 2229 | I44: 4593 | J44: 4301.4 | K44: 5882.8 | L44: 10724.3 | M44: 13350.1
A45: Административная и вспомогательная деятельность | B45: 457.3 | C45: 463.4 | D45: 485.4 | E45: 616.9 | F45: 644.4 | G45: 748.4 | H45: 467.8 | I45: 1137.6 | J45: 1782.7 | K45: 2381.9 | L45: 3715 | M45: 4502.3
A46: Образование | B46: 33.6 | C46: 38.5 | D46: 39 | E46: 39.4 | F46: 48.7 | G46: 70.2 | H46: 51.7 | I46: 207.8 | J46: 338 | K46: 500.2 | L46: 960.9 | M46: 1757.7
A47: Здравоохранение и социальное обслуживание населения | B47: 92.8 | C47: 92.9 | D47: 161.9 | E47: 166.3 | F47: 280.5 | G47: 385.2 | H47: 334.7 | I47: 1121.5 | J47: 1027.5 | K47: 1787 | L47: 2738.1 | M47: 4190.2
A48: Искусство, развлечения и отдых | B48: 211.8 | C48: 116.6 | D48: 102.6 | E48: 51.5 | F48: 113.5 | G48: 77.5 | H48: 31.8 | I48: 97.8 | J48: 138.4 | K48: 781.9 | L48: 864.2 | M48: 1512.6
A49: Прочая обслуживающая деятельность | B49: 41.8 | C49: 48.9 | D49: 71.2 | E49: 99.5 | F49: 86.5 | G49: 58.4 | H49: 49.8 | I49: 93.3 | J49: 140.2 | K49: 321.2 | L49: 697.2 | M49: 1392

Sheet IВ3
A1: Вернуться в СОДЕРЖАНИЕ
A2: Таблица I.В.3: Убытки нерентабельных предприятий экономики
A3: (млн. сомов)
B4: 2014 | C4: 2015 | D4: 2016 | E4: 2017 | F4: 2018 | G4: 2019 | H4: 2020 | I4: 2021 | J4: 2022 | K4: 2023 | L4: 2024 | M4: 2025
A6: Всего | B6: 35333.1 | C6: 67513 | D6: 14197.2 | E6: 32260.7 | F6: 26876.7 | G6: 21509.7 | H6: 72535.4 | I6: 31477.1 | J6: 41124 | K6: 73201.2 | L6: 61327.2 | M6: 88547.8
A7: в том числе:
A8: Сельское хозяйство, лесное хозяйство и рыболовство | B8: 239.2 | C8: 485.8 | D8: 142.6 | E8: 182 | F8: 210.7 | G8: 152.7 | H8: 190.5 | I8: 214.5 | J8: 167.6 | K8: 334.1 | L8: 743.4 | M8: 762.6
A9: Добыча полезных ископаемых | B9: 2724.4 | C9: 8950.5 | D9: 1895.1 | E9: 1590.7 | F9: 1524.4 | G9: 1260.6 | H9: 11048.5 | I9: 4369.7 | J9: 4250.7 | K9: 6580.3 | L9: 3165.9 | M9: 4178.1
A10: Обрабатывающие производства | B10: 6696.8 | C10: 13766.9 | D10: 1885.3 | E10: 3782 | F10: 5245.1 | G10: 7187 | H10: 15904.4 | I10: 7245.8 | J10: 5965.5 | K10: 7750 | L10: 4615.8 | M10: 10196.2
A11: Производство пищевых продуктов, включая напитки | B11: 787.7 | C11: 1799.5 | D11: 378.4 | E11: 529.9 | F11: 610.3 | G11: 683.7 | H11: 1001.7 | I11: 484.7 | J11: 413.1 | K11: 412.4 | L11: 1012.4 | M11: 3246.9
A12: Производство табачных изделий | B12: 122.7 | C12: - | D12: 126.9 | E12: 49.1 | F12: 18.4 | G12: 31.43 | H12: 1.4 | I12: 11.2 | J12: 4.6 | K12: 2.4 | L12: 27.6 | M12: 2
A13: Текстильное производство; производство одежды и обуви, кожи и прочих кожаных изделий | B13: 245.2 | C13: 210.7 | D13: 110.6 | E13: 33.2 | F13: 41.8 | G13: 104.2 | H13: 261.1 | I13: 376.1 | J13: 214.6 | K13: 212.2 | L13: 490.9 | M13: 397.5
A14: Производство деревянных и бумажных изделий; полиграфическая деятельность | B14: 58.9 | C14: 131.3 | D14: 100.1 | E14: 152.5 | F14: 119.1 | G14: 97.1 | H14: 180.8 | I14: 126.1 | J14: 52.3 | K14: 69.7 | L14: 78.3 | M14: 325.7
A15: Производство кокса и очищенных нефтепродуктов | B15: 4305.2 | C15: 7418.2 | D15: 55.3 | E15: 2031.9 | F15: 3355.8 | G15: 5049.5 | H15: 11920.7 | I15: 4961.4 | J15: 4262.5 | K15: 6088.6 | L15: 1853.5 | M15: 3874.1
A16: Производство химической продукции | B16: 123.3 | C16: 456.7 | D16: 239.5 | E16: 93.2 | F16: 186.5 | G16: 258.8 | H16: 333.6 | I16: 301.5 | J16: 178.6 | K16: 118.4 | L16: 39.3 | M16: 197.2
A17: Производство фармацевтической продукции | B17: 23.5 | C17: 14.7 | D17: 9.7 | E17: 12.9 | F17: 11.7 | G17: 61.1 | H17: 38.7 | I17: 5.9 | J17: 18.2 | K17: 39 | L17: 36.4 | M17: 14.8
A18: Производство резиновых и пластмассовых изделий | B18: 58.9 | C18: 221.6 | D18: 69.5 | E18: 112.6 | F18: 42.7 | G18: 53.9 | H18: 74.2 | I18: 72.6 | J18: 50.5 | K18: 43.9 | L18: 103.5 | M18: 94
A19: Производство неметаллических минеральных продуктов | B19: 644.7 | C19: 1289.2 | D19: 492.2 | E19: 226 | F19: 398.3 | G19: 365 | H19: 1329.8 | I19: 474.2 | J19: 81.4 | K19: 253.5 | L19: 351.4 | M19: 796.3
A20: Производство основных металлов и готовых металлических изделий, кроме машин и оборудования | B20: 197.6 | C20: 2021 | D20: 229.6 | E20: 362.3 | F20: 179.8 | G20: 317.9 | H20: 495.2 | I20: 241.8 | J20: 267 | K20: 158.6 | L20: 210.8 | M20: 553.7
A21: Производство компьютеров, электронного и оптического оборудования | B21: 4.2 | C21: 0.1 | D21: 5.2 | E21: 1.7 | F21: 13.6 | G21: 1.1 | H21: 0.8925 | I21: 0.9 | J21: 310.6 | K21: 8.7 | L21: 32.3 | M21: 18.4
A22: Производство электрического оборудования | B22: 20.6 | C22: 21.6 | D22: 9.5 | E22: 83.3 | F22: 99.1 | G22: 17.4 | H22: 24.2 | I22: 64.9 | J22: 57.6 | K22: 81.4 | L22: 92.7 | M22: 243.3
A23: Производство машин и оборудования | B23: 27.4 | C23: 58.3 | D23: 18.6 | E23: 32.6 | F23: 96.5 | G23: 32.7 | H23: 16.6 | I23: 10.8 | J23: 16.6 | K23: 18.9 | L23: 6.9 | M23: 29.9
A24: Производство транспортных средств | B24: 0.2 | C24: 0.2 | D24: 3.5 | E24: 1.9 | F24: 0.3 | G24: 5 | H24: 78.5 | I24: 0.22 | J24: 10.7 | K24: 72.9 | L24: 184.9 | M24: 75.2
... A27: Производство (выработка) электроэнергии, ее передача и распределение | B27: 3458.4 | C27: 11304.1 | D27: 508.9 | E27: 13036.1 | F27: 3169.4 | G27: 1994.9 | H27: 14918.9 | I27: 8202.9 | J27: 12664.5 | K27: 18360.6 | L27: 24120.3 | M27: 27245.8
A28: Производство газа; распределение газообразного топлива через системы газоснабжения | B28: 2627.8 | C28: 3282.8 | D28: 808.4 | E28: 624.9 | F28: 1403.9 | G28: 386.9 | H28: 258.3 | I28: - | J28: - | K28: - | L28: - | M28: -
A29: Обеспечение (снабжение) паром и кондиционированным воздухом | B29: 142.3 | C29: 180 | D29: 303.2 | E29: 142.5 | F29: 115.7 | G29: 119.3 | H29: 276.5 | I29: 109.2 | J29: 255.2 | K29: 174.1 | L29: 1118.4 | M29: 1125.5
A30: Водоснабжение, очистка, обработка отходов и получение вторичного сырья | B30: 138.9 | C30: 226.6 | D30: 97.1 | E30: 190.3 | F30: 114.3 | G30: 108.2 | H30: 222.1 | I30: 209.5 | J30: 205.2 | K30: 220.9 | L30: 205.5 | M30: 416.8
A31: Строительство | B31: 2168.2 | C31: 3652.7 | D31: 1045.1 | E31: 1333.7 | F31: 2104.6 | G31: 2109 | H31: 2797.8 | I31: 2717.1 | J31: 4784 | K31: 6928.1 | L31: 9209.3 | M31: 11833.9
A32: Оптовая и розничная торговля; ремонт автомобилей и мотоциклов | B32: 2073.1 | C32: 5592.2 | D32: 1983.6 | E32: 1851.1 | F32: 2257.6 | G32: 1841.2 | H32: 5912.6 | I32: 1980.5 | J32: 4272.2 | K32: 21542.5 | L32: 7721.6 | M32: 11363.3
A33: Транспортная деятельность и хранение грузов | B33: 1472.3 | C33: 2014.6 | D33: 751.2 | E33: 430.2 | F33: 779.6 | G33: 445.3 | H33: 1008.3 | I33: 1064.3 | J33: 1414.7 | K33: 2041.1 | L33: 2059.9 | M33: 2961.1
A34: Деятельность гостиниц и ресторанов | B34: 622.9 | C34: 813.7 | D34: 229.7 | E34: 446.9 | F34: 305 | G34: 384 | H34: 1090.4 | I34: 833.9 | J34: 2128.8 | K34: 631.9 | L34: 451.3 | M34: 768.1
A35: Информация | B35: 96.1 | C35: 69 | D35: 136.1 | E35: 96.8 | F35: 261 | G35: 270 | H35: 334 | I35: 365.6 | J35: 548.9 | K35: 764.8 | L35: 1759.5 | M35: 2798.4
A36: Cвязь | B36: 1208.5 | C36: 2553.8 | D36: 284 | E36: 437.9 | F36: 638.2 | G36: 796 | H36: 2820.3 | I36: 564.5 | J36: 451.6 | K36: 595.2 | L36: 173.5 | M36: 448.8
A37: Финансовое посредничество и страхование | B37: =B38+B39+B40+B41+B42 -> 400.5 | C37: =C38+C39+C40+C41+C42 -> 489.4 | D37: =D38+D39+D40+D41+D42 -> 972.2 | E37: =E38+E39+E40+E41+E42 -> 791 | F37: 673.1 | G37: 1179.1 | H37: 1838.9 | I37: 333.4 | J37: 422.5 | K37: 794.6 | L37: 1317.8 | M37: 3926.1
A38: Банки | B38: 43.7 | C38: 223.2 | D38: 718.9 | E38: 642.8 | F38: 529.1 | G38: 919.5 | H38: 1551.5 | I38: 69 | J38: 111.1 | K38: 22.6 | L38: - | M38: 374.9
A39: Страховые компании | B39: 30.3 | C39: 24.1 | D39: 66.3 | E39: 20 | F39: 28.3 | G39: 24.2 | H39: 10 | I39: 0.4 | J39: 2.3 | K39: 5.7 | L39: 4 | M39: 12.2
A40: Инвестиционные фонды | B40: 0 | C40: 0 | D40: 0 | E40: 0 | F40: - | G40: 0 | H40: - | I40: - | J40: 0 | K40: 0 | L40: 0 | M40: 0.7
A41: Небанковские финансово-кредитные учреждения | B41: 256.4 | C41: 148.7 | D41: 117.4 | E41: 66 | F41: 58.6 | G41: 92.1 | H41: 152.1 | I41: 170.2 | J41: 64.9 | K41: 274.4 | L41: 473.7 | M41: 579.6
A42: Прочие виды финансовой деятельности | B42: 70.1 | C42: 93.4 | D42: 69.6 | E42: 62.2 | F42: 57.1 | G42: 143.3 | H42: 125.3 | I42: 93.8 | J42: 244.2 | K42: 491.9 | L42: 840.1 | M42: 2958.7
A43: Операции с недвижимым имуществом | B43: 967.8 | C43: 2764.3 | D43: 1326.6 | E43: 699.7 | F43: 1138 | G43: 472.6 | H43: 3223 | I43: 987.6 | J43: 1047 | K43: 1185.1 | L43: 2034.7 | M43: 1821.4
A44: Профессиональная, научная и техническая деятельность | B44: 9862.6 | C44: 10754.4 | D44: 1606.1 | E44: 6342.7 | F44: 6577.3 | G44: 2421.3 | H44: 9776.6 | I44: 1687.5 | J44: 1755.9 | K44: 3983.8 | L44: 1170.8 | M44: 5906.1
A45: Административная и вспомогательная деятельность | B45: 210.1 | C45: 310.7 | D45: 73.1 | E45: 86.4 | F45: 105.2 | G45: 93.1 | H45: 252.2 | I45: 123.4 | J45: 214 | K45: 542.4 | L45: 710.3 | M45: 1489.7
A46: Образование | B46: 33.4 | C46: 19.6 | D46: 16.7 | E46: 22.1 | F46: 25.1 | G46: 28.4 | H46: 22 | I46: 27.6 | J46: 44.1 | K46: 214.5 | L46: 96.5 | M46: 124.1
A47: Здравоохранение и социальное обслуживание населения | B47: 75.3 | C47: 107 | D47: 65.1 | E47: 91.5 | F47: 137.4 | G47: 133.1 | H47: 361.3 | I47: 305.7 | J47: 401 | K47: 343 | L47: 242.5 | M47: 532.1
A48: Искусство, развлечения и отдых | B48: 109.2 | C48: 142.1 | D48: 57.7 | E48: 74.8 | F48: 80.6 | G48: 107.2 | H48: 251.4 | I48: 121 | J48: 100 | K48: 196.3 | L48: 371.2 | M48: 595.1
A49: Прочая обслуживающая деятельность | B49: 5.3 | C49: 32.7 | D49: 9.2 | E49: 7.4 | F49: 10.4 | G49: 19.6875 | H49: 27.5 | I49: 13.4 | J49: 30.6 | K49: 18 | L49: 39 | M49: 54.6

Sheet IB4-6
A1: Вернуться в СОДЕРЖАНИЕ
A2: Таблица I.В.4: Сальдированный финансовый результат (прибыль минус убыток)
A3: предприятий экономики по территории
A4: (млн. сомов)
B5: 2014 | C5: 2015 | D5: 2016 | E5: 2017 | F5: 2018 | G5: 2019 | H5: 2020 | I5: 2021 | J5: 2022 | K5: 2023 | L5: 2024 | M5: 2025
A7: Кыргызская Республика | B7: 15329.8 | C7: -15840.3 | D7: 53228.6 | E7: 33616.6 | F7: 34665.8 | G7: 56461.9 | H7: 24752.5 | I7: 114505.3 | J7: 193190.6 | K7: 182703 | L7: 301542.9 | M7: 430541.4
A9: Баткенская область | B9: 729.1 | C9: 290.5 | D9: 531.9 | E9: 639.3 | F9: -95.3 | G9: -364.6 | H9: -165.9 | I9: -29 | J9: -50 | K9: -14.8 | L9: 54.6 | M9: 63.5
A10: Джалал-Абадская область | B10: -3514.3 | C10: -8805.3 | D10: 3069 | E10: -1818.7 | F10: -3671.4 | G10: 2865.8 | H10: -7587.1 | I10: 4896.8 | J10: 3486.3 | K10: 7135 | L10: 9921.2 | M10: 23311.5
A11: Иссык-Кульская область | B11: 6933.8 | C11: 8471.6 | D11: 15723.9 | E11: 15485.9 | F11: 13362.5 | G11: 18263.3 | H11: 30710.6 | I11: 22042.8 | J11: 33703.7 | K11: 27970.7 | L11: 36708.9 | M11: 60991.3
A12: Нарынская область | B12: -164.9 | C12: -378.4 | D12: 1322.6 | E12: 160.5 | F12: 295.8 | G12: -3.2 | H12: 154.2 | I12: 250.9 | J12: -83 | K12: -528.8 | L12: 263.9 | M12: 5849.1
A13: Ошская область | B13: 643.7 | C13: 598.5 | D13: 403.6 | E13: 506.3 | F13: 2418.6 | G13: 2843.1 | H13: 2633.1 | I13: 4170.6 | J13: 4074 | K13: 5545.3 | L13: 5743.5 | M13: 8060.3
A14: Таласская область | B14: -1388.3 | C14: -3442.9 | D14: 739.4 | E14: -218.4 | F14: -433.7 | G14: -623.6 | H14: -4164.6 | I14: 5105.1 | J14: 7677 | K14: 3149.2 | L14: 6755.7 | M14: 23530.5
A15: Чуйская область | B15: -3822.5 | C15: -12144 | D15: 1927.9 | E15: 1639.1 | F15: 395 | G15: 94.2 | H15: -9530 | I15: 15582 | J15: 11233.7 | K15: -683.1 | L15: 25417.1 | M15: 23153.8
A16: г. Бишкек | B16: 11462.2 | C16: 3531.2 | D16: 18998.5 | E16: 19629.8 | F16: 18795 | G16: 25773.8 | H16: 12275.8 | I16: 45384.9 | J16: 58012.7 | K16: 96514.2 | L16: 130291.2 | M16: 185200.9
A17: г. Ош | B17: 571.6 | C17: -217.3 | D17: 594.6 | E17: 810.4 | F17: 1003.9 | G17: 1827.4 | H17: 339.4 | I17: 2601.9 | J17: 3673.3 | K17: 3589.1 | L17: 6937.1 | M17: 7731.6
A18: Предприятия (объединения) без областного деления1 | B18: 3879.5 | C18: -3744.3 | D18: 9917.3 | E18: -3217.5 | F18: 2595.3 | G18: 5785.7 | H18: 87 | I18: 14499.4 | J18: 71462.7 | K18: 40026.1 | L18: 79449.9 | M18: 92648.7
A22: Таблица I.В.5: Прибыль рентабельных предприятий экономики по территории
A23: (млн. сомов)
B24: 2014 | C24: 2015 | D24: 2016 | E24: 2017 | F24: 2018 | G24: 2019 | H24: 2020 | I24: 2021 | J24: 2022 | K24: 2023 | L24: 2024 | M24: 2025
A26: Кыргызская Республика | B26: 50663 | C26: 51672.7 | D26: 67425.8 | E26: 65877.3 | F26: 61542.5 | G26: 77971.6 | H26: 97287.9 | I26: 145982.4 | J26: 234314.6 | K26: 255904.2 | L26: 362870.2 | M26: 519089.1
A28: Баткенская область | B28: 906.2 | C28: 454.5 | D28: 660.6 | E28: 759.7 | F28: 106.4 | G28: 81.5 | H28: 132.9 | I28: 137.8 | J28: 248.1 | K28: 436.8 | L28: 856.8 | M28: 1123.5
A29: Джалал-Абадская область | B29: 2584.5 | C29: 858 | D29: 4628.3 | E29: 4286.3 | F29: 2740.5 | G29: 4652.6 | H29: 4972.4 | I29: 9925 | J29: 7912.3 | K29: 10878.6 | L29: 12652.2 | M29: 26734.6
A30: Иссык-Кульская область | B30: 7435.9 | C30: 9303.9 | D30: 16057.2 | E30: 15918.4 | F30: 13743.1 | G30: 18643.1 | H30: 31502 | I30: 22482 | J30: 34002.6 | K30: 28584.4 | L30: 37864.5 | M30: 64731
A31: Нарынская область | B31: 159.2 | C31: 243.2 | D31: 1397.7 | E31: 252.6 | F31: 374.4 | G31: 159.5 | H31: 371.9 | I31: 475.6 | J31: 152.4 | K31: 150.2 | L31: 935.6 | M31: 6621.3
A32: Ошская область | B32: 715.9 | C32: 743.4 | D32: 612.3 | E32: 646.9 | F32: 2466.7 | G32: 2904.2 | H32: 2701.8 | I32: 4341.3 | J32: 4373 | K32: 5840.2 | L32: 6724.1 | M32: 8479.6
A33: Таласская область | B33: 95.7 | C33: 78.8 | D33: 829.1 | E33: 114 | F33: 170.2 | G33: 145.3 | H33: 355 | I33: 5141.7 | J33: 7783 | K33: 4167.6 | L33: 7045.2 | M33: 24049.7
A34: Чуйская область | B34: 3540.3 | C34: 2314 | D34: 3786.4 | E34: 5169 | F34: 5873.6 | G34: 7150.4 | H34: 9814.6 | I34: 22524 | J34: 19277.8 | K34: 26796.1 | L34: 30676.7 | M34: 32765.3
A35: г. Бишкек | B35: 24240.2 | C35: 26180.8 | D35: 26521.5 | E35: 26589.7 | F35: 27425.3 | G35: 33213 | H35: 30526.7 | I35: 55146.5 | J35: 72071.4 | K35: 115008.4 | L35: 154427.4 | M35: 226516.9
A36: г. Ош | B36: 806.2 | C36: 1044.7 | D36: 1366 | E36: 1164.5 | F36: 1231.8 | G36: 2010.5 | H36: 915.4 | I36: 3075.6 | J36: 4433.2 | K36: 5807.8 | L36: 9166.8 | M36: 10972
A37: Предприятия (объединения) без областного деления1 | B37: 10178.8 | C37: 10451.3 | D37: 11566.7 | E37: 10976.3 | F37: 7410.5 | G37: 9011.5 | H37: 15995.2 | I37: 22732.9 | J37: 84060.7 | K37: 58234 | L37: 102520.8 | M37: 117095.3
A41: Таблица I.В.6: Убытки нерентабельных предприятий экономики по территории
A42: (млн. сомов)
B43: 2014 | C43: 2015 | D43: 2016 | E43: 2017 | F43: 2018 | G43: 2019 | H43: 2020 | I43: 2021 | J43: 2022 | K43: 2023 | L43: 2024 | M43: 2025
A45: Кыргызская Республика | B45: 35333.1 | C45: 67513 | D45: 14197.2 | E45: 32260.7 | F45: 26876.7 | G45: 21509.7 | H45: 72535.4 | I45: 31477.1 | J45: 41124 | K45: 73201.2 | L45: 61327.2 | M45: 88547.8
A47: Баткенская область | B47: 177.1 | C47: 164 | D47: 128.7 | E47: 120.4 | F47: 201.7 | G47: 446.1 | H47: 298.9 | I47: 166.8 | J47: 298.1 | K47: 451.6 | L47: 802.2 | M47: 1060
A48: Джалал-Абадская область | B48: 6098.9 | C48: 9663.4 | D48: 1559.4 | E48: 6105 | F48: 6411.9 | G48: 1786.8 | H48: 12559.5 | I48: 5028.2 | J48: 4426 | K48: 3743.6 | L48: 2731 | M48: 3423.1
A49: Иссык-Кульская область | B49: 502.1 | C49: 832.3 | D49: 333.3 | E49: 432.5 | F49: 380.5 | G49: 379.8 | H49: 791.4 | I49: 439.2 | J49: 298.9 | K49: 613.7 | L49: 1155.6 | M49: 3739.7
A50: Нарынская область | B50: 324.1 | C50: 621.6 | D50: 75.1 | E50: 92.1 | F50: 78.6 | G50: 162.7 | H50: 217.7 | I50: 224.7 | J50: 235.3 | K50: 679 | L50: 671.7 | M50: 772.2
A51: Ошская область | B51: 72.3 | C51: 144.9 | D51: 208.7 | E51: 140.5 | F51: 48.1 | G51: 61.1 | H51: 68.7 | I51: 170.7 | J51: 298.9 | K51: 294.9 | L51: 980.6 | M51: 419.2
A52: Таласская область | B52: 1484.1 | C52: 3521.7 | D52: 89.7 | E52: 332.4 | F52: 603.9 | G52: 768.9 | H52: 4519.5 | I52: 36.7 | J52: 106 | K52: 1018.4 | L52: 289.5 | M52: 519.1
A53: Чуйская область | B53: 7362.8 | C53: 14458 | D53: 1858.6 | E53: 3529.9 | F53: 5478.7 | G53: 7056.2 | H53: 19344.6 | I53: 6942 | J53: 8044.1 | K53: 27479.2 | L53: 5259.6 | M53: 9611.5
A54: г. Бишкек | B54: 12778.1 | C54: 22649.6 | D54: 7523 | E54: 6959.9 | F54: 8630.4 | G54: 7439.2 | H54: 18250.9 | I54: 9761.6 | J54: 14058.7 | K54: 18494.2 | L54: 24136.2 | M54: 41316.1
A55: г. Ош | B55: 234.5 | C55: 1261.9 | D55: 771.3 | E55: 354.1 | F55: 227.9 | G55: 183.1 | H55: 576 | I55: 473.7 | J55: 759.9 | K55: 2218.7 | L55: 2229.8 | M55: 3240.3
A56: Предприятия (объединения) без областного деления1 | B56: 6299.3 | C56: 14195.6 | D56: 1649.4 | E56: 14193.7 | F56: 4815.1 | G56: 3225.8 | H56: 15908.2 | I56: 8233.5 | J56: 12598 | K56: 18207.9 | L56: 23071 | M56: 24446.6
A59: 1Предприятия республиканского значения, осуществляющие деятельность в сфере электроэнергетики, по поставкам нефтепродуктов и распределению газа, почтовой деятельности и обрабатывающей промышленности, а также сферы банковской деятельности.

Sheet IД1
A1: Вернуться в СОДЕРЖАНИЕ
A2: Таблица I.Д.1: Выручка (валовой доход) предприятий экономики
A3: по видам деятельности
A4: (млн. сомов)
B5: 2014 | C5: 2015 | D5: 2016 | E5: 2017 | F5: 2018 | G5: 2019 | H5: 2020 | I5: 2021 | J5: 2022 | K5: 2023 | L5: 2024 | M5: 2025
B6: =B9+B10+B11+B27+B31+B32+B33+B34+B35+B36+B37+B38+B44+B45+B46+B47+B48+B49+B50 -> 323550.2 | C6: =C9+C10+C11+C27+C31+C32+C33+C34+C35+C36+C37+C38+C44+C45+C46+C47+C48+C49+C50 -> 346688.4 | D6: =D9+D10+D11+D27+D31+D32+D33+D34+D35+D36+D37+D38+D44+D45+D46+D47+D48+D49+D50 -> 384871.8
A7: Всего | B7: 323550 | C7: 346688.5 | D7: 384871.8 | E7: 440405.3 | F7: 460655.2 | G7: 507493.8 | H7: 547653.1 | I7: 696476.4 | J7: 882756.4 | K7: 1067806.7 | L7: 1410310.7 | M7: 2283919.9
A8: в том числе: | E8: 440405.3
A9: Сельское хозяйство, лесное хозяйство и рыболовство | B9: 3576.1 | C9: 3354.6 | D9: 2950 | E9: 3372.2 | F9: 3371.6 | G9: 3303 | H9: 3780.5 | I9: 5756.4 | J9: 8166.4 | K9: 9964.7 | L9: 12098.8 | M9: 17564.1
A10: Добыча полезных ископаемых | B10: 5985.6 | C10: 7973.7 | D10: 15749.7 | E10: 22743.7 | F10: 29225.7 | G10: 25957 | H10: 24410.2 | I10: 34183.1 | J10: 39912.6 | K10: 57512 | L10: 67113.5 | M10: 94531.9
A11: Обрабатывающие производства | B11: 138400.7 | C11: 137273.4 | D11: 158215.4 | E11: 175393.8 | F11: 184634 | G11: 219905.2 | H11: 265422.2 | I11: 310444.3 | J11: 373340.5 | K11: 402158.1 | L11: 496495.1 | M11: 686843.6
A12: Производство пищевых продуктов, включая напитки | B12: 20662.2 | C12: 19499.7 | D12: 22960 | E12: 26844.6 | F12: 28925.8 | G12: 30632.6 | H12: 32861.2 | I12: 46446.5 | J12: 63448.5 | K12: 74368.9 | L12: 91959.9 | M12: 117694.8
A13: Производство табачных изделий | B13: 651.3 | C13: 58.6 | D13: 19.2 | E13: 4.7 | F13: 37 | G13: 47.2 | H13: 62.4 | I13: 28.9 | J13: 45.1 | K13: 22.3 | L13: 25.7 | M13: 50.3
A14: Текстильное производство; производство одежды и обуви, кожи и прочих кожаных изделий | B14: 3934.9 | C14: 2681.2 | D14: 2480.9 | E14: 2217.2 | F14: 2377 | G14: 3532.1 | H14: 4050.3 | I14: 5548 | J14: 6699.9 | K14: 8638.8 | L14: 8795.3 | M14: 14114.8
A15: Производство деревянных и бумажных изделий; полиграфическая деятельность | B15: 1757.2 | C15: 1958.6 | D15: 1924 | E15: 1763 | F15: 2033.1 | G15: 2021.7 | H15: 1989.8 | I15: 2652.9 | J15: 3534.1 | K15: 4806.1 | L15: 6310.5 | M15: 8778
A16: Производство кокса и очищенных нефтепродуктов | B16: 3589.2 | C16: 5265.2 | D16: 8142 | E16: 12868.4 | F16: 13652.7 | G16: 6179.6 | H16: 1301.4 | I16: 3695.9 | J16: 7628.6 | K16: 7136.3 | L16: 15024.1 | M16: 20590.7
A17: Производство химической продукции | B17: 1109.1 | C17: 873.7 | D17: 718.5 | E17: 865 | F17: 922.4 | G17: 785.6 | H17: 836 | I17: 911.6 | J17: 1454.3 | K17: 2214.5 | L17: 2711 | M17: 3973.2
A18: Производство фармацевтической продукции | B18: 266.6 | C18: 328.1 | D18: 294.1 | E18: 485.6 | F18: 350.8 | G18: 415.8 | H18: 865.2 | I18: 876.4 | J18: 819.9 | K18: 717.3 | L18: 1156.8 | M18: 1191
A19: Производство резиновых и пластмассовых изделий | B19: 2589.8 | C19: 2718.8 | D19: 2619.4 | E19: 2872.7 | F19: 3821.3 | G19: 3568.3 | H19: 3410.9 | I19: 4791.9 | J19: 6086.7 | K19: 7904.8 | L19: 8562.1 | M19: 13132.6
A20: Производство неметаллических минеральных продуктов | B20: 17598 | C20: 15001.9 | D20: 12853.8 | E20: 15079.3 | F20: 18066.6 | G20: 18392.2 | H20: 16647.8 | I20: 26096.7 | J20: 31090.6 | K20: 36248.5 | L20: 44854.2 | M20: 67489.9
... A37: Связь | B37: 27105 | C37: 28691.4 | D37: 26673.3 | E37: 24502.7 | F37: 23306.7 | G37: 22741 | H37: 22489.6 | I37: 25756.3 | J37: 29333.7 | K37: 35319.8 | L37: 38688.5 | M37: 42459.5
A38: Финансовое посредничество и страхование | B38: 33371.1 | C38: 39027.8 | D38: 34973.4 | E38: 34620.6 | F38: 38989.3 | G38: =G39+G40+G41+G42+G43 -> 44123 | H38: 54314.4 | I38: 65454.6 | J38: 108813.2 | K38: 130307.2 | L38: 243157.6 | M38: 637110.5
A39: Банки | B39: 24702.3 | C39: 32403 | D39: 29569.2 | E39: 28565.9 | F39: 31468.7 | G39: 34304.3 | H39: 43870.9 | I39: 52677.6 | J39: 92597.5 | K39: 107372.8 | L39: 174188 | M39: 220178.7
A40: Страховые компании | B40: 1195.5 | C40: 1156.3 | D40: 1113 | E40: 1209.6 | F40: 1281.5 | G40: 1537 | H40: 1532.4 | I40: 1461.5 | J40: 2730.1 | K40: 3576.9 | L40: 6634.8 | M40: 11626.2
A41: Инвестиционные фонды | B41: 5.5 | C41: 12.2 | D41: 8.2 | E41: 5.7 | F41: 7.7 | G41: 8.2 | H41: 8.6 | I41: 5.9 | J41: 6 | K41: 7.1 | L41: 7.4 | M41: 11
A42: Небанковские финансово-кредитные учреждения | B42: 7108.7 | C42: 5252.9 | D42: 4027.1 | E42: 4323.7 | F42: 5583.6 | G42: 7312.1 | H42: 7627.1 | I42: 9685.4 | J42: 10522.6 | K42: 13579.8 | L42: 17315.6 | M42: 20809.6
A43: Прочие виды финансовой деятельности | B43: 359.1 | C43: 203.4 | D43: 255.9 | E43: 515.7 | F43: 647.8 | G43: =952.1+9.3 -> 961.4 | H43: 1275.4 | I43: 1624.2 | J43: 2957 | K43: 5770.6 | L43: 45011.8 | M43: 384485
A44: Операции с недвижимым имуществом | B44: 5787.6 | C44: 6635.9 | D44: 6655.4 | E44: 7625.8 | F44: 8299.3 | G44: 9728.5 | H44: 8459 | I44: 13237.9 | J44: 14104.1 | K44: 18162.1 | L44: 21366.5 | M44: 28506.3
A45: Профессиональная, научная и техническая деятельность | B45: 6399.7 | C45: 6857.5 | D45: 7751.8 | E45: 8245 | F45: 10397.4 | G45: 11077.8 | H45: 9660.2 | I45: 13249.9 | J45: 14430.1 | K45: 21419.2 | L45: 23918.5 | M45: 34383.4
A46: Административная и вспомогательная деятельность | B46: 2706.3 | C46: 2467.2 | D46: 2847.3 | E46: 3315.2 | F46: 3828.3 | G46: 4150.2 | H46: 2829.9 | I46: 5675.5 | J46: 7935.5 | K46: 11843.9 | L46: 14444.1 | M46: 19526
A47: Образование | B47: 319.1 | C47: 348.8 | D47: 451.4 | E47: 554.7 | F47: 646.4 | G47: 823.3 | H47: 604.2 | I47: 1298.4 | J47: 1769 | K47: 2323.6 | L47: 3825.7 | M47: 6281.8
A48: Здравоохранение и социальное обслуживание населения | B48: 974.7 | C48: 1071.7 | D48: 1313.4 | E48: 1559.1 | F48: 2054.7 | G48: 2986.8 | H48: 3045.4 | I48: 5997.3 | J48: 6427.9 | K48: 8649.9 | L48: 11827.5 | M48: 15389.2
A49: Искусство, развлечения и отдых | B49: 918.3 | C49: 753.2 | D49: 683.1 | E49: 666.3 | F49: 811.4 | G49: 889 | H49: 496.1 | I49: 964.5 | J49: 1233.4 | K49: 2439.7 | L49: 3644.3 | M49: 6071
A50: Прочая обслуживающая деятельность | B50: 367.8 | C50: 325.5 | D50: 336.4 | E50: 403.4 | F50: 396 | G50: 454.7 | H50: 309.3 | I50: 462.6 | J50: 636 | K50: 1015.5 | L50: 1463.5 | M50: 2699.8

Sheet IIA1
A1: Вернуться в СОДЕРЖАНИЕ
A2: Таблица II.A.1: Финансовые показатели предприятий реального
A3: сектора экономики
A4: (млн. сомов)
B5: 2014 | C5: 2015 | D5: 2016 | E5: 2017 | F5: 2018 | G5: 2019 | H5: 2020 | I5: 2021 | J5: 2022 | K5: 2023 | L5: 2024 | M5: 2025
A7: Выручка (валовой доход) от реализации продукции (работ, услуг) | B7: 290535 | C7: 307859.8 | D7: 350149.6 | E7: 406293.6 | F7: 422307 | G7: 464322.8 | H7: 494598.9 | I7: 632638.4 | J7: 776885.8 | K7: 943261 | L7: 1212152.1 | M7: 2031278.1
A8: Неоперационные доходы и расходы (-) | B8: -25295.7 | C8: -55250.7 | D8: 10509 | E8: -23921.5 | F8: -15287.5 | G8: -8743.7 | H8: -60494.7 | I8: -18461.6 | J8: 8609.1 | K8: -38794.9 | L8: -5956.7 | M8: -32471.2
A9: Сальдированный финансовый результат (прибыль минус убыток) | B9: 5380 | C9: -26142.7 | D9: 46913.1 | E9: 27241.4 | F9: 27026.5 | G9: 47720.3 | H9: 10618.7 | I9: 94003.4 | J9: 154343.7 | K9: 138977.9 | L9: 216086.6 | M9: 325376.3
A10: Прибыль | B10: 40382.7 | C10: 40973.7 | D10: 60207.1 | E10: 58773.3 | F10: 53285.8 | G10: 68187.9 | H10: 81434.3 | I10: 125239.4 | J10: 195288.8 | K10: 211873.9 | L10: 276935.2 | M10: 412956.6
A11: Убытки | B11: 35002.7 | C11: 67116.4 | D11: 13293.9 | E11: 31531.9 | F11: 26259.2 | G11: 20467.6 | H11: 70815.6 | I11: 31236 | J11: 40945.1 | K11: 72895.9 | L11: 60848.6 | M11: 87580.4
A12: Расходы на производство и реализацию продукции (работ, услуг) | B12: 259846.2 | C12: 278731.4 | D12: 313726.9 | E12: 355114.5 | F12: 379997.6 | G12: 407742.3 | H12: 423015.4 | I12: 520169.8 | J12: 631147.9 | K12: 765402.8 | L12: 990117.2 | M12: 1673408.8
A13: Финансовые активы | B13: 89136.1 | C13: 119582.3 | D13: 135357.6 | E13: 124450.5 | F13: 128903.3 | G13: 156124.3 | H13: 228167.1 | I13: 228162.7 | J13: 317280.7 | K13: 384714.3 | L13: 486711.3 | M13: 801441.4
A14: Денежные средства | B14: 32798 | C14: 32981.5 | D14: 62200.1 | E14: 55146.3 | F14: 53627.2 | G14: 49621.6 | H14: 62328.9 | I14: 102885.1 | J14: 140903.2 | K14: 164671 | L14: 242830.5 | M14: 344708.3
A15: Касса | B15: 6085.2 | C15: 6362.2 | D15: 15722.1 | E15: 15654.9 | F15: 16543.2 | G15: 16522.7 | H15: 18838 | I15: 24094.6 | J15: 32873.9 | K15: 44617.1 | L15: 60197.5 | M15: 76592.3
A16: Расчетный счет в банках | B16: 12333.6 | C16: 10340.5 | D16: 18462 | E16: 17378 | F16: 20965.5 | G16: 20057.4 | H16: 23913 | I16: 44598.9 | J16: 51464.1 | K16: 64384.4 | L16: 114243.2 | M16: 167150.5
A17: Валютный счет | B17: 14079.3 | C17: 15702.2 | D17: 27907.4 | E17: 21888.9 | F17: 15628.9 | G17: 12951.2 | H17: 19392.4 | I17: 33791.5 | J17: 56360.6 | K17: 55370.1 | L17: 67981.4 | M17: 99545.8
A18: Кредиты и займы | B18: 245577.8 | C18: 343104 | D18: 352537.9 | E18: 340241.4 | F18: 386235.6 | G18: 403548.9 | H18: 481166.8 | I18: 531498.9 | J18: 572555.3 | K18: 620544.7 | L18: 744219.5 | M18: 1098192.6
... A26: Кредиторская задолженность | B26: 134171 | C26: 162168.7 | D26: 186282.8 | E26: 201326.9 | F26: 211567.5 | G26: 246009.4 | H26: 265101.3 | I26: 311589 | J26: 399042.9 | K26: 536394.1 | L26: 790529.9 | M26: 1422508.4
A29: Справочно:
A30: Количество отчитавшихся предприятий | B30: 15222 | C30: 15925 | D30: 16431 | E30: =17180+8 -> 17188 | F30: =18735+8 -> 18743 | G30: 20880 | H30: 21708 | I30: 21689 | J30: 23748 | K30: 29096 | L30: 32779 | M30: 30141
A31: из них: убыточных | B31: 4200 | C31: 4664 | D31: 4178 | E31: 4077 | F31: 4257 | G31: 4573 | H31: 4689 | I31: 4157 | J31: 4184 | K31: 4753 | L31: 5593 | M31: 6172
A32: Рентабельность1 (прибыль от реализации в
A33: в процентах к расходам на производство), % | B33: 11.8 | C33: 10.5 | D33: 11.6 | E33: 14.4 | F33: 11.1 | G33: 13.9 | H33: 16.9 | I33: 21.6 | J33: 23.1 | K33: 23.2 | L33: 22.4 | M33: 21.4
A34: Рентабельность1 (сальдированный финансовый
A35: результат в процентах к среднегодовой
A36: стоимости основных средств), % | B36: 2.1 | C36: -8.2 | D36: 13.2 | E36: 6.9 | F36: 6.1 | G36: 10.3 | H36: 2.2 | I36: 17.8 | J36: 26.9 | K36: 21.8 | L36: 28.3 | M36: 36.2
A37: Рентабельность1 продаж (сальдированный финан-
A38: совый результат к выручке от реализации), % | B38: 1.9 | C38: -8.5 | D38: 13.4 | E38: 6.7 | F38: 6.4 | G38: 10.3 | H38: 2.1 | I38: 14.9 | J38: 19.9 | K38: 14.7 | L38: 17.8 | M38: 16
A39: Темп роста валового дохода (в процентах
A40: к предыдущему году) | B40: 103.2 | C40: 106 | D40: 113.7 | E40: 116 | F40: 103.9 | G40: 109.9 | H40: 106.5 | I40: 127.9 | J40: 122.8 | K40: 121.4 | L40: 128.5 | M40: 167.6
A41: Коэффициент динамики валового дохода | B41: 0.9 | C41: 1 | D41: 1.1 | E41: 1 | F41: 0.9 | G41: 1.1 | H41: 1 | I41: 1.2 | J41: 1 | K41: 1 | L41: 1.1 | M41: 1.3
A42: Коэффициент ликвидности текущей задолжен-
A43: ности (отношение дебиторской задолженности
A44: к кредиторской) | B44: 0.78 | C44: 0.71 | D44: 0.7 | E44: 0.61 | F44: 0.55 | G44: 0.64 | H44: 0.66 | I44: 0.72 | J44: 0.77 | K44: 0.75 | L44: 0.86 | M44: 1.06
A47: 1 Здесь и далее в таблицах II.A.2 - II.A.38 знак минус (-) означает убыточность.

Sheet IIA2
A1: Вернуться в СОДЕРЖАНИЕ
A2: Таблица II.А.2: Финансовые показатели предприятий сельского хозяйства,
A3: лесного хозяйства и рыболовства
A4: (млн. сомов)
B5: 2014 | C5: 2015 | D5: 2016 | E5: 2017 | F5: 2018 | G5: 2019 | H5: 2020 | I5: 2021 | J5: 2022 | K5: 2023 | L5: 2024 | M5: 2025
A7: Выручка (валовой доход) от реализации продукции (работ, услуг) | B7: 3576.1 | C7: 3354.6 | D7: 2950 | E7: 3372.2 | F7: 3371.6 | G7: 3303 | H7: 3780.5 | I7: 5756.4 | J7: 8166.4 | K7: 9964.7 | L7: 12098.8 | M7: 17564.1
A8: Неоперационные доходы и расходы (-) | B8: -145.7 | C8: -502.6 | D8: -19.5 | E8: -83.6 | F8: -53.4 | G8: -24.6 | H8: -140.3 | I8: 26.9 | J8: 53.7 | K8: -24.2 | L8: -362.5 | M8: -262.6
A9: Сальдированный финансовый результат (прибыль минус убыток) | B9: 191.8 | C9: -195.2 | D9: 359.3 | E9: 526.8 | F9: 211.6 | G9: 253.5 | H9: 408.9 | I9: 806.8 | J9: 1017.2 | K9: 1300.5 | L9: 650.6 | M9: 714
A10: Прибыль | B10: 430.9 | C10: 290.6 | D10: 502 | E10: 708.8 | F10: 422.3 | G10: 406.2 | H10: 599.4 | I10: 1021.3 | J10: 1184.8 | K10: 1634.6 | L10: 1394 | M10: 1476.6
A11: Убытки | B11: 239.2 | C11: 485.8 | D11: 142.6 | E11: 182 | F11: 210.8 | G11: 152.7 | H11: 190.5 | I11: 214.5 | J11: 167.6 | K11: 334.1 | L11: 743.4 | M11: 762.6
A12: Расходы на производство и реализацию продукции (работ, услуг) | B12: 3238 | C12: 3047.1 | D12: 2571.2 | E12: 2761.8 | F12: 3116.2 | G12: 3024.9 | H12: 3231.4 | I12: 4976.5 | J12: 7202.8 | K12: 8639.9 | L12: 11085.7 | M12: 16587.5
A13: Финансовые активы | B13: 321.9 | C13: 138.3 | D13: 219.2 | E13: 314 | F13: 428.8 | G13: 336.5 | H13: 499.5 | I13: 1095.6 | J13: 872.6 | K13: 1159.8 | L13: 2995.4 | M13: 3909.6
A14: Денежные средства | B14: 274.9 | C14: 94.6 | D14: 155.9 | E14: 294.9 | F14: 408.5 | G14: 322.4 | H14: 418.2 | I14: 951.2 | J14: 668.2 | K14: 936.6 | L14: 1563 | M14: 1835.7
A15: Касса | B15: 102.6 | C15: 66.6 | D15: 79 | E15: 243.9 | F15: 330.5 | G15: 244.3 | H15: 300.3 | I15: 565.1 | J15: 342.1 | K15: 368.9 | L15: 467.6 | M15: 1034.3
A16: Расчетный счет в банках | B16: 75.1 | C16: 27.5 | D16: 61.6 | E16: 44.2 | F16: 74.1 | G16: 67.1 | H16: 89.6 | I16: 98.1 | J16: 250.2 | K16: 266.8 | L16: 700.5 | M16: 741.9
A17: Валютный счет | B17: 3.8 | C17: 0 | D17: 15.3 | E17: 4.1 | F17: 3.9 | G17: 10.9 | H17: 22.3 | I17: 218.2 | J17: 75.4 | K17: 299.7 | L17: 394.9 | M17: 59.5
A18: Кредиты и займы | B18: 1566 | C18: 1760.8 | D18: 1979.7 | E18: 2036.3 | F18: 1856.2 | G18: 1797.6 | H18: 1908.5 | I18: 2989.9 | J18: 3670.8 | K18: 3904.4 | L18: 5653.6 | M18: 7354.9
... A26: Кредиторская задолженность | B26: 939.8 | C26: 1038.5 | D26: 1084.9 | E26: 892.7 | F26: 793.6 | G26: 875.1 | H26: 949 | I26: 1025.5 | J26: 1229 | K26: 2104.2 | L26: 2373.4 | M26: 3425.9
A29: Справочно:
A30: Количество отчитавшихся предприятий | B30: 547 | C30: 533 | D30: 542 | E30: 527 | F30: 585 | G30: 635 | H30: 611 | I30: 650 | J30: 752 | K30: 847 | L30: 944 | M30: 974
A31: из них: убыточных | B31: 124 | C31: 126 | D31: 123 | E31: 100 | F31: 126 | G31: 121 | H31: 96 | I31: 113 | J31: 107 | K31: 142 | L31: 139 | M31: 194
A32: Рентабельность (прибыль от реализации в
A33: в процентах к расходам на производство), % | B33: 10.4 | C33: 10.1 | D33: 14.7 | E33: 22.1 | F33: 8.2 | G33: 9.2 | H33: 17 | I33: 15.7 | J33: 13.4 | K33: 15.3 | L33: 9.1 | M33: 5.9
A34: Рентабельность1 (сальдированный финансовый
A35: результат в процентах к среднегодовой
A36: стоимости основных средств), % | B36: 5.6 | C36: -5.5 | D36: 9.4 | E36: 11.2 | F36: 3.9 | G36: 4.7 | H36: 7.5 | I36: 13 | J36: 13.9 | K36: 16.7 | L36: 6.2 | M36: 4.9
A37: Рентабельность1 продаж (сальдированный финан-
A38: совый результат к выручке от реализации), % | B38: 5.4 | C38: -5.8 | D38: 12.2 | E38: 15.6 | F38: 6.3 | G38: 7.7 | H38: 10.8 | I38: 14 | J38: 12.5 | K38: 13.1 | L38: 5.4 | M38: 4.1
A39: Темп роста валового дохода (в процентах
A40: к предыдущему году) | B40: 99.1 | C40: 93.8 | D40: 87.9 | E40: 114.3 | F40: 100 | G40: 98 | H40: 114.5 | I40: 152.3 | J40: 141.9 | K40: 122 | L40: 121.4 | M40: 145.2
A41: Коэффициент динамики валового дохода | B41: 0.8 | C41: 0.9 | D41: 0.9 | E41: 1.3 | F41: 0.9 | G41: 1 | H41: 1.2 | I41: 1.3 | J41: 0.9 | K41: 0.9 | L41: 1 | M41: 1.2
A42: Коэффициент ликвидности текущей задолжен-
A43: ности (отношение дебиторской задолженности
A44: к кредиторской) | B44: 0.45 | C44: 0.5 | D44: 0.71 | E44: 0.56 | F44: 0.74 | G44: 0.66 | H44: 0.51 | I44: 1.07 | J44: 1.13 | K44: 0.8 | L44: 0.57 | M44: 0.58

Sheet IIA3
A1: Вернуться в СОДЕРЖАНИЕ
A2: Таблица II.А.3: Финансовые показатели предприятий по добыче
A3: полезных ископаемых
A4: (млн. сомов)
B5: 2014 | C5: 2015 | D5: 2016 | E5: 2017 | F5: 2018 | G5: 2019 | H5: 2020 | I5: 2021 | J5: 2022 | K5: 2023 | L5: 2024 | M5: 2025
A7: Выручка (валовой доход) от реализации продукции (работ, услуг) | B7: 5985.6 | C7: 7973.7 | D7: 15749.7 | E7: 22743.7 | F7: 29225.7 | G7: 25957 | H7: 24410.2 | I7: 34183.1 | J7: 39912.6 | K7: 57512 | L7: 67113.5 | M7: 94531.9
A8: Неоперационные доходы и расходы (-) | B8: -1649.3 | C8: -7844 | D8: 1606.5 | E8: -1753.3 | F8: -2426.8 | G8: -942.6 | H8: -9915 | I8: -2927.1 | J8: -1300.7 | K8: -4509.4 | L8: -1544.1 | M8: -2725.4
A9: Сальдированный финансовый результат (прибыль минус убыток) | B9: -1864.1 | C9: -8200.3 | D9: 2462.9 | E9: 2728.4 | F9: 3027.1 | G9: 3902.2 | H9: -5815.8 | I9: 5958.2 | J9: 2975.6 | K9: 3789.4 | L9: 8432.5 | M9: 21843
A10: Прибыль | B10: 860.3 | C10: 750.2 | D10: 4358 | E10: 4319 | F10: 4551.5 | G10: 5162.8 | H10: 5232.8 | I10: 10328 | J10: 7226.3 | K10: 10369.7 | L10: 11598.4 | M10: 26021
A11: Убытки | B11: 2724.4 | C11: 8950.5 | D11: 1895.1 | E11: 1590.7 | F11: 1524.4 | G11: 1260.6 | H11: 11048.5 | I11: 4369.7 | J11: 4250.7 | K11: 6580.3 | L11: 3165.9 | M11: 4178.1
A12: Расходы на производство и реализацию продукции (работ, услуг) | B12: 6200.4 | C12: 8326.6 | D12: 14893.3 | E12: 18262 | F12: 23771.8 | G12: 21112.2 | H12: 19934.3 | I12: 25297.7 | J12: 35636.4 | K12: 49213.1 | L12: 57136.9 | M12: 69963.6
A13: Финансовые активы | B13: 1838.5 | C13: 1409.7 | D13: 2621.2 | E13: 3764.7 | F13: 4875.3 | G13: 6999.9 | H13: 3947.8 | I13: 8198.7 | J13: 9998.6 | K13: 9673.2 | L13: 14172.9 | M13: 35885.1
A14: Денежные средства | B14: 302.6 | C14: 510.5 | D14: 1615.1 | E14: 2232.6 | F14: 3063.4 | G14: 4970.5 | H14: 2199.4 | I14: 5668.6 | J14: 4729.7 | K14: 4940.5 | L14: 5125.5 | M14: 5694
A15: Касса | B15: 78.4 | C15: 242.3 | D15: 509.5 | E15: 714.8 | F15: 157 | G15: 247.1 | H15: 250 | I15: 404.5 | J15: 453.2 | K15: 580.8 | L15: 888.5 | M15: 627.2
A16: Расчетный счет в банках | B16: 145.8 | C16: 152.5 | D16: 472.4 | E16: 1327.1 | F16: 2716 | G16: 1441.7 | H16: 1059.8 | I16: 2104.6 | J16: 3405 | K16: 3025.2 | L16: 2306.2 | M16: 1938
A17: Валютный счет | B17: 78.3 | C17: 115.6 | D17: 633.1 | E17: 190.7 | F17: 190.2 | G17: 3281.7 | H17: 889.6 | I17: 3159.6 | J17: 871.5 | K17: 1334.5 | L17: 1929.6 | M17: 3120.3
A18: Кредиты и займы | B18: 11904 | C18: 29399.7 | D18: 48712.4 | E18: 41067.5 | F18: 40935.4 | G18: 45666.5 | H18: 55618.5 | I18: 75851.9 | J18: 87788.2 | K18: 97494.7 | L18: 92968.8 | M18: 87206.2
... A26: Кредиторская задолженность | B26: 4465.2 | C26: 12139.7 | D26: 23944.8 | E26: 28401.8 | F26: 27743.7 | G26: 23454.3 | H26: 22850.2 | I26: 24613 | J26: 27185.4 | K26: 32690.6 | L26: 31737.6 | M26: 40685.7
A29: Справочно:
A30: Количество отчитавшихся предприятий | B30: 295 | C30: 389 | D30: 282 | E30: 258 | F30: 282 | G30: 372 | H30: 412 | I30: 425 | J30: 373 | K30: 437 | L30: 533 | M30: 612
A31: из них: убыточных | B31: 76 | C31: 112 | D31: 78 | E31: 63 | F31: 68 | G31: 80 | H31: 78 | I31: 75 | J31: 76 | K31: 75 | L31: 78 | M31: 104
A32: Рентабельность (прибыль от реализации в
A33: в процентах к расходам на производство), % | B33: -3.5 | C33: -4.2 | D33: 5.8 | E33: 24.5 | F33: 22.9 | G33: 22.9 | H33: 22.5 | I33: 35.1 | J33: 12 | K33: 16.9 | L33: 17.5 | M33: 35.1
A34: Рентабельность1 (сальдированный финансовый
A35: результат в процентах к среднегодовой
A36: стоимости основных средств), % | B36: -20.8 | C36: -31.3 | D36: 4.9 | E36: 5.1 | F36: 5.4 | G36: 7.6 | H36: -10.3 | I36: 9.1 | J36: 3.6 | K36: 4.2 | L36: 8.5 | M36: 22.1
A37: Рентабельность1 продаж (сальдированный финан-
A38: совый результат к выручке от реализации), % | B38: -31.1 | C38: -102.8 | D38: 15.6 | E38: 12 | F38: 10.4 | G38: 15 | H38: -23.8 | I38: 17.4 | J38: 7.5 | K38: 6.6 | L38: 12.6 | M38: 23.1
A39: Темп роста валового дохода (в процентах
A40: к предыдущему году) | B40: 121 | C40: 133.2 | D40: 197.5 | E40: 144.4 | F40: 128.5 | G40: 88.8 | H40: 94 | I40: 140 | J40: 116.8 | K40: 144.1 | L40: 116.7 | M40: 140.9
A41: Коэффициент динамики валового дохода | B41: 1.5 | C41: 1.1 | D41: 1.5 | E41: 0.7 | F41: 0.9 | G41: 0.7 | H41: 1.1 | I41: 1.5 | J41: 0.8 | K41: 1.2 | L41: 0.8 | M41: 1.2
A42: Коэффициент ликвидности текущей задолжен-
A43: ности (отношение дебиторской задолженности
A44: к кредиторской) | B44: 0.33 | C44: 0.39 | D44: 0.27 | E44: 0.27 | F44: 0.26 | G44: 0.48 | H44: 0.66 | I44: 0.93 | J44: 0.82 | K44: 0.88 | L44: 0.68 | M44: 0.73

Sheet IIA4
A1: Вернуться в СОДЕРЖАНИЕ
A2: Таблица II.А.4: Финансовые показатели предприятий
A3: обрабатывающих производств
A4: (млн. сомов)
B5: 2014 | C5: 2015 | D5: 2016 | E5: 2017 | F5: 2018 | G5: 2019 | H5: 2020 | I5: 2021 | J5: 2022 | K5: 2023 | L5: 2024 | M5: 2025
A7: Выручка (валовой доход) от реализации продукции (работ, услуг) | B7: 138400.7 | C7: 137273.4 | D7: 158215.4 | E7: 175393.8 | F7: 184634 | G7: 219905.2 | H7: 265422.2 | I7: 310444.3 | J7: 373340.5 | K7: 402158.1 | L7: 496495.1 | M7: 686843.6
A8: Неоперационные доходы и расходы (-) | B8: -5586.3 | C8: -13059.5 | D8: 3131.7 | E8: -6648.4 | F8: -4468.5 | G8: -6241.4 | H8: -16807.5 | I8: -8874.5 | J8: 27070.8 | K8: 89.3 | L8: 14807.1 | M8: 13560.9
A9: Сальдированный финансовый результат (прибыль минус убыток) | B9: 6905.1 | C9: 572.9 | D9: 19660.1 | E9: 17694.8 | F9: 14983.8 | G9: 20607.1 | H9: 28456.3 | I9: 46125.2 | J9: 104117 | K9: 68272 | L9: 95369.8 | M9: 147935.9
A10: Прибыль | B10: 13601.9 | C10: 14339.8 | D10: 21545.4 | E10: 21476.9 | F10: 20228.9 | G10: 27794.1 | H10: 44360.7 | I10: 53371 | J10: 110082.4 | K10: 76021.9 | L10: 99985.6 | M10: 158132.1
A11: Убытки | B11: 6696.8 | C11: 13766.9 | D11: 1885.3 | E11: 3782 | F11: 5245.1 | G11: 7187 | H11: 15904.4 | I11: 7245.8 | J11: 5965.5 | K11: 7750 | L11: 4615.8 | M11: 10196.2
A12: Расходы на производство и реализацию продукции (работ, услуг) | B12: 125901.4 | C12: 123630.8 | D12: 141669.9 | E12: 151050.5 | F12: 165181.7 | G12: 193034 | H12: 220158.4 | I12: 255442.6 | J12: 296294.4 | K12: 333975.5 | L12: 415941 | M12: 552478.6
A13: Финансовые активы | B13: 36037.6 | C13: 57927.4 | D13: 68325.7 | E13: 56463.6 | F13: 53162.4 | G13: 76939.8 | H13: 128656.2 | I13: 102881 | J13: 132568.4 | K13: 146173.3 | L13: 184712 | M13: 233101.7
A14: Денежные средства | B14: 6402.5 | C14: 9889.1 | D14: 26767.2 | E14: 14890.9 | F14: 8335.7 | G14: 7947.1 | H14: 10860.4 | I14: 36279.6 | J14: 31188.3 | K14: 28805.7 | L14: 65358.7 | M14: 76719.5
A15: Касса | B15: 1085.5 | C15: 816.8 | D15: 1895.8 | E15: 1280.7 | F15: 1920.1 | G15: 1651.2 | H15: 1528.1 | I15: 1859.3 | J15: 3062.1 | K15: 4787.3 | L15: 5524.7 | M15: 7668.9
A16: Расчетный счет в банках | B16: 2956.8 | C16: 3461.3 | D16: 4866.8 | E16: 3684.5 | F16: 2284.4 | G16: 3378 | H16: 4228 | I16: 22667.2 | J16: 14054.1 | K16: 15609.6 | L16: 42371.2 | M16: 50082.1
A17: Валютный счет | B17: 2324.5 | C17: 5565 | D17: 20004.6 | E17: 9923.8 | F17: 4125.3 | G17: 2843.8 | H17: 5101.7 | I17: 11722.6 | J17: 13976.9 | K17: 8349.2 | L17: 17229.4 | M17: 18845.4
A18: Кредиты и займы | B18: 28390.8 | C18: 61207.2 | D18: 59011.2 | E18: 68954 | F18: 67520.9 | G18: 83045.5 | H18: 89755 | I18: 112792.7 | J18: 117269.8 | K18: 121437.4 | L18: 144235.6 | M18: 147299.5
... A26: Кредиторская задолженность | B26: 26130.4 | C26: 31735.2 | D26: 31010.8 | E26: 31147.4 | F26: 34573.8 | G26: 43311.8 | H26: 50052.2 | I26: 62625.6 | J26: 62389.9 | K26: 75672.3 | L26: 99740.6 | M26: 155396.4
A29: Справочно:
A30: Количество отчитавшихся предприятий | B30: 1851 | C30: 1871 | D30: 1856 | E30: 1913 | F30: 1996 | G30: 2116 | H30: 2131 | I30: 2042 | J30: 2149 | K30: 2484 | L30: 2761 | M30: 2661
A31: из них: убыточных | B31: 530 | C31: 621 | D31: 547 | E31: 519 | F31: 523 | G31: 547 | H31: 542 | I31: 465 | J31: 385 | K31: 431 | L31: 437 | M31: 508
A32: Рентабельность (прибыль от реализации в
A33: в процентах к расходам на производство), % | B33: 9.9 | C33: 11 | D33: 11.7 | E33: 16.1 | F33: 11.8 | G33: 13.9 | H33: 20.6 | I33: 21.5 | J33: 26 | K33: 20.4 | L33: 19.4 | M33: 24.3
A34: Рентабельность1 (сальдированный финансовый
A35: результат в процентах к среднегодовой
A36: стоимости основных средств), % | B36: 10.3 | C36: 0.7 | D36: 23.4 | E36: 19.9 | F36: 15 | G36: 17 | H36: 22 | I36: 30 | J36: 63.5 | K36: 39.8 | L36: 50.9 | M36: 69.3
A37: Рентабельность1 продаж (сальдированный финан-
A38: совый результат к выручке от реализации), % | B38: 5 | C38: 0.4 | D38: 12.4 | E38: 10.1 | F38: 8.1 | G38: 9.4 | H38: 10.7 | I38: 14.9 | J38: 27.9 | K38: 17 | L38: 19.2 | M38: 21.5
A39: Темп роста валового дохода (в процентах
A40: к предыдущему году) | B40: 102.1 | C40: 99.2 | D40: 115.3 | E40: 110.9 | F40: 105.3 | G40: 119.1 | H40: 120.7 | I40: 117 | J40: 120.3 | K40: 107.7 | L40: 123.5 | M40: 138.3
A41: Коэффициент динамики валового дохода | B41: 0.8 | C41: 1 | D41: 1.2 | E41: 1 | F41: 0.9 | G41: 1.1 | H41: 1 | I41: 1 | J41: 1 | K41: 0.9 | L41: 1.1 | M41: 1.1
A42: Коэффициент ликвидности текущей задолжен-
A43: ности (отношение дебиторской задолженности
A44: к кредиторской) | B44: 1.15 | C44: 0.82 | D44: 0.68 | E44: 0.72 | F44: 0.61 | G44: 0.57 | H44: 0.57 | I44: 0.62 | J44: 1 | K44: 0.89 | L44: 0.81 | M44: 0.77

Sheet IIA5
A1: Вернуться в СОДЕРЖАНИЕ
A2: Таблица II.А.5: Финансовые показатели предприятий по производству
A3: пищевых продуктов, включая напитки
A4: (млн. сомов)
B5: 2014 | C5: 2015 | D5: 2016 | E5: 2017 | F5: 2018 | G5: 2019 | H5: 2020 | I5: 2021 | J5: 2022 | K5: 2023 | L5: 2024 | M5: 2025
A7: Выручка (валовой доход) от реализации продукции (работ, услуг) | B7: 20662.2 | C7: 19499.7 | D7: 22960 | E7: 26844.6 | F7: 28925.8 | G7: 30632.6 | H7: 32861.2 | I7: 46446.5 | J7: 63448.5 | K7: 74368.9 | L7: 91959.9 | M7: 117694.8
A8: Неоперационные доходы и расходы (-) | B8: -218.1 | C8: -2099.3 | D8: -67.7 | E8: -470.5 | F8: -509.7 | G8: -785.8 | H8: -1234 | I8: -469.9 | J8: -631.8 | K8: -399.3 | L8: -888.5 | M8: -1355.4
A9: Сальдированный финансовый результат (прибыль минус убыток) | B9: 1327.7 | C9: -330.3 | D9: 1612.5 | E9: 1635.9 | F9: 2477.5 | G9: 1962.7 | H9: 2159.1 | I9: 5475.7 | J9: 6857.9 | K9: 10160.3 | L9: 12111.8 | M9: 11571.5
A10: Прибыль | B10: 2115.5 | C10: 1469.2 | D10: 1991 | E10: 2165.8 | F10: 3087.8 | G10: 2646.4 | H10: 3160.7 | I10: 5960.4 | J10: 7271 | K10: 10572.6 | L10: 13124.2 | M10: 14818.4
A11: Убытки | B11: 787.7 | C11: 1799.5 | D11: 378.4 | E11: 529.9 | F11: 610.3 | G11: 683.7 | H11: 1001.7 | I11: 484.7 | J11: 413.1 | K11: 412.4 | L11: 1012.5 | M11: 3246.9
A12: Расходы на производство и реализацию продукции (работ, услуг) | B12: 19116.4 | C12: 17730.7 | D12: 21279.8 | E12: 24738.2 | F12: 25938.6 | G12: 27883.1 | H12: 29468.1 | I12: 40501.4 | J12: 55958.8 | K12: 63809.3 | L12: 78959.6 | M12: 104767.8
A13: Финансовые активы | B13: 3755.2 | C13: 3993.8 | D13: 4768.9 | E13: 6188.4 | F13: 5849.2 | G13: 6348.5 | H13: 6674.3 | I13: 5627.8 | J13: 7104.3 | K13: 7912.2 | L13: 11332.9 | M13: 12446.3
A14: Денежные средства | B14: 841.1 | C14: 1018.8 | D14: 1723.5 | E14: 2488.1 | F14: 1949.8 | G14: 2212.8 | H14: 2234.6 | I14: 2803.5 | J14: 4571.7 | K14: 5068.7 | L14: 7454.7 | M14: 9029
A15: Касса | B15: 342.4 | C15: 178.3 | D15: 301.7 | E15: 245.9 | F15: 420.8 | G15: 347.4 | H15: 241.5 | I15: 389.5 | J15: 633.7 | K15: 1308.6 | L15: 1188.8 | M15: 1473.6
A16: Расчетный счет в банках | B16: 349.7 | C16: 488.7 | D16: 722.1 | E16: 1396.8 | F16: 728.7 | G16: 870.2 | H16: 1041.9 | I16: 1814.1 | J16: 2476.5 | K16: 2648.3 | L16: 4444.5 | M16: 5698.5
A17: Валютный счет | B17: 113.4 | C17: 315.8 | D17: 699.7 | E17: 843.9 | F17: 798.2 | G17: 921.7 | H17: 948.9 | I17: 583.4 | J17: 1370.3 | K17: 1055.2 | L17: 1774.4 | M17: 1853.9
A18: Кредиты и займы | B18: 12771.9 | C18: 14597.3 | D18: 13263.2 | E18: 15900.6 | F18: 15818.2 | G18: 15658.4 | H18: 16489.6 | I18: 15502.8 | J18: 14324.6 | K18: 15844.4 | L18: 19015.1 | M18: 17158.5
... A26: Кредиторская задолженность | B26: 3786.5 | C26: 3113.6 | D26: 4424.9 | E26: 4801.9 | F26: 5072.4 | G26: 6660.6 | H26: 7964 | I26: 8514.4 | J26: 12815.5 | K26: 13453.2 | L26: 16747.6 | M26: 18034.9
A29: Справочно:
A30: Количество отчитавшихся предприятий | B30: 424 | C30: 435 | D30: 442 | E30: 453 | F30: 475 | G30: 503 | H30: 498 | I30: 489 | J30: 501 | K30: 554 | L30: 574 | M30: 537
A31: из них: убыточных | B31: 126 | C31: 132 | D31: 115 | E31: 115 | F31: 110 | G31: 121 | H31: 122 | I31: 94 | J31: 80 | K31: 92 | L31: 87 | M31: 84
A32: Рентабельность (прибыль от реализации в
A33: в процентах к расходам на производство), % | B33: 8.1 | C33: 10 | D33: 7.9 | E33: 8.5 | F33: 11.5 | G33: 9.9 | H33: 11.5 | I33: 14.7 | J33: 13.4 | K33: 16.5 | L33: 16.5 | M33: 12.3
A34: Рентабельность1 (сальдированный финансовый
A35: результат в процентах к среднегодовой
A36: стоимости основных средств), % | B36: 11.1 | C36: -2.5 | D36: 12.6 | E36: 11.7 | F36: 15.7 | G36: 11.5 | H36: 12.3 | I36: 29.2 | J36: 33.2 | K36: 44.3 | L36: 45.9 | M36: 42.4
A37: Рентабельность1 продаж (сальдированный финан-
A38: совый результат к выручке от реализации), % | B38: 6.4 | C38: -1.7 | D38: 7 | E38: 6.1 | F38: 8.6 | G38: 6.4 | H38: 6.6 | I38: 11.8 | J38: 10.8 | K38: 13.7 | L38: 13.2 | M38: 9.8
A39: Темп роста валового дохода (в процентах
A40: к предыдущему году) | B40: 113 | C40: 94.4 | D40: 117.7 | E40: 116.9 | F40: 107.8 | G40: 105.9 | H40: 107.3 | I40: 141.3 | J40: 136.6 | K40: 117.2 | L40: 123.7 | M40: 128
A41: Коэффициент динамики валового дохода | B41: 1 | C41: 0.8 | D41: 1.2 | E41: 1 | F41: 0.9 | G41: 1 | H41: 1 | I41: 1.3 | J41: 1 | K41: 0.9 | L41: 1.1 | M41: 1
A42: Коэффициент ликвидности текущей задолжен-
A43: ности (отношение дебиторской задолженности
A44: к кредиторской) | B44: 1.1 | C44: 1.32 | D44: 1.08 | E44: 1.02 | F44: 1.14 | G44: 0.96 | H44: 1.04 | I44: 1.18 | J44: 1.03 | K44: 1.03 | L44: 0.98 | M44: 1.26

Sheet IIA6
A1: Вернуться в СОДЕРЖАНИЕ
A2: Таблица II.А.6: Финансовые показатели предприятий по производству
A3: табачных изделий
A4: (млн. сомов)
B5: 2014 | C5: 2015 | D5: 2016 | E5: 2017 | F5: 2018 | G5: 2019 | H5: 2020 | I5: 2021 | J5: 2022 | K5: 2023 | L5: 2024 | M5: 2025
A7: Выручка (валовой доход) от реализации продукции (работ, услуг) | B7: 651.3 | C7: 58.6 | D7: 19.2 | E7: 4.7 | F7: 37 | G7: 47.2 | H7: 62.4 | I7: 28.9 | J7: 45.1 | K7: 22.3 | L7: 25.7 | M7: 50.3
A8: Неоперационные доходы и расходы (-) | B8: 11.9 | C8: 315.6 | D8: -94.4 | E8: -9.5 | F8: -5.3 | G8: -1.7 | H8: 241.5 | I8: 33 | J8: 120.5 | K8: 37.1 | L8: -21.2 | M8: 4.1
A9: Сальдированный финансовый результат (прибыль минус убыток) | B9: -100.3 | C9: 260.2 | D9: -126.8 | E9: -47.5 | F9: -18.1 | G9: -29.7 | H9: 132.1 | I9: -9.4 | J9: 105.6 | K9: 29.2 | L9: -27.5 | M9: 0.7
A10: Прибыль | B10: 22.4 | C10: 260.2 | D10: 0.1 | E10: 1.6 | F10: 0.3 | G10: 1.8 | H10: 133.4 | I10: 1.8 | J10: 110.2 | K10: 31.7 | L10: 0.1 | M10: 2.7
A11: Убытки | B11: 122.7 | C11: - | D11: 126.9 | E11: 49.1 | F11: 18.4 | G11: 31.4 | H11: 1.4 | I11: 11.2 | J11: 4.6 | K11: 2.4 | L11: 27.6 | M11: 2
A12: Расходы на производство и реализацию продукции (работ, услуг) | B12: 763.5 | C12: 114 | D12: 51.6 | E12: 42.7 | F12: 49.8 | G12: 75.2 | H12: 171.8 | I12: 71.4 | J12: 60 | K12: 30.2 | L12: 31.9 | M12: 53.7
A13: Финансовые активы | B13: 834.8 | C13: 851 | D13: 692.7 | E13: 635.8 | F13: 628.4 | G13: 609 | H13: 755.9 | I13: 725.6 | J13: 991.2 | K13: 913.2 | L13: 858.1 | M13: 856
A14: Денежные средства | B14: 834.8 | C14: 850.9 | D14: 692.7 | E14: 635.8 | F14: 628.4 | G14: 609 | H14: 755.9 | I14: 725.6 | J14: 991.2 | K14: 913.2 | L14: 858.1 | M14: 856
A15: Касса | B15: 0.7 | C15: 0 | D15: 0 | E15: 0.1 | F15: 0.1 | G15: 0.5 | H15: 0 | I15: 0.1 | J15: 0 | K15: 0 | L15: 0 | M15: 0
A16: Расчетный счет в банках | B16: 834.2 | C16: 850.9 | D16: 692.7 | E16: 2.9 | F16: 0.2 | G16: 1.2 | H16: 0.2 | I16: 0.1 | J16: 2.3 | K16: 1.3 | L16: 0.3 | M16: 0.7
A17: Валютный счет | B17: - | C17: - | D17: - | E17: 632.9 | F17: 628.2 | G17: 607.3 | H17: 755.7 | I17: 725.4 | J17: 988.9 | K17: 911.9 | L17: 857.8 | M17: 855.3
A18: Кредиты и займы | B18: 395 | C18: 23.9 | D18: 13.8 | E18: 25.6 | F18: 45.6 | G18: 60.8 | H18: 84.6 | I18: 84.5 | J18: 69.1 | K18: 73.4 | L18: 49.3 | M18: 90
A19: Наличие товарно-материальных ценностей | B19: 91.7 | C19: 35.5 | D19: 235.9 | E19: 226.1 | F19: 236.4 | G19: 229.8 | H19: 207.3 | I19: 186.1 | J19: 33.1 | K19: 40.9 | L19: 38.4 | M19: 41.8
A20: Производственные запасы | B20: 21.6 | C20: 24.5 | D20: 13.5 | E20: 5.8 | F20: 28.3 | G20: 19.6 | H20: 23.6 | I20: 16.8 | J20: 19.6 | K20: 27 | L20: 25.2 | M20: 30.3
A21: Готовая продукция | B21: 3.4 | C21: 1.7 | D21: 3.4 | E21: 3.4 | F21: 3.4 | G21: 17.7 | H21: 0.3 | I21: 1.7 | J21: 1.4 | K21: 1.5 | L21: 2.7 | M21: 1.3
A22: Товары | B22: - | C22: - | D22: 215.7 | E22: 201.4 | F22: 190 | G22: 179.2 | H22: 164.8 | I22: 155 | J22: - | K22: - | L22: - | M22: -
A23: Незавершенное производство | B23: 0 | C23: - | D23: - | E23: - | F23: - | G23: - | H23: 7.2 | I23: 6.8 | J23: 7.6 | K23: 7.8 | L23: 6.2 | M23: 6.2
A24: Среднегодовая стоимость основных средств | B24: 480 | C24: 390.9 | D24: 160.7 | E24: 46 | F24: 44.9 | G24: 46.6 | H24: 48.1 | I24: 45.2 | J24: 42.4 | K24: 42.3 | L24: 42.4 | M24: 41.3
A25: Дебиторская задолженность | B25: 56.1 | C25: 30.3 | D25: 8.4 | E25: 5.4 | F25: 8.6 | G25: 11 | H25: 54.6 | I25: 45.4 | J25: 44.9 | K25: 34 | L25: 18.9 | M25: 30.8
A26: Кредиторская задолженность | B26: 113.8 | C26: 24.5 | D26: 16.8 | E26: 6.7 | F26: 10.8 | G26: 10.9 | H26: 18.5 | I26: 19 | J26: 23.8 | K26: 12.7 | L26: 16.7 | M26: 4.8
A29: Справочно:
A30: Количество отчитавшихся предприятий | B30: 7 | C30: 7 | D30: 7 | E30: 5 | F30: 6 | G30: 11 | H30: 10 | I30: 7 | J30: 8 | K30: 8 | L30: 8 | M30: 6
A31: из них: убыточных | B31: 2 | C31: - | D31: 3 | E31: 2 | F31: 3 | G31: 5 | H31: 3 | I31: 6 | J31: 4 | K31: 3 | L31: 3 | M31: 1
A32: Рентабельность (прибыль от реализации в
A33: в процентах к расходам на производство), % | B33: -14.7 | C33: -48.6 | D33: -62.8 | E33: -89.1 | F33: -25.8 | G33: -37.2 | H33: -63.7 | I33: -59.5 | J33: -24.8 | K33: -26 | L33: -19.6 | M33: -6.3
A34: Рентабельность1 (сальдированный финансовый
A35: результат в процентах к среднегодовой
A36: стоимости основных средств), % | B36: -20.9 | C36: 66.6 | D36: -78.9 | E36: -103.2 | F36: -40.4 | G36: -63.6 | H36: 274.8 | I36: -20.8 | J36: 248.9 | K36: 69.2 | L36: -64.8 | M36: 1.7
A37: Рентабельность1 продаж (сальдированный финан-
A38: совый результат к выручке от реализации), % | B38: -15.4 | C38: 444.2 | D38: -660.9 | E38: -1017.1 | F38: -49 | G38: -62.8 | H38: 211.6 | I38: -32.4 | J38: 234.3 | K38: 130.9 | L38: -107.1 | M38: 1.4
A39: Темп роста валового дохода (в процентах
A40: к предыдущему году) | B40: 131.1 | C40: 9 | D40: 32.8 | E40: 24.3 | F40: в 8р. | G40: 127.6 | H40: 132.2 | I40: 46.4 | J40: 155.8 | K40: 49.5 | L40: 114.9 | M40: 196.1
A41: Коэффициент динамики валового дохода | B41: 2 | C41: 0.1 | D41: 3.6 | E41: 0.7 | F41: 32.6 | G41: 0.2 | H41: 1 | I41: 0.4 | J41: 3.4 | K41: 37.6 | L41: 38.6 | M41: 1.7
A42: Коэффициент ликвидности текущей задолжен-
A43: ности (отношение дебиторской задолженности
A44: к кредиторской) | B44: 0.49 | C44: 1.24 | D44: 0.5 | E44: 0.8 | F44: 0.8 | G44: 1.01 | H44: 2.95 | I44: 2.39 | J44: 1.89 | K44: 2.68 | L44: 1.13 | M44: 6.35

Sheet IIA7
A1: Вернуться в СОДЕРЖАНИЕ
A2: Таблица II.А.7: Финансовые показатели предприятий текстильного производства,
A3: по производству одежды и обуви, кожанных изделий
A4: (млн. сомов)
B5: 2014 | C5: 2015 | D5: 2016 | E5: 2017 | F5: 2018 | G5: 2019 | H5: 2020 | I5: 2021 | J5: 2022 | K5: 2023 | L5: 2024 | M5: 2025
A7: Выручка (валовой доход) от реализации продукции (работ, услуг) | B7: 3934.9 | C7: 2681.2 | D7: 2480.9 | E7: 2217.2 | F7: 2377 | G7: 3532.1 | H7: 4050.3 | I7: 5548 | J7: 6699.9 | K7: 8638.8 | L7: 8795.3 | M7: 14114.8
A8: Неоперационные доходы и расходы (-) | B8: -140.6 | C8: -235.8 | D8: -69.2 | E8: 32.8 | F8: -53.2 | G8: -31.5 | H8: -179.6 | I8: 31.2 | J8: 13.1 | K8: -172.9 | L8: -240 | M8: 34
A9: Сальдированный финансовый результат (прибыль минус убыток) | B9: -64.4 | C9: -110.6 | D9: 117.7 | E9: 215.6 | F9: 68.9 | G9: 109.3 | H9: -84.4 | I9: -66.8 | J9: 237.4 | K9: 848.3 | L9: 562.8 | M9: 1846.8
A10: Прибыль | B10: 180.7 | C10: 100.1 | D10: 228.3 | E10: 248.8 | F10: 110.7 | G10: 213.6 | H10: 176.8 | I10: 309.4 | J10: 452.1 | K10: 1060.5 | L10: 1053.7 | M10: 2244.3
A11: Убытки | B11: 245.2 | C11: 210.7 | D11: 110.6 | E11: 33.2 | F11: 41.8 | G11: 104.2 | H11: 261.1 | I11: 376.1 | J11: 214.6 | K11: 212.2 | L11: 490.9 | M11: 397.5
A12: Расходы на производство и реализацию продукции (работ, услуг) | B12: 3858.7 | C12: 2556 | D12: 2294 | E12: 2034.5 | F12: 2254.8 | G12: 3391.2 | H12: 3955.1 | I12: 5645.9 | J12: 6475.6 | K12: 7617.7 | L12: 7992.5 | M12: 12295
A13: Финансовые активы | B13: 209.5 | C13: 109.6 | D13: 233 | E13: 242.4 | F13: 326 | G13: 508.3 | H13: 980.4 | I13: 1038.9 | J13: 1367.1 | K13: 1940.3 | L13: 2350.8 | M13: 3141
A14: Денежные средства | B14: 152.8 | C14: 100.2 | D14: 208.2 | E14: 198.2 | F14: 290.2 | G14: 471.3 | H14: 310.3 | I14: 400.3 | J14: 533.7 | K14: 548.3 | L14: 904.4 | M14: 1597.1
A15: Касса | B15: 128.8 | C15: 74.2 | D15: 126.9 | E15: 106.9 | F15: 191.2 | G15: 367 | H15: 148.6 | I15: 106.9 | J15: 141.8 | K15: 316.3 | L15: 431.9 | M15: 749
A16: Расчетный счет в банках | B16: 19 | C16: 16.9 | D16: 50.9 | E16: 81 | F16: 96.6 | G16: 97.9 | H16: 130.9 | I16: 93.8 | J16: 137.8 | K16: 178.8 | L16: 219.5 | M16: 713.8
A17: Валютный счет | B17: 5 | C17: 9.1 | D17: 30.5 | E17: 9.9 | F17: 2.4 | G17: 6.4 | H17: 30.8 | I17: 185.8 | J17: 254.1 | K17: 53.2 | L17: 153.1 | M17: 134.3
A18: Кредиты и займы | B18: 4319.9 | C18: 4242 | D18: 2030.9 | E18: 2784.2 | F18: 1787.7 | G18: 1854 | H18: 3089.4 | I18: 3739 | J18: 5394.2 | K18: 4966.9 | L18: 5746.5 | M18: 4622.3
... A26: Кредиторская задолженность | B26: 840.7 | C26: 1366 | D26: 1618.1 | E26: 919.3 | F26: 1511.6 | G26: 1553.5 | H26: 2073.2 | I26: 2545.8 | J26: 2783.7 | K26: 3156.4 | L26: 4487 | M26: 6074.9
A29: Справочно:
A30: Количество отчитавшихся предприятий | B30: 193 | C30: 205 | D30: 201 | E30: 209 | F30: 217 | G30: 224 | H30: 235 | I30: 237 | J30: 282 | K30: 399 | L30: 524 | M30: 499
A31: из них: убыточных | B31: 49 | C31: 64 | D31: 40 | E31: 46 | F31: 43 | G31: 42 | H31: 46 | I31: 40 | J31: 40 | K31: 65 | L31: 89 | M31: 101
A32: Рентабельность (прибыль от реализации в
A33: в процентах к расходам на производство), % | B33: 2 | C33: 4.9 | D33: 8.1 | E33: 9 | F33: 5.4 | G33: 4.2 | H33: 2.4 | I33: -1.7 | J33: 3.5 | K33: 13.4 | L33: 10 | M33: 14.8
A34: Рентабельность1 (сальдированный финансовый
A35: результат в процентах к среднегодовой
A36: стоимости основных средств), % | B36: -3.9 | C36: -6.7 | D36: 5.5 | E36: 9.6 | F36: 3.1 | G36: 4.5 | H36: -2.8 | I36: -1.8 | J36: 5.6 | K36: 13.8 | L36: 8.6 | M36: 25.8
A37: Рентабельность1 продаж (сальдированный финан-
A38: совый результат к выручке от реализации), % | B38: -1.6 | C38: -4.1 | D38: 4.7 | E38: 9.7 | F38: 2.9 | G38: 3.1 | H38: -2.1 | I38: -1.2 | J38: 3.5 | K38: 9.8 | L38: 6.4 | M38: 13.1
A39: Темп роста валового дохода (в процентах
A40: к предыдущему году) | B40: 93.7 | C40: 68.1 | D40: 92.5 | E40: 89.4 | F40: 107.2 | G40: 148.6 | H40: 114.7 | I40: 137 | J40: 120.8 | K40: 128.9 | L40: 101.8 | M40: 160.5
A41: Коэффициент динамики валового дохода | B41: 1.2 | C41: 0.7 | D41: 1.4 | E41: 1 | F41: 1.2 | G41: 1.4 | H41: 0.8 | I41: 1.2 | J41: 0.9 | K41: 1.1 | L41: 0.8 | M41: 1.6
A42: Коэффициент ликвидности текущей задолжен-
A43: ности (отношение дебиторской задолженности
A44: к кредиторской) | B44: 4.56 | C44: 2.6 | D44: 0.37 | E44: 0.7 | F44: 0.43 | G44: 0.57 | H44: 0.61 | I44: 0.72 | J44: 0.86 | K44: 0.84 | L44: 0.55 | M44: 0.54

Sheet IIA8
A1: Вернуться в СОДЕРЖАНИЕ
A2: Таблица II.А.8: Финансовые показатели предприятий по производству
A3: деревянных и бумажных изделий; полиграфической деятельности
A4: (млн. сомов)
B5: 2014 | C5: 2015 | D5: 2016 | E5: 2017 | F5: 2018 | G5: 2019 | H5: 2020 | I5: 2021 | J5: 2022 | K5: 2023 | L5: 2024 | M5: 2025
A7: Выручка (валовой доход) от реализации продукции (работ, услуг) | B7: 1757.2 | C7: 1958.6 | D7: 1924 | E7: 1763 | F7: 2033.1 | G7: 2021.7 | H7: 1989.8 | I7: 2652.9 | J7: 3534.1 | K7: 4806.1 | L7: 6310.5 | M7: 8778
A8: Неоперационные доходы и расходы (-) | B8: -67.2 | C8: -191.2 | D8: -87.8 | E8: -148.7 | F8: -74.6 | G8: -110.9 | H8: -118.7 | I8: -88.4 | J8: -60.1 | K8: -145.1 | L8: 501.1 | M8: 142.3
A9: Сальдированный финансовый результат (прибыль минус убыток) | B9: 102.7 | C9: -26.8 | D9: 27.5 | E9: -50.7 | F9: -13 | G9: 60.2 | H9: 12.2 | I9: 165.8 | J9: 333.5 | K9: 564.9 | L9: 1435.6 | M9: 1248.9
A10: Прибыль | B10: 161.6 | C10: 104.5 | D10: 127.6 | E10: 101.8 | F10: 106.1 | G10: 157.3 | H10: 192.9 | I10: 291.9 | J10: 385.8 | K10: 634.6 | L10: 1513.9 | M10: 1574.6
A11: Убытки | B11: 58.9 | C11: 131.3 | D11: 100.1 | E11: 152.5 | F11: 119.1 | G11: 97.1 | H11: 180.8 | I11: 126.1 | J11: 52.3 | K11: 69.7 | L11: 78.3 | M11: 325.7
A12: Расходы на производство и реализацию продукции (работ, услуг) | B12: 1586.9 | C12: 1794.2 | D12: 1791.6 | E12: 1665 | F12: 1971.5 | G12: 1850 | H12: 1858.9 | I12: 2398.7 | J12: 3140.5 | K12: 4096.1 | L12: 5375.9 | M12: 7671.5
A13: Финансовые активы | B13: 240.7 | C13: 294.8 | D13: 398.7 | E13: 305.7 | F13: 385.7 | G13: 285.6 | H13: 267.6 | I13: 357 | J13: 522.9 | K13: 903.5 | L13: 988.9 | M13: 1263.2
A14: Денежные средства | B14: 129.1 | C14: 218.5 | D14: 318.6 | E14: 232.1 | F14: 315.6 | G14: 219.6 | H14: 196.6 | I14: 284.7 | J14: 433.8 | K14: 822.7 | L14: 920.7 | M14: 1138.6
A15: Касса | B15: 35.9 | C15: 145.2 | D15: 212.2 | E15: 165 | F15: 247.1 | G15: 139.9 | H15: 95.9 | I15: 109 | J15: 106.6 | K15: 129.6 | L15: 254.4 | M15: 245.5
A16: Расчетный счет в банках | B16: 71 | C16: 39.6 | D16: 56.3 | E16: 64.8 | F16: 64.5 | G16: 76.2 | H16: 77.1 | I16: 107.9 | J16: 217 | K16: 528.8 | L16: 521.1 | M16: 655.3
A17: Валютный счет | B17: 22.2 | C17: 23.8 | D17: 50.1 | E17: 2.2 | F17: 4 | G17: 3.5 | H17: 23.4 | I17: 67.7 | J17: 110.2 | K17: 164.3 | L17: 145.2 | M17: 237.2
A18: Кредиты и займы | B18: 882.5 | C18: 917.4 | D18: 1193.4 | E18: 1233 | F18: 1360.5 | G18: 1217.3 | H18: 1210.2 | I18: 1298.5 | J18: 1262.5 | K18: 1831.9 | L18: 1617.9 | M18: 1102
... A26: Кредиторская задолженность | B26: 664.4 | C26: 588.9 | D26: 549.9 | E26: 563.5 | F26: 536.7 | G26: 517.7 | H26: 688.5 | I26: 756.4 | J26: 892.7 | K26: 1339 | L26: 1512.2 | M26: 2916.7
A29: Справочно:
A30: Количество отчитавшихся предприятий | B30: 217 | C30: 219 | D30: 207 | E30: 223 | F30: 229 | G30: 229 | H30: 229 | I30: 194 | J30: 193 | K30: 201 | L30: 202 | M30: 190
A31: из них: убыточных | B31: 66 | C31: 69 | D31: 68 | E31: 63 | F31: 66 | G31: 61 | H31: 63 | I31: 46 | J31: 40 | K31: 37 | L31: 23 | M31: 40
A32: Рентабельность (прибыль от реализации в
A33: в процентах к расходам на производство), % | B33: 10.7 | C33: 9.2 | D33: 7.4 | E33: 5.9 | F33: 3.1 | G33: 9.3 | H33: 7 | I33: 10.6 | J33: 12.5 | K33: 17.3 | L33: 17.4 | M33: 14.4
A34: Рентабельность1 (сальдированный финансовый
A35: результат в процентах к среднегодовой
A36: стоимости основных средств), % | B36: 6.9 | C36: -3.2 | D36: 3.1 | E36: -5.6 | F36: -1.5 | G36: 7.2 | H36: 1.5 | I36: 20.9 | J36: 34.8 | K36: 36.7 | L36: 62.4 | M36: 30.7
A37: Рентабельность1 продаж (сальдированный финан-
A38: совый результат к выручке от реализации), % | B38: 5.8 | C38: -1.4 | D38: 1.4 | E38: -2.9 | F38: -0.6 | G38: 3 | H38: 0.6 | I38: 6.2 | J38: 9.4 | K38: 11.8 | L38: 22.7 | M38: 14.2
A39: Темп роста валового дохода (в процентах
A40: к предыдущему году) | B40: 98.4 | C40: 111.5 | D40: 98.2 | E40: 91.6 | F40: 115.3 | G40: 99.4 | H40: 98.4 | I40: 133.3 | J40: 133.2 | K40: 136 | L40: 131.3 | M40: 139.1
A41: Коэффициент динамики валового дохода | B41: 1 | C41: 1.1 | D41: 0.9 | E41: 0.9 | F41: 1.3 | G41: 0.9 | H41: 1 | I41: 1.4 | J41: 1 | K41: 1 | L41: 1 | M41: 1.1
A42: Коэффициент ликвидности текущей задолжен-
A43: ности (отношение дебиторской задолженности
A44: к кредиторской) | B44: 0.91 | C44: 0.82 | D44: 1.02 | E44: 0.95 | F44: 0.89 | G44: 1.07 | H44: 1.28 | I44: 1.39 | J44: 1.22 | K44: 0.91 | L44: 1.22 | M44: 0.71

Sheet IIA9
A1: Вернуться в СОДЕРЖАНИЕ
A2: Таблица II.А.9: Финансовые показатели предприятий по производству
A3: кокса и очищенных нефтепродуктов
A4: (млн. сомов)
B5: 2014 | C5: 2015 | D5: 2016 | E5: 2017 | F5: 2018 | G5: 2019 | H5: 2020 | I5: 2021 | J5: 2022 | K5: 2023 | L5: 2024 | M5: 2025
A7: Выручка (валовой доход) от реализации продукции (работ, услуг) | B7: 3589.2 | C7: 5265.2 | D7: 8142 | E7: 12868.4 | F7: 13652.7 | G7: 6179.6 | H7: 1301.4 | I7: 3695.9 | J7: 7628.6 | K7: 7136.3 | L7: 15024.1 | M7: 20590.7
A8: Неоперационные доходы и расходы (-) | B8: -4013.4 | C8: -6393.3 | D8: 1603.4 | E8: -1459.6 | F8: -1942.8 | G8: -1794.3 | H8: -10123 | I8: -2695.7 | J8: -3217.1 | K8: -4815.8 | L8: -1104.7 | M8: -2635.6
A9: Сальдированный финансовый результат (прибыль минус убыток) | B9: -4149.2 | C9: -7322 | D9: 934.8 | E9: -2031.9 | F9: -3300.1 | G9: -5007.1 | H9: -11920.6 | I9: -4754 | J9: -3886.3 | K9: -5372.8 | L9: -1014.9 | M9: -2512.9
A10: Прибыль | B10: 156 | C10: 96.1 | D10: 990.1 | E10: - | F10: 55.6 | G10: 42.4 | H10: 0.1 | I10: 207.4 | J10: 376.2 | K10: 715.8 | L10: 838.6 | M10: 1361.2
A11: Убытки | B11: 4305.2 | C11: 7418.2 | D11: 55.3 | E11: 2031.9 | F11: 3355.8 | G11: 5049.5 | H11: 11920.7 | I11: 4961.4 | J11: 4262.5 | K11: 6088.6 | L11: 1853.5 | M11: 3874.1
A12: Расходы на производство и реализацию продукции (работ, услуг) | B12: 3725 | C12: 6193.9 | D12: 8810.6 | E12: 13440.7 | F12: 15010.1 | G12: 9392.5 | H12: 3099 | I12: 5754.1 | J12: 8297.9 | K12: 7693.3 | L12: 14934.3 | M12: 20468
A13: Финансовые активы | B13: 1430.4 | C13: 682.4 | D13: 413.5 | E13: 1195.8 | F13: 629.1 | G13: 553.2 | H13: 513.5 | I13: 691.9 | J13: 852.8 | K13: 1381 | L13: 3311.7 | M13: 1552.2
A14: Денежные средства | B14: 1430.4 | C14: 682.4 | D14: 393.5 | E14: 1195.8 | F14: 343.2 | G14: 236.6 | H14: 204.2 | I14: 377.3 | J14: 535.8 | K14: 1053.8 | L14: 2994.7 | M14: 1200.7
A15: Касса | B15: 103.2 | C15: 9 | D15: 7.2 | E15: 2.3 | F15: 23.5 | G15: 10.3 | H15: 6.1 | I15: 80.4 | J15: 68.4 | K15: 176.7 | L15: 91.8 | M15: 145.3
A16: Расчетный счет в банках | B16: 1036 | C16: 16.6 | D16: 81.1 | E16: 279 | F16: 309.8 | G16: 216.6 | H16: 32.4 | I16: 241.2 | J16: 294 | K16: 660.5 | L16: 1535.1 | M16: 851
A17: Валютный счет | B17: 291.2 | C17: 656.8 | D17: 305.1 | E17: 914.5 | F17: 9.9 | G17: 9.7 | H17: 165.7 | I17: 55.7 | J17: 173.4 | K17: 216.6 | L17: 1367.9 | M17: 204.4
A18: Кредиты и займы | B18: 432.7 | C18: 29318.4 | D18: 31344.1 | E18: 36299.3 | F18: 34854.5 | G18: 36472.5 | H18: 45034.1 | I18: 44813.8 | J18: 45401.2 | K18: 47421.3 | L18: 48714.1 | M18: 48908.1
A19: Наличие товарно-материальных ценностей | B19: 4553.6 | C19: 5040 | D19: 3598.9 | E19: 4623.8 | F19: 4029.2 | G19: 3399.5 | H19: 4505.8 | I19: 5074.1 | J19: 4622.4 | K19: 4830.5 | L19: 7350.1 | M19: 10102.2
A20: Производственные запасы | B20: 2125.2 | C20: 803.3 | D20: 1099.1 | E20: 2592 | F20: 1790.1 | G20: 1605.2 | H20: 2728.1 | I20: 2726.4 | J20: 2508.5 | K20: 2701.7 | L20: 2082.5 | M20: 5042.7
A21: Готовая продукция | B21: 294.8 | C21: 1717.4 | D21: 864.2 | E21: 889.7 | F21: 651.9 | G21: 216.7 | H21: 169.2 | I21: 721.9 | J21: 583.8 | K21: 468.1 | L21: 3144.1 | M21: 2623.8
A22: Товары | B22: 24.6 | C22: 29 | D22: 18.9 | E22: 13.9 | F22: 27.8 | G22: 53.5 | H22: 4.9 | I22: 75.1 | J22: 77.7 | K22: 31.9 | L22: 114.7 | M22: 78.8
... A26: Кредиторская задолженность | B26: 4679.9 | C26: 5390.8 | D26: 3679.8 | E26: 2869 | F26: 4638.9 | G26: 5764.7 | H26: 8692.8 | I26: 11867.3 | J26: 14079.5 | K26: 17286.3 | L26: 23928 | M26: 30864.8
A29: Справочно:
A30: Количество отчитавшихся предприятий | B30: 17 | C30: 16 | D30: 13 | E30: 12 | F30: 14 | G30: 16 | H30: 15 | I30: 18 | J30: 18 | K30: 21 | L30: 24 | M30: 24
A31: из них: убыточных | B31: 10 | C31: 11 | D31: 5 | E31: 9 | F31: 7 | G31: 9 | H31: 9 | I31: 10 | J31: 6 | K31: 8 | L31: 7 | M31: 4
A32: Рентабельность (прибыль от реализации в
A33: в процентах к расходам на производство), % | B33: -3.6 | C33: -15 | D33: -7.6 | E33: -4.3 | F33: -9 | G33: -34.2 | H33: -58 | I33: -35.8 | J33: -8.1 | K33: -7.2 | L33: 0.6 | M33: 0.6
A34: Рентабельность1 (сальдированный финансовый
A35: результат в процентах к среднегодовой
A36: стоимости основных средств), % | B36: -40.3 | C36: -60 | D36: 7.2 | E36: -15 | F36: -23.3 | G36: -35 | H36: -87.9 | I36: -37.8 | J36: -33.7 | K36: -49.8 | L36: -9.9 | M36: -24.1
A37: Рентабельность1 продаж (сальдированный финан-
A38: совый результат к выручке от реализации), % | B38: -115.6 | C38: -139.1 | D38: 11.5 | E38: -15.8 | F38: -24.2 | G38: -81 | H38: -916 | I38: -128.6 | J38: -50.9 | K38: -75.3 | L38: -6.8 | M38: -12.2
A39: Темп роста валового дохода (в процентах
A40: к предыдущему году) | B40: 356.1 | C40: 146.7 | D40: 154.6 | E40: 158 | F40: 106.1 | G40: 45.3 | H40: 21.1 | I40: 284 | J40: 206.4 | K40: 93.5 | L40: 210.5 | M40: 137.1
A41: Коэффициент динамики валового дохода | B41: 3.8 | C41: 0.4 | D41: 1.1 | E41: 1 | F41: 0.7 | G41: 0.4 | H41: 0.5 | I41: 13.5 | J41: 0.7 | K41: 0.5 | L41: 2.3 | M41: 0.7
A42: Коэффициент ликвидности текущей задолжен-
A43: ности (отношение дебиторской задолженности
A44: к кредиторской) | B44: 0.71 | C44: 1.05 | D44: 1.6 | E44: 1.96 | F44: 0.78 | G44: 0.6 | H44: 0.39 | I44: 0.28 | J44: 0.27 | K44: 0.19 | L44: 0.29 | M44: 0.31

Sheet IIA10
A1: Вернуться в СОДЕРЖАНИЕ
A2: Таблица II.А.10: Финансовые показатели предприятий по производству
A3: химической продукции
A4: (млн. сомов)
B5: 2014 | C5: 2015 | D5: 2016 | E5: 2017 | F5: 2018 | G5: 2019 | H5: 2020 | I5: 2021 | J5: 2022 | K5: 2023 | L5: 2024 | M5: 2025
A7: Выручка (валовой доход) от реализации продукции (работ, услуг) | B7: 1109.1 | C7: 873.7 | D7: 718.5 | E7: 865 | F7: 922.4 | G7: 785.6 | H7: 836 | I7: 911.6 | J7: 1454.3 | K7: 2214.5 | L7: 2711 | M7: 3973.2
A8: Неоперационные доходы и расходы (-) | B8: -67.9 | C8: -201.9 | D8: -143.3 | E8: 194.2 | F8: -53.7 | G8: -100.6 | H8: -219.8 | I8: -153.1 | J8: -95.1 | K8: -102.8 | L8: -48 | M8: -36
A9: Сальдированный финансовый результат (прибыль минус убыток) | B9: 75.4 | C9: -324.5 | D9: -146 | E9: 174.6 | F9: -144.3 | G9: -230.2 | H9: -257.1 | I9: -236 | J9: -104.8 | K9: 143.3 | L9: 274.4 | M9: 365.5
A10: Прибыль | B10: 198.8 | C10: 132.2 | D10: 93.5 | E10: 267.8 | F10: 42.1 | G10: 28.6 | H10: 76.5 | I10: 65.4 | J10: 73.8 | K10: 261.7 | L10: 313.7 | M10: 562.7
A11: Убытки | B11: 123.3 | C11: 456.7 | D11: 239.5 | E11: 93.2 | F11: 186.5 | G11: 258.8 | H11: 333.6 | I11: 301.5 | J11: 178.6 | K11: 118.4 | L11: 39.3 | M11: 197.2
A12: Расходы на производство и реализацию продукции (работ, услуг) | B12: 965.8 | C12: 996.3 | D12: 721.2 | E12: 884.7 | F12: 1013 | G12: 915.1 | H12: 873.3 | I12: 994.5 | J12: 1464 | K12: 1968.4 | L12: 2388.6 | M12: 3571.7
A13: Финансовые активы | B13: 96 | C13: 138.6 | D13: 150 | E13: 201 | F13: 313.1 | G13: 259 | H13: 409.2 | I13: 335.5 | J13: 262.2 | K13: 245.2 | L13: 326 | M13: 382.2
A14: Денежные средства | B14: 57.2 | C14: 87.7 | D14: 43.2 | E14: 83.8 | F14: 78.2 | G14: 49.2 | H14: 115.7 | I14: 105.6 | J14: 161 | K14: 189.3 | L14: 288.8 | M14: 345.5
A15: Касса | B15: 17.6 | C15: 11.4 | D15: 28.1 | E15: 22.6 | F15: 27.7 | G15: 12.1 | H15: 30.2 | I15: 11.8 | J15: 17.9 | K15: 78.6 | L15: 101.7 | M15: 82.7
A16: Расчетный счет в банках | B16: 34.1 | C16: 65.8 | D16: 14.5 | E16: 45.5 | F16: 19.3 | G16: 30.1 | H16: 43.8 | I16: 43.1 | J16: 67.6 | K16: 84.3 | L16: 103.3 | M16: 161.2
A17: Валютный счет | B17: 5.5 | C17: 10.5 | D17: 0.6 | E17: 15.7 | F17: 31.2 | G17: 7 | H17: 41.7 | I17: 50.7 | J17: 75.5 | K17: 25.8 | L17: 83.8 | M17: 101.6
A18: Кредиты и займы | B18: 555.4 | C18: 631.1 | D18: 750.9 | E18: 804.2 | F18: 929.3 | G18: 1254.2 | H18: 1501.2 | I18: 1635.3 | J18: 1605.4 | K18: 831.5 | L18: 794 | M18: 1156.4
... A26: Кредиторская задолженность | B26: 646.8 | C26: 768.2 | D26: 534.5 | E26: 505.9 | F26: 559.3 | G26: 691.9 | H26: 903.8 | I26: 1276.2 | J26: 1399.8 | K26: 892.3 | L26: 606.8 | M26: 712.5
A29: Справочно:
A30: Количество отчитавшихся предприятий | B30: 50 | C30: 49 | D30: 50 | E30: 56 | F30: 59 | G30: 67 | H30: 67 | I30: 68 | J30: 83 | K30: 106 | L30: 110 | M30: 110
A31: из них: убыточных | B31: 16 | C31: 17 | D31: 20 | E31: 25 | F31: 25 | G31: 28 | H31: 23 | I31: 18 | J31: 18 | K31: 27 | L31: 19 | M31: 28
A32: Рентабельность (прибыль от реализации в
A33: в процентах к расходам на производство), % | B33: 14.8 | C33: -12.3 | D33: -0.4 | E33: -2.2 | F33: -8.9 | G33: -14.2 | H33: -4.3 | I33: -8.3 | J33: -0.7 | K33: 12.5 | L33: 13.5 | M33: 11.2
A34: Рентабельность1 (сальдированный финансовый
A35: результат в процентах к среднегодовой
A36: стоимости основных средств), % | B36: 13.8 | C36: -65.8 | D36: -33.5 | E36: 31.4 | F36: -18.4 | G36: -23.9 | H36: -29.6 | I36: -29.4 | J36: -12 | K36: 20.9 | L36: 19.4 | M36: 16.8
A37: Рентабельность1 продаж (сальдированный финан-
A38: совый результат к выручке от реализации), % | B38: 6.8 | C38: -37.1 | D38: -20.3 | E38: 20.2 | F38: -15.6 | G38: -29.3 | H38: -30.8 | I38: -25.9 | J38: -7.2 | K38: 6.5 | L38: 10.1 | M38: 9.2
A39: Темп роста валового дохода (в процентах
A40: к предыдущему году) | B40: 97 | C40: 78.8 | D40: 82.2 | E40: 120.4 | F40: 106.6 | G40: 85.2 | H40: 106.4 | I40: 109 | J40: 159.5 | K40: 152.3 | L40: 122.4 | M40: 146.6
A41: Коэффициент динамики валового дохода | B41: 1 | C41: 0.8 | D41: 1 | E41: 1.5 | F41: 0.9 | G41: 0.8 | H41: 1.2 | I41: 1 | J41: 1.5 | K41: 1 | L41: 0.8 | M41: 1.2
A42: Коэффициент ликвидности текущей задолжен-
A43: ности (отношение дебиторской задолженности
A44: к кредиторской) | B44: 1.25 | C44: 1.28 | D44: 1.02 | E44: 0.96 | F44: 1.11 | G44: 0.87 | H44: 0.81 | I44: 0.45 | J44: 0.41 | K44: 0.8 | L44: 1.1 | M44: 1.05

Sheet IIA11
A1: Вернуться в СОДЕРЖАНИЕ
A2: Таблица II.А.11: Финансовые показатели предприятий по производству
A3: фармацевтической продукции
A4: (млн. сомов)
B5: 2014 | C5: 2015 | D5: 2016 | E5: 2017 | F5: 2018 | G5: 2019 | H5: 2020 | I5: 2021 | J5: 2022 | K5: 2023 | L5: 2024 | M5: 2025
A7: Выручка (валовой доход) от реализации продукции (работ, услуг) | B7: 266.6 | C7: 328.1 | D7: 294.1 | E7: 485.6 | F7: 350.8 | G7: 415.8 | H7: 865.2 | I7: 876.4 | J7: 819.9 | K7: 717.3 | L7: 1156.8 | M7: 1191
A8: Неоперационные доходы и расходы (-) | B8: -3.4 | C8: -6.1 | D8: -3.1 | E8: -6 | F8: -7.1 | G8: -5.5 | H8: -73.5 | I8: -39.5 | J8: -3.4 | K8: -26.4 | L8: -77.8 | M8: -47.2
A9: Сальдированный финансовый результат (прибыль минус убыток) | B9: 1.4 | C9: 17 | D9: 17.3 | E9: 20.7 | F9: 20 | G9: 11.7 | H9: 191.4 | I9: 110.7 | J9: 135 | K9: 92.8 | L9: 183.7 | M9: 149
A10: Прибыль | B10: 24.8 | C10: 31.7 | D10: 27 | E10: 33.6 | F10: 31.6 | G10: 72.9 | H10: 230.1 | I10: 116.6 | J10: 153.2 | K10: 131.9 | L10: 220.1 | M10: 163.8
A11: Убытки | B11: 23.5 | C11: 14.7 | D11: 9.7 | E11: 12.9 | F11: 11.7 | G11: 61.1 | H11: 38.7 | I11: 5.9 | J11: 18.2 | K11: 39 | L11: 36.4 | M11: 14.8
A12: Расходы на производство и реализацию продукции (работ, услуг) | B12: 261.8 | C12: 305 | D12: 273.7 | E12: 458.8 | F12: 323.7 | G12: 398.6 | H12: 600.2 | I12: 726.2 | J12: 681.5 | K12: 598.1 | L12: 895.4 | M12: 994.8
A13: Финансовые активы | B13: 17.9 | C13: 13.5 | D13: 11.3 | E13: 25.1 | F13: 33.6 | G13: 184.3 | H13: 191.9 | I13: 229 | J13: 203.8 | K13: 132.2 | L13: 83.4 | M13: 91
A14: Денежные средства | B14: 15.9 | C14: 13.3 | D14: 11 | E14: 24.7 | F14: 22 | G14: 125.9 | H14: 100.9 | I14: 91.9 | J14: 158.9 | K14: 74.5 | L14: 82.9 | M14: 90.9
A15: Касса | B15: 2.8 | C15: 0.5 | D15: 4.7 | E15: 8.5 | F15: 9.9 | G15: 52.1 | H15: 40.8 | I15: 21.6 | J15: 137.3 | K15: 41.1 | L15: 29.4 | M15: 10
A16: Расчетный счет в банках | B16: 7.5 | C16: 11.3 | D16: 4.5 | E16: 10.9 | F16: 5.1 | G16: 65.5 | H16: 13 | I16: 6.3 | J16: 4 | K16: 7.1 | L16: 6.4 | M16: 18
A17: Валютный счет | B17: 5.6 | C17: 1.5 | D17: 1.8 | E17: 5.3 | F17: 7 | G17: 8 | H17: 47.1 | I17: 64 | J17: 17.5 | K17: 26.4 | L17: 47.1 | M17: 62.9
A18: Кредиты и займы | B18: 127.9 | C18: 79.5 | D18: 112.2 | E18: 50.6 | F18: 75.9 | G18: 413.3 | H18: 559.7 | I18: 810.5 | J18: 814.2 | K18: 1075.2 | L18: 885 | M18: 1521.6
... A26: Кредиторская задолженность | B26: 162.1 | C26: 231.9 | D26: 252.5 | E26: 254.6 | F26: 183.6 | G26: 258.1 | H26: 284.7 | I26: 438.7 | J26: 488.4 | K26: 322.3 | L26: 323.1 | M26: 1344.8
A29: Справочно:
A30: Количество отчитавшихся предприятий | B30: 38 | C30: 34 | D30: 37 | E30: 39 | F30: 47 | G30: 45 | H30: 47 | I30: 43 | J30: 42 | K30: 43 | L30: 41 | M30: 40
A31: из них: убыточных | B31: 14 | C31: 15 | D31: 12 | E31: 10 | F31: 13 | G31: 18 | H31: 11 | I31: 6 | J31: 6 | K31: 7 | L31: 6 | M31: 10
A32: Рентабельность (прибыль от реализации в
A33: в процентах к расходам на производство), % | B33: 1.8 | C33: 7.6 | D33: 7.5 | E33: 5.8 | F33: 8.4 | G33: 4.3 | H33: 44.1 | I33: 20.7 | J33: 20.3 | K33: 19.9 | L33: 29.2 | M33: 19.7
A34: Рентабельность1 (сальдированный финансовый
A35: результат в процентах к среднегодовой
A36: стоимости основных средств), % | B36: 0.6 | C36: 7.1 | D36: 6.6 | E36: 7.2 | F36: 6.3 | G36: 1.8 | H36: 21.5 | I36: 12.5 | J36: 13.9 | K36: 7.1 | L36: 13 | M36: 10.3
A37: Рентабельность1 продаж (сальдированный финан-
A38: совый результат к выручке от реализации), % | B38: 0.5 | C38: 5.2 | D38: 5.9 | E38: 4.3 | F38: 5.7 | G38: 2.8 | H38: 22.1 | I38: 12.6 | J38: 16.5 | K38: 12.9 | L38: 15.9 | M38: 12.5
A39: Темп роста валового дохода (в процентах
A40: к предыдущему году) | B40: 134.5 | C40: 123.1 | D40: 89.6 | E40: 165.1 | F40: 72.2 | G40: 118.5 | H40: 208.1 | I40: 101.3 | J40: 93.5 | K40: 87.5 | L40: 161.3 | M40: 103
A41: Коэффициент динамики валового дохода | B41: 1.4 | C41: 0.9 | D41: 0.7 | E41: 1.8 | F41: 0.4 | G41: 1.6 | H41: 1.8 | I41: 0.5 | J41: 0.9 | K41: 0.9 | L41: 1.8 | M41: 0.6
A42: Коэффициент ликвидности текущей задолжен-
A43: ности (отношение дебиторской задолженности
A44: к кредиторской) | B44: 0.83 | C44: 0.61 | D44: 0.58 | E44: 0.48 | F44: 0.87 | G44: 1.04 | H44: 1.07 | I44: 1.17 | J44: 1.51 | K44: 1.15 | L44: 1.27 | M44: 0.87

Sheet IIA12
A1: Вернуться в СОДЕРЖАНИЕ
A2: Таблица II.А.12: Финансовые показатели предприятий по производству
A3: резиновых и пластмассовых изделий
A4: (млн. сомов)
B5: 2014 | C5: 2015 | D5: 2016 | E5: 2017 | F5: 2018 | G5: 2019 | H5: 2020 | I5: 2021 | J5: 2022 | K5: 2023 | L5: 2024 | M5: 2025
A7: Выручка (валовой доход) от реализации продукции (работ, услуг) | B7: 2589.8 | C7: 2718.8 | D7: 2619.4 | E7: 2872.7 | F7: 3821.3 | G7: 3568.3 | H7: 3410.9 | I7: 4791.9 | J7: 6086.7 | K7: 7904.8 | L7: 8562.1 | M7: 13132.6
A8: Неоперационные доходы и расходы (-) | B8: -120.9 | C8: -339.1 | D8: -141.4 | E8: 303.6 | F8: -113.8 | G8: -71.8 | H8: -138.2 | I8: -88.6 | J8: -75.6 | K8: -172.3 | L8: -203.8 | M8: -238
A9: Сальдированный финансовый результат (прибыль минус убыток) | B9: 262.2 | C9: 78.9 | D9: 200.8 | E9: 445.9 | F9: 339.9 | G9: 140 | H9: 190.8 | I9: 418.8 | J9: 455.1 | K9: 619.9 | L9: 604.7 | M9: 1452.8
A10: Прибыль | B10: 321.1 | C10: 300.5 | D10: 270.3 | E10: 558.5 | F10: 382.7 | G10: 193.9 | H10: 265 | I10: 491.4 | J10: 505.6 | K10: 663.8 | L10: 708.2 | M10: 1546.8
A11: Убытки | B11: 58.9 | C11: 221.6 | D11: 69.5 | E11: 112.6 | F11: 42.8 | G11: 53.9 | H11: 74.2 | I11: 72.6 | J11: 50.5 | K11: 43.9 | L11: 103.5 | M11: 94
A12: Расходы на производство и реализацию продукции (работ, услуг) | B12: 2206.8 | C12: 2290.5 | D12: 2277.2 | E12: 2730.5 | F12: 3367.6 | G12: 3356.5 | H12: 3081.9 | I12: 4283.1 | J12: 5556.1 | K12: 7112.6 | L12: 7753.7 | M12: 11441.8
A13: Финансовые активы | B13: 222.2 | C13: 384.7 | D13: 320 | E13: 283.4 | F13: 482.4 | G13: 401.2 | H13: 387.7 | I13: 451.1 | J13: 437.8 | K13: 631.3 | L13: 823.6 | M13: 1023.3
A14: Денежные средства | B14: 166.4 | C14: 326.1 | D14: 250.5 | E14: 208.7 | F14: 393.8 | G14: 359.1 | H14: 360.9 | I14: 417 | J14: 436.3 | K14: 588.8 | L14: 796 | M14: 1013.9
A15: Касса | B15: 129.1 | C15: 195.2 | D15: 166.7 | E15: 132.1 | F15: 276.8 | G15: 205.1 | H15: 151.4 | I15: 149.4 | J15: 196.4 | K15: 328.9 | L15: 300.1 | M15: 324
A16: Расчетный счет в банках | B16: 18.2 | C16: 91.6 | D16: 30.7 | E16: 44.1 | F16: 39.8 | G16: 65.6 | H16: 79.2 | I16: 72.7 | J16: 123.4 | K16: 161.8 | L16: 357 | M16: 528.4
A17: Валютный счет | B17: 19.1 | C17: 39.3 | D17: 53.1 | E17: 32.6 | F17: 77.2 | G17: 88.4 | H17: 130.3 | I17: 194.9 | J17: 116.5 | K17: 97.6 | L17: 106.7 | M17: 82.1
A18: Кредиты и займы | B18: 605.3 | C18: 991.2 | D18: 1092.2 | E18: 1057.5 | F18: 1260.1 | G18: 1090.4 | H18: 1496.5 | I18: 1640.4 | J18: 1702.2 | K18: 2359.6 | L18: 2716.1 | M18: 3565.7
... A26: Кредиторская задолженность | B26: 917.1 | C26: 1022.1 | D26: 799.7 | E26: 1065.2 | F26: 1083.9 | G26: 1213.7 | H26: 1347.6 | I26: 1471.8 | J26: 1649.2 | K26: 2980.2 | L26: 3071.4 | M26: 6035
A29: Справочно:
A30: Количество отчитавшихся предприятий | B30: 173 | C30: 168 | D30: 164 | E30: 155 | F30: 154 | G30: 161 | H30: 162 | I30: 142 | J30: 141 | K30: 150 | L30: 162 | M30: 146
A31: из них: убыточных | B31: 51 | C31: 55 | D31: 42 | E31: 37 | F31: 36 | G31: 41 | H31: 42 | I31: 34 | J31: 27 | K31: 24 | L31: 29 | M31: 23
A32: Рентабельность (прибыль от реализации в
A33: в процентах к расходам на производство), % | B33: 17.4 | C33: 18.7 | D33: 15 | E33: 5.2 | F33: 13.5 | G33: 6.3 | H33: 10.7 | I33: 11.9 | J33: 9.6 | K33: 11.1 | L33: 10.4 | M33: 14.8
A34: Рентабельность1 (сальдированный финансовый
A35: результат в процентах к среднегодовой
A36: стоимости основных средств), % | B36: 32.4 | C36: 8.2 | D36: 19.6 | E36: 35.7 | F36: 22.8 | G36: 8.5 | H36: 7.4 | I36: 15.2 | J36: 15.1 | K36: 14.7 | L36: 10.8 | M36: 22.3
A37: Рентабельность1 продаж (сальдированный финан-
A38: совый результат к выручке от реализации), % | B38: 10.1 | C38: 2.9 | D38: 7.7 | E38: 15.5 | F38: 8.9 | G38: 3.9 | H38: 5.6 | I38: 8.7 | J38: 7.5 | K38: 7.8 | L38: 7.1 | M38: 11.1
A39: Темп роста валового дохода (в процентах
A40: к предыдущему году) | B40: 112.5 | C40: 105 | D40: 96.3 | E40: 109.7 | F40: 133 | G40: 93.4 | H40: 95.6 | I40: 140.5 | J40: 127 | K40: 129.9 | L40: 108.3 | M40: 153.4
A41: Коэффициент динамики валового дохода | B41: 1 | C41: 0.9 | D41: 0.9 | E41: 1.1 | F41: 1.2 | G41: 0.7 | H41: 1 | I41: 1.5 | J41: 0.9 | K41: 1 | L41: 0.8 | M41: 1.4
A42: Коэффициент ликвидности текущей задолжен-
A43: ности (отношение дебиторской задолженности
A44: к кредиторской) | B44: 0.81 | C44: 0.93 | D44: 1.3 | E44: 1.14 | F44: 1.12 | G44: 0.97 | H44: 0.96 | I44: 1.26 | J44: 0.88 | K44: 0.48 | L44: 0.77 | M44: 0.8

Sheet IIA13
A1: Вернуться в СОДЕРЖАНИЕ
A2: Таблица II.А.13: Финансовые показатели предприятий по производству
A3: прочих неметаллических минеральных продуктов
A4: (млн. сомов)
B5: 2014 | C5: 2015 | D5: 2016 | E5: 2017 | F5: 2018 | G5: 2019 | H5: 2020 | I5: 2021 | J5: 2022 | K5: 2023 | L5: 2024 | M5: 2025
A7: Выручка (валовой доход) от реализации продукции (работ, услуг) | B7: 17598 | C7: 15001.9 | D7: 12853.8 | E7: 15079.3 | F7: 18066.6 | G7: 18392.2 | H7: 16647.8 | I7: 26096.7 | J7: 31090.6 | K7: 36248.5 | L7: 44854.2 | M7: 67489.9
A8: Неоперационные доходы и расходы (-) | B8: -902.5 | C8: -846.5 | D8: 25.2 | E8: -727.9 | F8: -573.3 | G8: -498.7 | H8: -1687.3 | I8: -571.1 | J8: -321.8 | K8: 16.4 | L8: 1642.9 | M8: -680.9
A9: Сальдированный финансовый результат (прибыль минус убыток) | B9: 1475 | C9: 440.4 | D9: 752.3 | E9: 1274.8 | F9: 2190.6 | G9: 1957.9 | H9: 1209.4 | I9: 6296.7 | J9: 7160.1 | K9: 7483 | L9: 9758.6 | M9: 12755.7
A10: Прибыль | B10: 2119.7 | C10: 1729.6 | D10: 1244.5 | E10: 1500.8 | F10: 2588.9 | G10: 2322.8 | H10: 2539.2 | I10: 6770.9 | J10: 7241.5 | K10: 7736.5 | L10: 10110.1 | M10: 13552
A11: Убытки | B11: 644.7 | C11: 1289.2 | D11: 492.2 | E11: 226 | F11: 398.3 | G11: 365 | H11: 1329.8 | I11: 474.2 | J11: 81.4 | K11: 253.5 | L11: 351.4 | M11: 796.3
A12: Расходы на производство и реализацию продукции (работ, услуг) | B12: 15220.5 | C12: 13715 | D12: 12126.8 | E12: 13076.6 | F12: 15302.7 | G12: 15935.7 | H12: 13751.1 | I12: 19228.9 | J12: 23608.6 | K12: 28781.8 | L12: 36747 | M12: 54053.3
A13: Финансовые активы | B13: 1487.9 | C13: 1477.7 | D13: 3988.9 | E13: 1698 | F13: 1922.8 | G13: 1289.7 | H13: 1924.3 | I13: 3716.8 | J13: 4369.1 | K13: 5206.7 | L13: 7056.5 | M13: 9154.7
A14: Денежные средства | B14: 774.9 | C14: 1019.8 | D14: 3271.7 | E14: 900.6 | F14: 851.9 | G14: 568.5 | H14: 1652.2 | I14: 3496.3 | J14: 2822.4 | K14: 2061.9 | L14: 2755.3 | M14: 4994.6
A15: Касса | B15: 122.8 | C15: 53.9 | D15: 809.8 | E15: 347.1 | F15: 406.4 | G15: 199.3 | H15: 383.3 | I15: 512.2 | J15: 1048.3 | K15: 531 | L15: 790.1 | M15: 2166.9
A16: Расчетный счет в банках | B16: 190.4 | C16: 185.6 | D16: 1675.4 | E16: 331.8 | F16: 225.6 | G16: 223.8 | H16: 522.5 | I16: 624.2 | J16: 769.8 | K16: 857.6 | L16: 988.6 | M16: 1195.6
A17: Валютный счет | B17: 461.7 | C17: 780.2 | D17: 786.5 | E17: 221.6 | F17: 219.9 | G17: 145.2 | H17: 746.4 | I17: 2359.6 | J17: 1004.3 | K17: 673.1 | L17: 934.4 | M17: 1591.9
A18: Кредиты и займы | B18: 6129.4 | C18: 6869.7 | D18: 5984.9 | E18: 7099.9 | F18: 7840 | G18: 7562.7 | H18: 7007.8 | I18: 6540.8 | J18: 5832.4 | K18: 7255.4 | L18: 8069.1 | M18: 13583.7
... A26: Кредиторская задолженность | B26: 3727.4 | C26: 4464.3 | D26: 5512.6 | E26: 5925.9 | F26: 7800 | G26: 8324.6 | H26: 8590.7 | I26: 10689.9 | J26: 11572.3 | K26: 10862.9 | L26: 11039.7 | M26: 17402.7
A29: Справочно:
A30: Количество отчитавшихся предприятий | B30: 291 | C30: 303 | D30: 299 | E30: 306 | F30: 327 | G30: 351 | H30: 357 | I30: 343 | J30: 357 | K30: 397 | L30: 432 | M30: 469
A31: из них: убыточных | B31: 73 | C31: 95 | D31: 97 | E31: 86 | F31: 88 | G31: 87 | H31: 90 | I31: 82 | J31: 55 | K31: 64 | L31: 57 | M31: 75
A32: Рентабельность (прибыль от реализации в
A33: в процентах к расходам на производство), % | B33: 15.6 | C33: 9.4 | D33: 6 | E33: 15.3 | F33: 18.1 | G33: 15.4 | H33: 21.1 | I33: 35.7 | J33: 31.7 | K33: 25.9 | L33: 22.1 | M33: 24.9
A34: Рентабельность1 (сальдированный финансовый
A35: результат в процентах к среднегодовой
A36: стоимости основных средств), % | B36: 13.4 | C36: 3.6 | D36: 5.8 | E36: 8.9 | F36: 12.9 | G36: 10.3 | H36: 6.4 | I36: 33.7 | J36: 39.9 | K36: 43.3 | L36: 50.8 | M36: 35.6
A37: Рентабельность1 продаж (сальдированный финан-
A38: совый результат к выручке от реализации), % | B38: 8.4 | C38: 2.9 | D38: 5.9 | E38: 8.5 | F38: 12.1 | G38: 10.6 | H38: 7.3 | I38: 24.1 | J38: 23 | K38: 20.6 | L38: 21.8 | M38: 18.9
A39: Темп роста валового дохода (в процентах
A40: к предыдущему году) | B40: 107.2 | C40: 85.2 | D40: 85.7 | E40: 117.3 | F40: 119.8 | G40: 101.8 | H40: 90.5 | I40: 156.8 | J40: 119.1 | K40: 116.6 | L40: 123.7 | M40: 150.5
A41: Коэффициент динамики валового дохода | B41: 0.8 | C41: 0.8 | D41: 1 | E41: 1.4 | F41: 1 | G41: 0.8 | H41: 0.9 | I41: 1.7 | J41: 0.8 | K41: 1 | L41: 1.1 | M41: 1.2
A42: Коэффициент ликвидности текущей задолжен-
A43: ности (отношение дебиторской задолженности
A44: к кредиторской) | B44: 0.69 | C44: 0.74 | D44: 0.46 | E44: 0.8 | F44: 0.53 | G44: 0.55 | H44: 0.58 | I44: 0.58 | J44: 0.74 | K44: 0.93 | L44: 0.87 | M44: 0.88

Sheet IIA14
A1: Вернуться в СОДЕРЖАНИЕ
A2: Таблица II.A.14: Финансовые показатели предприятий по производству
A3: основных металлов и готовых металлических изделий,
A4: кроме машин и оборудования
A5: (млн. сомов)
B6: 2014 | C6: 2015 | D6: 2016 | E6: 2017 | F6: 2018 | G6: 2019 | H6: 2020 | I6: 2021 | J6: 2022 | K6: 2023 | L6: 2024 | M6: 2025
A8: Выручка (валовой доход) от реализации продукции (работ, услуг) | B8: 81052.3 | C8: 83879.9 | D8: 101303.6 | E8: 106700.7 | F8: 108228.5 | G8: 147946.9 | H8: 197561.7 | I8: 211520.4 | J8: 242612.5 | K8: 248935.7 | L8: 303320.6 | M8: 422201.9
A9: Неоперационные доходы и расходы (-) | B9: -15.3 | C9: -2908.5 | D9: 2106.1 | E9: -4384.4 | F9: -1037.5 | G9: -2867.2 | H9: -3242 | I9: -4834.5 | J9: 31727.5 | K9: 5945.1 | L9: 15136 | M9: 18410.7
A10: Сальдированный финансовый результат (прибыль минус убыток) | B10: 7572.9 | C10: 7732.9 | D10: 15957.6 | E10: 15550.9 | F10: 13191.2 | G10: 21302.6 | H10: 36511.2 | I10: 38044.4 | J10: 91829.6 | K10: 52580.4 | L10: 69780.8 | M10: 119079.3
A11: Прибыль | B11: 7770.5 | C11: 9753.9 | D11: 16187.1 | E11: 15913.2 | F11: 13371 | G11: 21620.5 | H11: 37006.4 | I11: 38286.2 | J11: 92096.6 | K11: 52739 | L11: 69991.6 | M11: 119632.9
A12: Убытки | B12: 197.6 | C12: 2021 | D12: 229.6 | E12: 362.3 | F12: 179.8 | G12: 317.9 | H12: 495.2 | I12: 241.8 | J12: 267 | K12: 158.6 | L12: 210.8 | M12: 553.7
A13: Расходы на производство и реализацию продукции (работ, услуг) | B13: 73464.1 | C13: 73238.6 | D13: 87452.1 | E13: 86765.4 | F13: 93999.9 | G13: 123777 | H13: 157808.6 | I13: 168640.3 | J13: 182510.4 | K13: 202300.3 | L13: 248675.8 | M13: 321533.3
A14: Финансовые активы | B14: 26217.4 | C14: 48306.6 | D14: 55553.1 | E14: 43728 | F14: 40651.2 | G14: 64564.1 | H14: 114416.6 | I14: 87761 | J14: 113809.3 | K14: 123586.8 | L14: 154175.3 | M14: 199201.9
A15: Денежные средства | B15: 1742.2 | C15: 5131.8 | D15: 19148.1 | E15: 8218.7 | F15: 2838.8 | G15: 2533.2 | H15: 4071.2 | I15: 26723 | J15: 18460.4 | K15: 14489.1 | L15: 45791.4 | M15: 53020.2
A16: Касса | B16: 129.7 | C16: 78.4 | D16: 99.4 | E16: 140.4 | F16: 166.7 | G16: 182.3 | H16: 282.6 | I16: 318.8 | J16: 265.8 | K16: 1013.6 | L16: 1707.6 | M16: 1498.1
A17: Расчетный счет в банках | B17: 304 | C17: 1429.5 | D17: 1716 | E17: 921.3 | F17: 399.9 | G17: 1426.9 | H17: 1964.5 | I17: 19347.2 | J17: 9025 | K17: 9609.3 | L17: 32985.9 | M17: 39070.1
A18: Валютный счет | B18: 1308.5 | C18: 3623.8 | D18: 17332.6 | E18: 7157 | F18: 2268.5 | G18: 923.8 | H18: 1824.1 | I18: 7057 | J18: 9165.6 | K18: 3865.6 | L18: 11097.8 | M18: 12452
A19: Кредиты и займы | B19: 729 | C19: 1204.9 | D19: 1059.5 | E19: 1319.2 | F19: 919.7 | G19: 14829.4 | H19: 10358.3 | I19: 34292.1 | J19: 38389.2 | K19: 36736.1 | L19: 51991.4 | M19: 49934.9
... A27: Кредиторская задолженность | B27: 8471.2 | C27: 12878.3 | D27: 11744.1 | E27: 12293.3 | F27: 11560.5 | G27: 16329.1 | H27: 16381.2 | I27: 20301.7 | J27: 13043.6 | K27: 20790.2 | L27: 31686.3 | M27: 64356.7
A30: Справочно:
A31: Количество отчитавшихся предприятий | B31: 170 | C31: 169 | D31: 170 | E31: 174 | F31: 175 | G31: 196 | H31: 219 | I31: 209 | J31: 210 | K31: 234 | L31: 269 | M31: 258
A32: из них: убыточных | B32: 46 | C32: 70 | D32: 68 | E32: 54 | F32: 59 | G32: 57 | H32: 65 | I32: 54 | J32: 48 | K32: 46 | L32: 43 | M32: 55
A33: Рентабельность (прибыль от реализации в
A34: в процентах к расходам на производство), % | B34: 10.3 | C34: 14.5 | D34: 15.8 | E34: 23 | F34: 15.1 | G34: 19.5 | H34: 25.2 | I34: 25.4 | J34: 32.9 | K34: 23.1 | L34: 22 | M34: 31.3
A35: Рентабельность1 (сальдированный финансовый
A36: результат в процентах к среднегодовой
A37: стоимости основных средств), % | B37: 29.2 | C37: 22.5 | D37: 43 | E37: 40.3 | F37: 30 | G37: 34.7 | H37: 54.1 | I37: 41.4 | J37: 91.3 | K37: 51.2 | L37: 64 | M37: 106.3
A38: Рентабельность1 продаж (сальдированный финан-
A39: совый результат к выручке от реализации), % | B39: 9.3 | C39: 9.2 | D39: 15.8 | E39: 14.6 | F39: 12.2 | G39: 14.4 | H39: 18.5 | I39: 18 | J39: 37.9 | K39: 21.1 | L39: 23 | M39: 28.2
A40: Темп роста валового дохода (в процентах
A41: к предыдущему году) | B41: 96.9 | C41: 103.5 | D41: 120.8 | E41: 105.3 | F41: 101.4 | G41: 136.7 | H41: 133.5 | I41: 107.1 | J41: 114.7 | K41: 102.6 | L41: 121.8 | M41: 139.2
A42: Коэффициент динамики валового дохода | B42: 0.6 | C42: 1.1 | D42: 1.2 | E42: 0.9 | F42: 1 | G42: 1.3 | H42: 1 | I42: 0.8 | J42: 1.1 | K42: 0.9 | L42: 1.2 | M42: 1.1
A43: Коэффициент ликвидности текущей задолжен-
A44: ности (отношение дебиторской задолженности
A45: к кредиторской) | B45: 1.47 | C45: 0.35 | D45: 0.24 | E45: 0.15 | F45: 0.23 | G45: 0.28 | H45: 0.27 | I45: 0.44 | J45: 2.11 | K45: 1.46 | L45: 1.1 | M45: 0.83

Sheet IIA15
A1: Вернуться в СОДЕРЖАНИЕ
A2: Таблица II.А.15: Финансовые показатели предприятий по производству
A3: компьютеров, электронного и оптического оборудования
A4: (млн. сомов)
B5: 2014 | C5: 2015 | D5: 2016 | E5: 2017 | F5: 2018 | G5: 2019 | H5: 2020 | I5: 2021 | J5: 2022 | K5: 2023 | L5: 2024 | M5: 2025
A7: Выручка (валовой доход) от реализации продукции (работ, услуг) | B7: 58.9 | C7: 91.1 | D7: 111.3 | E7: 79.1 | F7: 42.9 | G7: 63.2 | H7: 100.8 | I7: 103 | J7: 173.3 | K7: 221.2 | L7: 445.8 | M7: 221.9
A8: Неоперационные доходы и расходы (-) | B8: 2.7 | C8: 4.6 | D8: -3.1 | E8: -0.3 | F8: 0.1 | G8: -0.3 | H8: 0 | I8: -0.3 | J8: -306.7 | K8: 5.5 | L8: -1.2 | M8: -2.2
A9: Сальдированный финансовый результат (прибыль минус убыток) | B9: 26.8 | C9: 20.3 | D9: 12.9 | E9: 18 | F9: -11.5 | G9: 6.1 | H9: 24.3 | I9: 13 | J9: -278.9 | K9: 66 | L9: 35.5 | M9: 23.7
A10: Прибыль | B10: 31.1 | C10: 20.4 | D10: 18.1 | E10: 19.7 | F10: 2 | G10: 7.1 | H10: 25.2 | I10: 13.9 | J10: 31.6 | K10: 74.7 | L10: 67.8 | M10: 42.1
A11: Убытки | B11: 4.2 | C11: 0.1 | D11: 5.2 | E11: 1.7 | F11: 13.6 | G11: 1.1 | H11: 0.9 | I11: 0.9 | J11: 310.6 | K11: 8.7 | L11: 32.3 | M11: 18.4
A12: Расходы на производство и реализацию продукции (работ, услуг) | B12: 34.7 | C12: 75.5 | D12: 95.2 | E12: 60.8 | F12: 54.5 | G12: 56.8 | H12: 76.4 | I12: 89.8 | J12: 145.6 | K12: 160.7 | L12: 409.2 | M12: 196
A13: Финансовые активы | B13: 184.1 | C13: 64.9 | D13: 105.4 | E13: 132.3 | F13: 13.6 | G13: 22.5 | H13: 33.4 | I13: 39.5 | J13: 48.4 | K13: 154.3 | L13: 90.8 | M13: 112.7
A14: Денежные средства | B14: 6.2 | C14: 64.9 | D14: 105.4 | E14: 132.3 | F14: 13.6 | G14: 22.5 | H14: 33.4 | I14: 39.5 | J14: 48.4 | K14: 154.3 | L14: 87.8 | M14: 109.6
A15: Касса | B15: 0 | C15: 0 | D15: 2.4 | E15: 0.9 | F15: 1 | G15: 2 | H15: 2.4 | I15: 2 | J15: 3.3 | K15: 14.4 | L15: 28.9 | M15: 71.3
A16: Расчетный счет в банках | B16: 0.2 | C16: 30.2 | D16: 99.4 | E16: 127.7 | F16: 12.6 | G16: 19.9 | H16: 30.4 | I16: 37 | J16: 43.4 | K16: 122.5 | L16: 39.9 | M16: 38.2
A17: Валютный счет | B17: 6 | C17: 34.7 | D17: 3.6 | E17: 3.7 | F17: 0 | G17: 0.6 | H17: 0.6 | I17: 0.5 | J17: 1.7 | K17: 16.4 | L17: 19 | M17: 0.2
A18: Кредиты и займы | B18: 184.2 | C18: 803.3 | D18: 732.7 | E18: 728.5 | F18: 633.3 | G18: 714.7 | H18: 835.6 | I18: 327.5 | J18: 54.4 | K18: 61.2 | L18: 12.9 | M18: 94.1
... A22: Товары | B22: 0.3 | C22: 4.5 | D22: 1.2 | E22: 3.7 | F22: 7.3 | G22: 6.2 | H22: 3.3 | I22: 11 | J22: 6.1 | K22: 13.7 | L22: 15.4 | M22: 26.5
A23: Незавершенное производство | B23: 9 | C23: 0.4 | D23: 18.4 | E23: - | F23: - | G23: - | H23: - | I23: - | J23: - | K23: - | L23: 3.9 | M23: 3.7
A24: Среднегодовая стоимость основных средств | B24: 46 | C24: 48.1 | D24: 51.6 | E24: 27.2 | F24: 1.5 | G24: 1.4 | H24: 6.6 | I24: 26 | J24: 37.4 | K24: 54.6 | L24: 119.7 | M24: 173
A25: Дебиторская задолженность | B25: 6.7 | C25: 819.5 | D25: 724.3 | E25: 713.8 | F25: 12.2 | G25: 11.1 | H25: 15.8 | I25: 174.7 | J25: 191.4 | K25: 232.2 | L25: 322.1 | M25: 421.1
A26: Кредиторская задолженность | B26: 61.6 | C26: 70.9 | D26: 78.5 | E26: 20.3 | F26: 16.6 | G26: 17.2 | H26: 14.8 | I26: 134.3 | J26: 172.9 | K26: 124.4 | L26: 301.7 | M26: 351.8
A29: Справочно:
A30: Количество отчитавшихся предприятий | B30: 25 | C30: 24 | D30: 25 | E30: 26 | F30: 29 | G30: 22 | H30: 23 | I30: 23 | J30: 25 | K30: 32 | L30: 37 | M30: 29
A31: из них: убыточных | B31: 10 | C31: 7 | D31: 8 | E31: 10 | F31: 9 | G31: 8 | H31: 10 | I31: 8 | J31: 6 | K31: 9 | L31: 9 | M31: 10
A32: Рентабельность (прибыль от реализации в
A33: в процентах к расходам на производство), % | B33: 69.5 | C33: 20.8 | D33: 16.8 | E33: 30 | F33: -21.4 | G33: 11.2 | H33: 31.9 | I33: 14.8 | J33: 19 | K33: 37.6 | L33: 9 | M33: 13.2
A34: Рентабельность1 (сальдированный финансовый
A35: результат в процентах к среднегодовой
A36: стоимости основных средств), % | B36: 58.3 | C36: 42.1 | D36: 25 | E36: 66.1 | F36: -753.8 | G36: 434 | H36: 366.2 | I36: 50 | J36: -745.1 | K36: 120.8 | L36: 29.6 | M36: 13.7
A37: Рентабельность1 продаж (сальдированный финан-
A38: совый результат к выручке от реализации), % | B38: 45.5 | C38: 22.2 | D38: 11.6 | E38: 22.7 | F38: -26.9 | G38: 9.6 | H38: 24.1 | I38: 12.6 | J38: -160.9 | K38: 29.8 | L38: 8 | M38: 10.7
A39: Темп роста валового дохода (в процентах
A40: к предыдущему году) | B40: 54.7 | C40: 154.7 | D40: 122.1 | E40: 71.1 | F40: 54.2 | G40: 147.5 | H40: 159.4 | I40: 102.3 | J40: 168.2 | K40: 127.6 | L40: 201.6 | M40: 49.8
A41: Коэффициент динамики валового дохода | B41: 0.4 | C41: 2.8 | D41: 0.8 | E41: 0.6 | F41: 0.8 | G41: 2.7 | H41: 1.1 | I41: 0.6 | J41: 1.6 | K41: 0.8 | L41: 1.6 | M41: 0.2
A42: Коэффициент ликвидности текущей задолжен-
A43: ности (отношение дебиторской задолженности
A44: к кредиторской) | B44: 0.11 | C44: 11.55 | D44: 9.23 | E44: 35.1 | F44: 0.74 | G44: 0.65 | H44: 1.06 | I44: 1.3 | J44: 1.11 | K44: 1.87 | L44: 1.07 | M44: 1.2

Sheet IIA16
A1: Вернуться в СОДЕРЖАНИЕ
A2: Таблица II.А.16: Финансовые показатели предприятий по производству
A3: электрического оборудования
A4: (млн. сомов)
B5: 2014 | C5: 2015 | D5: 2016 | E5: 2017 | F5: 2018 | G5: 2019 | H5: 2020 | I5: 2021 | J5: 2022 | K5: 2023 | L5: 2024 | M5: 2025
A7: Выручка (валовой доход) от реализации продукции (работ, услуг) | B7: 1798.7 | C7: 1882.9 | D7: 1657.8 | E7: 1426.1 | F7: 1608.9 | G7: 1412.7 | H7: 1275.1 | I7: 1459.4 | J7: 2148.8 | K7: 2257.4 | L7: 2497.8 | M7: 2620.4
A8: Неоперационные доходы и расходы (-) | B8: 2.5 | C8: 30.7 | D8: 21.4 | E8: 36.7 | F8: 67 | G8: 33.4 | H8: 85.3 | I8: 15.4 | J8: 6.1 | K8: 3 | L8: -49.5 | M8: -22.8
A9: Сальдированный финансовый результат (прибыль минус убыток) | B9: 211.4 | C9: 179.1 | D9: 139.5 | E9: 66.8 | F9: 42.2 | G9: 88 | H9: 228.2 | I9: 99.5 | J9: 288.6 | K9: 408.9 | L9: 630.3 | M9: 373.6
A10: Прибыль | B10: 231.9 | C10: 200.7 | D10: 149 | E10: 150.1 | F10: 141.4 | G10: 105.4 | H10: 252.4 | I10: 164.4 | J10: 346.3 | K10: 490.3 | L10: 723 | M10: 616.8
A11: Убытки | B11: 20.6 | C11: 21.6 | D11: 9.5 | E11: 83.3 | F11: 99.1 | G11: 17.4 | H11: 24.2 | I11: 64.9 | J11: 57.6 | K11: 81.4 | L11: 92.7 | M11: 243.3
A12: Расходы на производство и реализацию продукции (работ, услуг) | B12: 1589.8 | C12: 1734.5 | D12: 1539.7 | E12: 1396 | F12: 1633.6 | G12: 1358.1 | H12: 1132.1 | I12: 1375.3 | J12: 1866.3 | K12: 1851.5 | L12: 1818 | M12: 2241.3
A13: Финансовые активы | B13: 1111.5 | C13: 1390.6 | D13: 1388.4 | E13: 1392.2 | F13: 1528.9 | G13: 1485.3 | H13: 1597.7 | I13: 1280.1 | J13: 1445.5 | K13: 1397.4 | L13: 1407.1 | M13: 1521.8
A14: Денежные средства | B14: 113.9 | C14: 223.7 | D14: 378.2 | E14: 214.6 | F14: 302.1 | G14: 207.9 | H14: 375.6 | I14: 255.2 | J14: 1091.1 | K14: 1217.1 | L14: 1054 | M14: 1302.7
A15: Касса | B15: 5 | C15: 35.8 | D15: 44.3 | E15: 29.8 | F15: 33.6 | G15: 23.9 | H15: 38.7 | I15: 33.8 | J15: 83.8 | K15: 135 | L15: 201.1 | M15: 194.6
A16: Расчетный счет в банках | B16: 39.4 | C16: 132 | D16: 300.8 | E16: 184 | F16: 268.1 | G16: 127.2 | H16: 153.4 | I16: 115.8 | J16: 613 | K16: 338.5 | L16: 393.3 | M16: 285.1
A17: Валютный счет | B17: 69.5 | C17: 55.9 | D17: 33.1 | E17: 0.8 | F17: 0.5 | G17: 56.8 | H17: 183.4 | I17: 105.5 | J17: 394.3 | K17: 743.7 | L17: 459.6 | M17: 823
A18: Кредиты и займы | B18: 382.9 | C18: 446.4 | D18: 456 | E18: 446.8 | F18: 748.6 | G18: 695.5 | H18: 835.6 | I18: 1011.3 | J18: 1333.3 | K18: 1657.3 | L18: 2777.8 | M18: 2854.1
... A26: Кредиторская задолженность | B26: 626.1 | C26: 602.2 | D26: 608.7 | E26: 586.8 | F26: 597.9 | G26: 555.2 | H26: 578.2 | I26: 592.2 | J26: 731.5 | K26: 1172.5 | L26: 782.1 | M26: 985.6
A29: Справочно:
A30: Количество отчитавшихся предприятий | B30: 37 | C30: 31 | D30: 34 | E30: 34 | F30: 34 | G30: 37 | H30: 34 | I30: 38 | J30: 40 | K30: 44 | L30: 50 | M30: 46
A31: из них: убыточных | B31: 11 | C31: 13 | D31: 9 | E31: 6 | F31: 6 | G31: 9 | H31: 8 | I31: 14 | J31: 10 | K31: 8 | L31: 8 | M31: 10
A32: Рентабельность (прибыль от реализации в
A33: в процентах к расходам на производство), % | B33: 13.1 | C33: 8.6 | D33: 7.7 | E33: 2.2 | F33: -1.5 | G33: 4 | H33: 12.6 | I33: 6.1 | J33: 15.1 | K33: 21.9 | L33: 37.4 | M33: 16.9
A34: Рентабельность1 (сальдированный финансовый
A35: результат в процентах к среднегодовой
A36: стоимости основных средств), % | B36: 26 | C36: 20.4 | D36: 18.1 | E36: 10.7 | F36: 4.4 | G36: 9.4 | H36: 13.8 | I36: 6.4 | J36: 22.9 | K36: 26.6 | L36: 26.4 | M36: 12
A37: Рентабельность1 продаж (сальдированный финан-
A38: совый результат к выручке от реализации), % | B38: 11.8 | C38: 9.5 | D38: 8.4 | E38: 4.7 | F38: 2.6 | G38: 6.2 | H38: 17.9 | I38: 6.8 | J38: 13.4 | K38: 18.1 | L38: 25.2 | M38: 14.3
A39: Темп роста валового дохода (в процентах
A40: к предыдущему году) | B40: 106 | C40: 104.7 | D40: 88 | E40: 86 | F40: 112.8 | G40: 87.8 | H40: 90.3 | I40: 114.5 | J40: 147.2 | K40: 105.1 | L40: 110.6 | M40: 104.9
A41: Коэффициент динамики валового дохода | B41: 1 | C41: 1 | D41: 0.8 | E41: 1 | F41: 1.3 | G41: 0.8 | H41: 1 | I41: 1.3 | J41: 1.3 | K41: 0.7 | L41: 1.1 | M41: 0.9
A42: Коэффициент ликвидности текущей задолжен-
A43: ности (отношение дебиторской задолженности
A44: к кредиторской) | B44: 0.96 | C44: 1.04 | D44: 1.21 | E44: 1.17 | F44: 1.02 | G44: 1.17 | H44: 1.3 | I44: 1.53 | J44: 0.86 | K44: 0.95 | L44: 0.86 | M44: 1.08

Sheet IIA17
A1: Вернуться в СОДЕРЖАНИЕ
A2: Таблица II.А.17: Финансовые показатели предприятий по производству
A3: машин и оборудования, не включенных в другие группировки
A4: (млн. сомов)
B5: 2014 | C5: 2015 | D5: 2016 | E5: 2017 | F5: 2018 | G5: 2019 | H5: 2020 | I5: 2021 | J5: 2022 | K5: 2023 | L5: 2024 | M5: 2025
A7: Выручка (валовой доход) от реализации продукции (работ, услуг) | B7: 332.8 | C7: 336.3 | D7: 282 | E7: 438.1 | F7: 488.8 | G7: 325.4 | H7: 209.8 | I7: 380.1 | J7: 493.5 | K7: 555.1 | L7: 657.2 | M7: 838.1
A8: Неоперационные доходы и расходы (-) | B8: -8 | C8: -36.5 | D8: 15.2 | E8: 49.2 | F8: -68 | G8: -5.2 | H8: 7.5 | I8: 8.7 | J8: -3.3 | K8: 6 | L8: -1.3 | M8: 1
A9: Сальдированный финансовый результат (прибыль минус убыток) | B9: 7 | C9: -18.2 | D9: 27.7 | E9: 30.4 | F9: -65.4 | G9: -13.4 | H9: 17.9 | I9: 58.7 | J9: 64.1 | K9: 77.8 | L9: 124.8 | M9: 103.4
A10: Прибыль | B10: 34.4 | C10: 40.1 | D10: 46.3 | E10: 63 | F10: 31.1 | G10: 19.2 | H10: 34.5 | I10: 69.5 | J10: 80.7 | K10: 96.7 | L10: 131.7 | M10: 133.3
A11: Убытки | B11: 27.4 | C11: 58.3 | D11: 18.6 | E11: 32.6 | F11: 96.6 | G11: 32.7 | H11: 16.6 | I11: 10.8 | J11: 16.6 | K11: 18.9 | L11: 6.9 | M11: 29.9
A12: Расходы на производство и реализацию продукции (работ, услуг) | B12: 310.2 | C12: 317.9 | D12: 269.6 | E12: 456.9 | F12: 486.2 | G12: 333.6 | H12: 199.4 | I12: 330.2 | J12: 426.1 | K12: 483.3 | L12: 531.1 | M12: 735.7
A13: Финансовые активы | B13: 21.1 | C13: 19.3 | D13: 45.6 | E13: 100.1 | F13: 73 | G13: 73.7 | H13: 86.9 | I13: 114.5 | J13: 159.4 | K13: 186.3 | L13: 111 | M13: 170.2
A14: Денежные средства | B14: 21.1 | C14: 19.3 | D14: 45.6 | E14: 100.1 | F14: 73 | G14: 66.4 | H14: 67.2 | I14: 80.1 | J14: 102.3 | K14: 122.8 | L14: 98.5 | M14: 157.7
A15: Касса | B15: 9.9 | C15: 14.1 | D15: 23.4 | E15: 31.9 | F15: 41.8 | G15: 41.7 | H15: 42.1 | I15: 59.5 | J15: 43.8 | K15: 49.3 | L15: 41.8 | M15: 64.6
A16: Расчетный счет в банках | B16: 4.6 | C16: 3.6 | D16: 21.5 | E16: 53.8 | F16: 8.3 | G16: 14.8 | H16: 17.3 | I16: 13.8 | J16: 21.7 | K16: 43.7 | L16: 37.4 | M16: 61.3
A17: Валютный счет | B17: 6.6 | C17: 1.6 | D17: 0.7 | E17: 14.4 | F17: 22.8 | G17: 9.9 | H17: 7.9 | I17: 6.8 | J17: 36.9 | K17: 29.8 | L17: 19.3 | M17: 31.8
A18: Кредиты и займы | B18: 115.4 | C18: 155.5 | D18: 127.8 | E18: 170.2 | F18: 171.6 | G18: 230.5 | H18: 305.8 | I18: 343.2 | J18: 316.5 | K18: 323.7 | L18: 322.2 | M18: 329.8
... A26: Кредиторская задолженность | B26: 141.3 | C26: 133.7 | D26: 99.3 | E26: 245.7 | F26: 82.7 | G26: 85.6 | H26: 80.4 | I26: 69.9 | J26: 97.3 | K26: 169.3 | L26: 193.6 | M26: 326.4
A29: Справочно:
A30: Количество отчитавшихся предприятий | B30: 38 | C30: 37 | D30: 37 | E30: 40 | F30: 42 | G30: 44 | H30: 39 | I30: 38 | J30: 40 | K30: 52 | L30: 57 | M30: 47
A31: из них: убыточных | B31: 12 | C31: 13 | D31: 13 | E31: 10 | F31: 12 | G31: 15 | H31: 10 | I31: 10 | J31: 8 | K31: 6 | L31: 10 | M31: 12
A32: Рентабельность (прибыль от реализации в
A33: в процентах к расходам на производство), % | B33: 7.3 | C33: 5.8 | D33: 4.6 | E33: -4.1 | F33: 0.5 | G33: -2.5 | H33: 5.2 | I33: 15.1 | J33: 15.8 | K33: 14.9 | L33: 23.7 | M33: 13.9
A34: Рентабельность1 (сальдированный финансовый
A35: результат в процентах к среднегодовой
A36: стоимости основных средств), % | B36: 4.4 | C36: -11.5 | D36: 16.2 | E36: 17.6 | F36: -39.7 | G36: -8.6 | H36: 13.4 | I36: 33.3 | J36: 30.7 | K36: 33.1 | L36: 55.9 | M36: 43.4
A37: Рентабельность1 продаж (сальдированный финан-
A38: совый результат к выручке от реализации), % | B38: 2.1 | C38: -5.4 | D38: 9.8 | E38: 6.9 | F38: -13.4 | G38: -4.1 | H38: 8.5 | I38: 15.4 | J38: 13 | K38: 14 | L38: 19 | M38: 12.3
A39: Темп роста валового дохода (в процентах
A40: к предыдущему году) | B40: 82.5 | C40: 101.1 | D40: 83.9 | E40: 155.4 | F40: 111.5 | G40: 66.6 | H40: 64.5 | I40: 181.2 | J40: 129.8 | K40: 112.5 | L40: 118.4 | M40: 127.5
A41: Коэффициент динамики валового дохода | B41: 0.8 | C41: 1.2 | D41: 0.8 | E41: 1.9 | F41: 0.7 | G41: 0.6 | H41: 1 | I41: 2.8 | J41: 0.7 | K41: 0.9 | L41: 1.1 | M41: 1.1
A42: Коэффициент ликвидности текущей задолжен-
A43: ности (отношение дебиторской задолженности
A44: к кредиторской) | B44: 0.66 | C44: 0.76 | D44: 0.95 | E44: 0.66 | F44: 1.67 | G44: 0.98 | H44: 2.89 | I44: 3.53 | J44: 2.34 | K44: 1.63 | L44: 1.34 | M44: 0.95

Sheet IIA18
A1: Вернуться в СОДЕРЖАНИЕ
A2: Таблица II.А.18: Финансовые показатели предприятий по производству
A3: транспортных средств
A4: (млн. сомов)
B5: 2014 | C5: 2015 | D5: 2016 | E5: 2017 | F5: 2018 | G5: 2019 | H5: 2020 | I5: 2021 | J5: 2022 | K5: 2023 | L5: 2024 | M5: 2025
A7: Выручка (валовой доход) от реализации продукции (работ, услуг) | B7: 1549.1 | C7: 1350.1 | D7: 1532.9 | E7: 2319.9 | F7: 2435.8 | G7: 2866.9 | H7: 2660.4 | I7: 3545.5 | J7: 4112.5 | K7: 4637.6 | L7: 5859.2 | M7: 9537.6
A8: Неоперационные доходы и расходы (-) | B8: 15.7 | C8: -69.3 | D8: -24.8 | E8: -43.1 | F8: -64.1 | G8: -23.4 | H8: -136.2 | I8: 2.5 | J8: -60.4 | K8: -22.2 | L8: 135.8 | M8: 41.4
A9: Сальдированный финансовый результат (прибыль минус убыток) | B9: 134.9 | C9: 21.9 | D9: 44.9 | E9: 199.8 | F9: 85.7 | G9: 199.2 | H9: -47 | I9: 350.6 | J9: 666.1 | K9: 339.7 | L9: 377.4 | M9: 1178.1
A10: Прибыль | B10: 135.1 | C10: 22.1 | D10: 48.4 | E10: 201.7 | F10: 85.9 | G10: 204.2 | H10: 31.5 | I10: 350.9 | J10: 676.9 | K10: 412.6 | L10: 562.3 | M10: 1253.3
A11: Убытки | B11: 0.2 | C11: 0.2 | D11: 3.5 | E11: 1.9 | F11: 0.3 | G11: 5 | H11: 78.5 | I11: 0.2 | J11: 10.7 | K11: 72.9 | L11: 184.9 | M11: 75.2
A12: Расходы на производство и реализацию продукции (работ, услуг) | B12: 1429.9 | C12: 1258.9 | D12: 1463.3 | E12: 2077 | F12: 2286 | G12: 2644.3 | H12: 2571.1 | I12: 3197.4 | J12: 3386 | K12: 4275.6 | L12: 5617.6 | M12: 8400.9
A13: Финансовые активы | B13: 19.5 | C13: 23.7 | D13: 28.6 | E13: 50.4 | F13: 20.6 | G13: 47.3 | H13: 26.9 | I13: 74.1 | J13: 137.6 | K13: 129.4 | L13: 949.4 | M13: 1031.1
A14: Денежные средства | B14: 1.8 | C14: 10 | D14: 23.2 | E14: 46 | F14: 19.2 | G14: 46.2 | H14: 26.1 | I14: 73.5 | J14: 137.2 | K14: 128.9 | L14: 521.7 | M14: 835.1
A15: Касса | B15: 0.2 | C15: 1.5 | D15: 0.2 | E15: 0.1 | F15: 0.9 | G15: 0.6 | H15: 0.3 | I15: 0.4 | J15: 5.8 | K15: 0.9 | L15: 180.9 | M15: 247.9
A16: Расчетный счет в банках | B16: 1 | C16: 6.8 | D16: 14.8 | E16: 45.9 | F16: 18.3 | G16: 33.2 | H16: 18.7 | I16: 28.1 | J16: 125.3 | K16: 111.9 | L16: 246.5 | M16: 553.9
A17: Валютный счет | B17: 0.5 | C17: 1.7 | D17: 8.2 | E17: - | F17: - | G17: 12.4 | H17: 7.1 | I17: 45 | J17: 6.1 | K17: 16.1 | L17: 94.2 | M17: 33.3
A18: Кредиты и займы | B18: 287.7 | C18: 363.9 | D18: 380 | E18: 600.4 | F18: 661.7 | G18: 577.6 | H18: 675.4 | I18: 445.6 | J18: 329.3 | K18: 592 | L18: 1210.1 | M18: 1588.3
A19: Наличие товарно-материальных ценностей | B19: 665.5 | C19: 594.5 | D19: 583 | E19: 724.2 | F19: 707.4 | G19: 853.1 | H19: 778.6 | I19: 988.3 | J19: 1518.5 | K19: 1730.5 | L19: 1970.8 | M19: 2490.9
A20: Производственные запасы | B20: 146 | C20: 196.2 | D20: 196.1 | E20: 228.1 | F20: 202.4 | G20: 304.5 | H20: 324.7 | I20: 529.5 | J20: 620.4 | K20: 870.2 | L20: 676.2 | M20: 638.4
A21: Готовая продукция | B21: 150.7 | C21: 116.1 | D21: 122.2 | E21: 153.3 | F21: 124 | G21: 158.8 | H21: 104.9 | I21: 139.8 | J21: 205.3 | K21: 257 | L21: 345 | M21: 954
A22: Товары | B22: 275.6 | C22: 153.8 | D22: 135.4 | E22: 244.4 | F22: 303.6 | G22: 240.3 | H22: 303 | I22: 295.4 | J22: 604 | K22: 509.7 | L22: 720.1 | M22: 626.5
A23: Незавершенное производство | B23: 24 | C23: 27.4 | D23: 32.9 | E23: 12.4 | F23: 1.4 | G23: 1.2 | H23: - | I23: 1.2 | J23: 3.4 | K23: 1.5 | L23: 144.7 | M23: 135.4
A24: Среднегодовая стоимость основных средств | B24: 427.7 | C24: 436.6 | D24: 492.1 | E24: 562 | F24: 575.9 | G24: 739.9 | H24: 661.7 | I24: 801.7 | J24: 847.6 | K24: 951.8 | L24: 1230 | M24: 1408
A25: Дебиторская задолженность | B25: 312.2 | C25: 325 | D25: 314.5 | E25: 441 | F25: 529.9 | G25: 816.1 | H25: 805.8 | I25: 624.2 | J25: 882.3 | K25: 941.1 | L25: 3022.7 | M25: 4247.2
A26: Кредиторская задолженность | B26: 544.4 | C26: 390.7 | D26: 419.4 | E26: 298.3 | F26: 349.6 | G26: 580.4 | H26: 669.6 | I26: 768.4 | J26: 1170.4 | K26: 1323.8 | L26: 3525.2 | M26: 4062.5
A29: Справочно:
A30: Количество отчитавшихся предприятий | B30: 7 | C30: 7 | D30: 5 | E30: 5 | F30: 5 | G30: 8 | H30: 11 | I30: 12 | J30: 10 | K30: 14 | L30: 21 | M30: 21
A31: из них: убыточных | B31: 2 | C31: 3 | D31: 2 | E31: 2 | F31: 1 | G31: 2 | H31: 4 | I31: 1 | J31: 3 | K31: 3 | L31: 4 | M31: 7
A32: Рентабельность (прибыль от реализации в
A33: в процентах к расходам на производство), % | B33: 8.3 | C33: 7.2 | D33: 4.8 | E33: 11.7 | F33: 6.6 | G33: 8.4 | H33: 3.5 | I33: 10.9 | J33: 21.5 | K33: 8.5 | L33: 4.3 | M33: 13.5
A34: Рентабельность1 (сальдированный финансовый
A35: результат в процентах к среднегодовой
A36: стоимости основных средств), % | B36: 31.5 | C36: 5 | D36: 9.1 | E36: 35.5 | F36: 14.9 | G36: 26.9 | H36: -7.1 | I36: 43.7 | J36: 78.6 | K36: 35.7 | L36: 30.7 | M36: 83.7
A37: Рентабельность1 продаж (сальдированный финан-
A38: совый результат к выручке от реализации), % | B38: 8.7 | C38: 1.6 | D38: 2.9 | E38: 8.6 | F38: 3.5 | G38: 6.9 | H38: -1.8 | I38: 9.9 | J38: 16.2 | K38: 7.3 | L38: 6.4 | M38: 12.4
A39: Темп роста валового дохода (в процентах
A40: к предыдущему году) | B40: 69.1 | C40: 87.2 | D40: 113.5 | E40: 151.3 | F40: 105 | G40: 117.7 | H40: 92.8 | I40: 133.3 | J40: 116 | K40: 112.8 | L40: 126.3 | M40: 162.8
A41: Коэффициент динамики валового дохода | B41: 0.4 | C41: 1.3 | D41: 1.3 | E41: 1.3 | F41: 0.7 | G41: 1.1 | H41: 0.8 | I41: 1.4 | J41: 0.9 | K41: 1 | L41: 1.1 | M41: 1.3
A42: Коэффициент ликвидности текущей задолжен-
A43: ности (отношение дебиторской задолженности
A44: к кредиторской) | B44: 0.57 | C44: 0.83 | D44: 0.75 | E44: 1.48 | F44: 1.52 | G44: 1.41 | H44: 1.2 | I44: 0.81 | J44: 0.75 | K44: 0.71 | L44: 0.86 | M44: 1.05

Sheet IIA19
A1: Вернуться в СОДЕРЖАНИЕ
A2: Таблица II.А.19: Финансовые показатели предприятий прочих производств,
A3: по ремонту и установке машин и оборудования
A4: (млн. сомов)
B5: 2014 | C5: 2015 | D5: 2016 | E5: 2017 | F5: 2018 | G5: 2019 | H5: 2020 | I5: 2021 | J5: 2022 | K5: 2023 | L5: 2024 | M5: 2025
A7: Выручка (валовой доход) от реализации продукции (работ, услуг) | B7: 1450.6 | C7: 1347.4 | D7: 1315.7 | E7: 1429.2 | F7: 1642.3 | G7: 1714.9 | H7: 1589.6 | I7: 2387 | J7: 2992.2 | K7: 3493.6 | L7: 4314.9 | M7: 4408.3
A8: Неоперационные доходы и расходы (-) | B8: -61.6 | C8: -82.8 | D8: -4.7 | E8: -14.8 | F8: -32.5 | G8: 22.1 | H8: 10.6 | I8: -24.1 | J8: -21 | K8: -67 | L8: 27.2 | M8: -54.5
A9: Сальдированный финансовый результат (прибыль минус убыток) | B9: 21.6 | C9: -45.3 | D9: 87.4 | E9: 191.6 | F9: 120.4 | G9: 49.7 | H9: 88.8 | I9: 157.4 | J9: 254.1 | K9: 230.2 | L9: 531.8 | M9: 300
A10: Прибыль | B10: 98.4 | C10: 78.4 | D10: 124.2 | E10: 250.5 | F10: 191.6 | G10: 157.9 | H10: 235.9 | I10: 270.9 | J10: 281.1 | K10: 399.6 | L10: 626.8 | M10: 627.2
A11: Убытки | B11: 76.7 | C11: 123.7 | D11: 36.7 | E11: 58.9 | F11: 71.2 | G11: 108.2 | H11: 147.1 | I11: 113.5 | J11: 27 | K11: 169.4 | L11: 95 | M11: 327.3
A12: Расходы на производство и реализацию продукции (работ, услуг) | B12: 1367.4 | C12: 1309.9 | D12: 1223.6 | E12: 1222.8 | F12: 1489.4 | G12: 1666.1 | H12: 1511.3 | I12: 2205.5 | J12: 2717.1 | K12: 3196.4 | L12: 3810.3 | M12: 4053.8
A13: Финансовые активы | B13: 189.5 | C13: 176.2 | D13: 227.7 | E13: 264.6 | F13: 279.5 | G13: 308.2 | H13: 389.9 | I13: 438.2 | J13: 856.9 | K13: 1453.5 | L13: 846.4 | M13: 1154.1
A14: Денежные средства | B14: 114.8 | C14: 121.6 | D14: 153.8 | E14: 190.9 | F14: 190.8 | G14: 218.8 | H14: 355.6 | I14: 406.3 | J14: 704.2 | K14: 1372.2 | L14: 749.8 | M14: 1027.9
A15: Касса | B15: 57.4 | C15: 19.4 | D15: 68.9 | E15: 34.7 | F15: 54.8 | G15: 66.9 | H15: 64.3 | I15: 64 | J15: 309.4 | K15: 663.2 | L15: 176.2 | M15: 395.4
A16: Расчетный счет в банках | B16: 47.6 | C16: 92.1 | D16: 78.7 | E16: 93.6 | F16: 87.6 | G16: 108.7 | H16: 102.8 | I16: 121.8 | J16: 133.2 | K16: 255.3 | L16: 492.3 | M16: 251
A17: Валютный счет | B17: 9.8 | C17: 10.1 | D17: 6.1 | E17: 62.6 | F17: 48.4 | G17: 43.1 | H17: 188.6 | I17: 220.5 | J17: 261.6 | K17: 453.8 | L17: 69 | M17: 381.5
A18: Кредиты и займы | B18: 471.6 | C18: 562.6 | D18: 469.8 | E18: 433.9 | F18: 414.1 | G18: 414.3 | H18: 271.2 | I18: 307.5 | J18: 441.1 | K18: 407.4 | L18: 314.1 | M18: 789.9
... A26: Кредиторская задолженность | B26: 747.3 | C26: 689.2 | D26: 672 | E26: 791 | F26: 569.3 | G26: 748.8 | H26: 1764 | I26: 3179.5 | J26: 1469.3 | K26: 1786.7 | L26: 1519.2 | M26: 1922.3
A29: Справочно:
A30: Количество отчитавшихся предприятий | B30: 164 | C30: 167 | D30: 165 | E30: 176 | F30: 183 | G30: 202 | H30: 185 | I30: 181 | J30: 199 | K30: 229 | L30: 250 | M30: 239
A31: из них: убыточных | B31: 42 | C31: 57 | D31: 45 | E31: 44 | F31: 45 | G31: 44 | H31: 36 | I31: 42 | J31: 34 | K31: 32 | L31: 43 | M31: 48
A32: Рентабельность (прибыль от реализации в
A33: в процентах к расходам на производство), % | B33: 6.1 | C33: 2.9 | D33: 7.5 | E33: 16.9 | F33: 10.3 | G33: 2.9 | H33: 5.2 | I33: 8.2 | J33: 10.1 | K33: 9.3 | L33: 13.2 | M33: 8.7
A34: Рентабельность1 (сальдированный финансовый
A35: результат в процентах к среднегодовой
A36: стоимости основных средств), % | B36: 2 | C36: -3.2 | D36: 5.3 | E36: 12 | F36: 10.2 | G36: 4.2 | H36: 7.6 | I36: 27.1 | J36: 36.4 | K36: 23 | L36: 41.5 | M36: 19.7
A37: Рентабельность1 продаж (сальдированный финан-
A38: совый результат к выручке от реализации), % | B38: 1.5 | C38: -3.4 | D38: 6.6 | E38: 13.4 | F38: 7.3 | G38: 2.9 | H38: 5.6 | I38: 6.6 | J38: 8.5 | K38: 6.6 | L38: 12.3 | M38: 6.8
A39: Темп роста валового дохода (в процентах
A40: к предыдущему году) | B40: 89 | C40: 92.9 | D40: 97.6 | E40: 108.6 | F40: 114.9 | G40: 104.4 | H40: 92.7 | I40: 150.2 | J40: 125.4 | K40: 116.8 | L40: 123.5 | M40: 102.2
A41: Коэффициент динамики валового дохода | B41: 0.7 | C41: 1 | D41: 1.1 | E41: 1.1 | F41: 1.1 | G41: 0.9 | H41: 0.9 | I41: 1.6 | J41: 0.8 | K41: 0.9 | L41: 1.1 | M41: 0.8
A42: Коэффициент ликвидности текущей задолжен-
A43: ности (отношение дебиторской задолженности
A44: к кредиторской) | B44: 0.47 | C44: 0.45 | D44: 0.52 | E44: 0.53 | F44: 0.73 | G44: 0.55 | H44: 0.72 | I44: 0.81 | J44: 0.59 | K44: 0.47 | L44: 0.53 | M44: 0.56

Sheet IIA20
A1: Вернуться в СОДЕРЖАНИЕ
A2: Таблица II.А.20: Финансовые показатели предприятий по обеспечению
A3: электроэнергией, газом, паром и кондиционированным воздухом
A4: (млн. сомов)
B5: 2014 | C5: 2015 | D5: 2016 | E5: 2017 | F5: 2018 | G5: 2019 | H5: 2020 | I5: 2021 | J5: 2022 | K5: 2023 | L5: 2024 | M5: 2025
A7: Выручка (валовой доход) от реализации продукции (работ, услуг) | B7: 25322.2 | C7: 33839 | D7: 34377 | E7: 40332.5 | F7: 39195.9 | G7: 37982.9 | H7: 39347.8 | I7: 44730.1 | J7: 57534.4 | K7: 54849.8 | L7: 75431.9 | M7: 91984
A8: Неоперационные доходы и расходы (-) | B8: -5355.4 | C8: -10226.2 | D8: 5299.1 | E8: -12439.1 | F8: -3694.1 | G8: -1621.3 | H8: -14273 | I8: -6745.4 | J8: -7119.7 | K8: -10969.4 | L8: -15661.6 | M8: -28349.6
A9: Сальдированный финансовый результат (прибыль минус убыток) | B9: -5869.6 | C9: -14680 | D9: 3278.4 | E9: -9119.6 | F9: -4314.3 | G9: -2214.2 | H9: -15260.2 | I9: -7585.3 | J9: -10943.3 | K9: -17641.8 | L9: -20542 | M9: -26443.8
A10: Прибыль | B10: 358.9 | C10: 86.9 | D10: 4898.9 | E10: 4683.9 | F10: 374.7 | G10: 286.9 | H10: 193.4 | I10: 726.8 | J10: 1976.4 | K10: 892.9 | L10: 4696.7 | M10: 1927.5
A11: Убытки | B11: 6228.5 | C11: 14766.9 | D11: 1620.6 | E11: 13803.5 | F11: 4689 | G11: 2501.1 | H11: 15453.6 | I11: 8312.1 | J11: 12919.7 | K11: 18534.7 | L11: 25238.7 | M11: 28371.4
A12: Расходы на производство и реализацию продукции (работ, услуг) | B12: 25836.3 | C12: 38292.8 | D12: 36397.7 | E12: 37013 | F12: 39816.1 | G12: 38575.7 | H12: 40335 | I12: 45570 | J12: 61358.1 | K12: 61522.1 | L12: 80312.2 | M12: 90078.2
A13: Финансовые активы | B13: 4005.2 | C13: 3937.7 | D13: 3297.6 | E13: 4841 | F13: 4887.8 | G13: 2907.5 | H13: 5380.6 | I13: 6952.7 | J13: 7554.3 | K13: 6096.6 | L13: 9913.4 | M13: 12735.4
A14: Денежные средства | B14: 3494.1 | C14: 3320.8 | D14: 2667.8 | E14: 4031.2 | F14: 4176.6 | G14: 2286.7 | H14: 4711 | I14: 6246 | J14: 6733.7 | K14: 5202.5 | L14: 8973.9 | M14: 10585
A15: Касса | B15: 34.1 | C15: 34.6 | D15: 35.2 | E15: 47.4 | F15: 28.7 | G15: 156.9 | H15: 75.8 | I15: 44.1 | J15: 361.6 | K15: 44 | L15: 37.1 | M15: 124.7
A16: Расчетный счет в банках | B16: 1784.5 | C16: 1255.1 | D16: 1700.6 | E16: 1316.6 | F16: 1736.5 | G16: 1431.6 | H16: 2413.6 | I16: 2378.8 | J16: 6009.4 | K16: 4672.9 | L16: 8439.8 | M16: 9353.2
A17: Валютный счет | B17: 1675.6 | C17: 2031 | D17: 931.5 | E17: 2667.3 | F17: 2411.4 | G17: 698.2 | H17: 2213.1 | I17: 3823 | J17: 362.6 | K17: 485.6 | L17: 497 | M17: 1105.1
A18: Кредиты и займы | B18: 64645.5 | C18: 88764.8 | D18: 93199.5 | E18: 87430.8 | F18: 104145.3 | G18: 107206.1 | H18: 129992.9 | I18: 139444.3 | J18: 149667.4 | K18: 166334.7 | L18: 97842 | M18: 64044.4
... A20: Производственные запасы | B20: 3023.3 | C20: 3326.1 | D20: 3082.4 | E20: 2332.9 | F20: 3447 | G20: 3723.5 | H20: 3328.1 | I20: 2894.2 | J20: 3765.8 | K20: 6111.8 | L20: 13207 | M20: 11182.2
A21: Готовая продукция | B21: - | C21: - | D21: 0.3 | E21: 0.3 | F21: 0.2 | G21: 0.2 | H21: 0 | I21: 0 | J21: 0.2 | K21: 0 | L21: 14.5 | M21: 22.9
A22: Товары | B22: 6.9 | C22: 9.1 | D22: 43.7 | E22: 39 | F22: 52.8 | G22: 52.8 | H22: 146.4 | I22: 144.9 | J22: 180.5 | K22: 169.2 | L22: 322.5 | M22: 270.6
A23: Незавершенное производство | B23: 95.1 | C23: 105.1 | D23: 96.2 | E23: 34.6 | F23: 85.9 | G23: 111 | H23: 113 | I23: 108.7 | J23: 289.3 | K23: 644.2 | L23: 995.4 | M23: 1088
A24: Среднегодовая стоимость основных средств | B24: 62837.5 | C24: 82706.4 | D24: 94053.6 | E24: 108024.3 | F24: 121025.5 | G24: 122213.8 | H24: 123604 | I24: 126337.5 | J24: 133335.6 | K24: 143001.4 | L24: 164300.6 | M24: 165824.3
A25: Дебиторская задолженность | B25: 21098.7 | C25: 24068.8 | D25: 28775.8 | E25: 10911.7 | F25: 11004.6 | G25: 12211.6 | H25: 12013.6 | I25: 11870.4 | J25: 12708.8 | K25: 15108.5 | L25: 24045.3 | M25: 31790.9
A26: Кредиторская задолженность | B26: 12645.4 | C26: 13624.8 | D26: 11307.6 | E26: 16691.9 | F26: 11486 | G26: 10669.1 | H26: 11614.6 | I26: 11025.8 | J26: 12324.5 | K26: 17301 | L26: 27447.4 | M26: 26237.1
A29: Справочно:
A30: Количество отчитавшихся предприятий | B30: 74 | C30: 72 | D30: 72 | E30: 83 | F30: 91 | G30: 97 | H30: 117 | I30: 128 | J30: 164 | K30: 205 | L30: 235 | M30: 216
A31: из них: убыточных | B31: 26 | C31: 35 | D31: 23 | E31: 25 | F31: 33 | G31: 36 | H31: 40 | I31: 37 | J31: 37 | K31: 62 | L31: 61 | M31: 65
A32: Рентабельность (прибыль от реализации в
A33: в процентах к расходам на производство), % | B33: -2 | C33: -11.6 | D33: -5.6 | E33: 9 | F33: -1.6 | G33: -1.5 | H33: -2.4 | I33: -1.8 | J33: -6.2 | K33: -10.8 | L33: -6.1 | M33: 2.1
A34: Рентабельность1 (сальдированный финансовый
A35: результат в процентах к среднегодовой
A36: стоимости основных средств), % | B36: -9.3 | C36: -17.7 | D36: 3.5 | E36: -8.4 | F36: -3.6 | G36: -1.8 | H36: -12.3 | I36: -6 | J36: -8.2 | K36: -12.3 | L36: -12.5 | M36: -15.9
A37: Рентабельность1 продаж (сальдированный финан-
A38: совый результат к выручке от реализации), % | B38: -23.2 | C38: -43.4 | D38: 9.5 | E38: -22.6 | F38: -11 | G38: -5.8 | H38: -38.8 | I38: -17 | J38: -19 | K38: -32.2 | L38: -27.2 | M38: -28.7
A39: Темп роста валового дохода (в процентах
A40: к предыдущему году) | B40: 106.1 | C40: 133.6 | D40: 101.6 | E40: 117.3 | F40: 97.2 | G40: 96.9 | H40: 103.6 | I40: 113.7 | J40: 128.6 | K40: 95.3 | L40: 137.5 | M40: 121.9
A41: Коэффициент динамики валового дохода | B41: 1.2 | C41: 1.3 | D41: 0.8 | E41: 1.2 | F41: 0.8 | G41: 1 | H41: 1.1 | I41: 1.1 | J41: 1.1 | K41: 0.7 | L41: 1.4 | M41: 0.9
A42: Коэффициент ликвидности текущей задолжен-
A43: ности (отношение дебиторской задолженности
A44: к кредиторской) | B44: 1.67 | C44: 1.77 | D44: 2.54 | E44: 0.65 | F44: 0.96 | G44: 1.14 | H44: 1.03 | I44: 1.08 | J44: 1.03 | K44: 0.87 | L44: 0.88 | M44: 1.21

Sheet IIA21
A1: Вернуться в СОДЕРЖАНИЕ
A2: Таблица II.А.21: Финансовые показатели предприятий по производству
A3: электроэнергии, ее передаче и распределению
A4: (млн. сомов)
B5: 2014 | C5: 2015 | D5: 2016 | E5: 2017 | F5: 2018 | G5: 2019 | H5: 2020 | I5: 2021 | J5: 2022 | K5: 2023 | L5: 2024 | M5: 2025
A7: Выручка (валовой доход) от реализации продукции (работ, услуг) | B7: 19608.9 | C7: 25989.2 | D7: 25885.3 | E7: 31345.7 | F7: 30431.6 | G7: 29185.3 | H7: 29619.1 | I7: 33092.8 | J7: 45914.3 | K7: 42823.8 | L7: 55471.9 | M7: 65879.1
A8: Неоперационные доходы и расходы (-) | B8: -2852.2 | C8: -9100.7 | D8: 4836 | E8: -12784.1 | F8: -3759.8 | G8: -1843.4 | H8: -14304.5 | I8: -6874.6 | J8: -7239.5 | K8: -11575.2 | L8: -16088 | M8: -28702.3
A9: Сальдированный финансовый результат (прибыль минус убыток) | B9: -3241.6 | C9: -11283.8 | D9: 4247.6 | E9: -8601.4 | F9: -2853.3 | G9: -1777.3 | H9: -14774 | I9: -7809.7 | J9: -10930.9 | K9: -17964.3 | L9: -20671.7 | M9: -26058.1
A10: Прибыль | B10: 216.8 | C10: 20.3 | D10: 4756.5 | E10: 4434.7 | F10: 316.1 | G10: 217.6 | H10: 144.9 | I10: 393.2 | J10: 1733.5 | K10: 396.3 | L10: 3448.6 | M10: 1187.7
A11: Убытки | B11: 3458.4 | C11: 11304.1 | D11: 508.9 | E11: 13036.1 | F11: 3169.4 | G11: 1994.9 | H11: 14918.9 | I11: 8202.9 | J11: 12664.5 | K11: 18360.6 | L11: 24120.3 | M11: 27245.8
A12: Расходы на производство и реализацию продукции (работ, услуг) | B12: 19998.3 | C12: 28172.3 | D12: 26473.7 | E12: 27163 | F12: 29525.1 | G12: 29119.1 | H12: 30088.6 | I12: 34027.9 | J12: 49605.6 | K12: 49212.9 | L12: 60055.6 | M12: 63234.9
A13: Финансовые активы | B13: 3270.8 | C13: 1919.1 | D13: 2276.5 | E13: 3002 | F13: 3427.3 | G13: 2209.5 | H13: 4342.4 | I13: 5440.2 | J13: 6381.3 | K13: 5015.7 | L13: 7868.5 | M13: 11338.7
A14: Денежные средства | B14: 2759.8 | C14: 1302.3 | D14: 1647.5 | E14: 2193 | F14: 2734.7 | G14: 1604.4 | H14: 3691.6 | I14: 4734.9 | J14: 5561.5 | K14: 4122.3 | L14: 6928.9 | M14: 9189.3
A15: Касса | B15: 22.5 | C15: 28.8 | D15: 28.8 | E15: 41.8 | F15: 25.1 | G15: 154.6 | H15: 73.5 | I15: 40.6 | J15: 358.4 | K15: 39.3 | L15: 34.5 | M15: 118.2
A16: Расчетный счет в банках | B16: 1555.2 | C16: 879.1 | D16: 1415.6 | E16: 1153.4 | F16: 1453.1 | G16: 1101 | H16: 1858.5 | I16: 1934.2 | J16: 4840.4 | K16: 3597.4 | L16: 6500.6 | M16: 8015.2
A17: Валютный счет | B17: 1182.1 | C17: 394.3 | D17: 202.6 | E17: 997.8 | F17: 1256.6 | G17: 348.8 | H17: 1751.1 | I17: 2760.1 | J17: 362.6 | K17: 485.6 | L17: 393.8 | M17: 1056
A18: Кредиты и займы | B18: 63728.1 | C18: 88237.2 | D18: 92745.2 | E18: 86905.5 | F18: 103564.9 | G18: 106377.7 | H18: 129070.9 | I18: 138596.9 | J18: 149390 | K18: 166100 | L18: 96726.1 | M18: 62626.2
... A20: Производственные запасы | B20: 2737.1 | C20: 2973.6 | D20: 2770.3 | E20: 2053 | F20: 3123.9 | G20: 3400.4 | H20: 2976.6 | I20: 2599.2 | J20: 3550.8 | K20: 5699 | L20: 12704.6 | M20: 10496.6
A21: Готовая продукция | B21: - | C21: - | D21: 0.3 | E21: 0.3 | F21: 0.2 | G21: 0.2 | H21: - | I21: - | J21: 0.2 | K21: 0 | L21: 11.8 | M21: 21.3
A22: Товары | B22: 1.4 | C22: 1.7 | D22: 1.3 | E22: 0.1 | F22: 0.9 | G22: 0.9 | H22: 99.2 | I22: 101 | J22: 111 | K22: 121.2 | L22: 276.5 | M22: 165.2
A23: Незавершенное производство | B23: 19.1 | C23: 0.6 | D23: 4.1 | E23: 4.1 | F23: 29.9 | G23: 42 | H23: 46.4 | I23: 41.7 | J23: 183.7 | K23: 433.2 | L23: 771.8 | M23: 920.9
A24: Среднегодовая стоимость основных средств | B24: 60273 | C24: 78218.2 | D24: 85617.2 | E24: 94466.7 | F24: 103417 | G24: 102876.7 | H24: 103204.5 | I24: 105547.9 | J24: 113641.8 | K24: 124101.1 | L24: 142217.4 | M24: 140257.8
A25: Дебиторская задолженность | B25: 16605.2 | C25: 18389.9 | D25: 25624.5 | E25: 7016.9 | F25: 8486.1 | G25: 9825.5 | H25: 9070.9 | I25: 9190.8 | J25: 10349.4 | K25: 12379.7 | L25: 19279.3 | M25: 26910.2
A26: Кредиторская задолженность | B26: 7843.9 | C26: 9360.3 | D26: 8024.5 | E26: 14233.5 | F26: 8599.1 | G26: 7718 | H26: 7678.7 | I26: 7012.3 | J26: 9085.9 | K26: 13098.2 | L26: 19895.1 | M26: 16497.2
A29: Справочно:
A30: Количество отчитавшихся предприятий | B30: 38 | C30: 35 | D30: 36 | E30: 49 | F30: 58 | G30: 65 | H30: 84 | I30: 96 | J30: 132 | K30: 170 | L30: 198 | M30: 180
A31: из них: убыточных | B31: 10 | C31: 17 | D31: 13 | E31: 10 | F31: 18 | G31: 21 | H31: 25 | I31: 20 | J31: 23 | K31: 46 | L31: 46 | M31: 54
A32: Рентабельность (прибыль от реализации в
A33: в процентах к расходам на производство), % | B33: -1.9 | C33: -7.7 | D33: -2.2 | E33: 15.4 | F33: 3.1 | G33: 0.2 | H33: -1.6 | I33: -2.7 | J33: -7.4 | K33: -13 | L33: -7.6 | M33: 4.2
A34: Рентабельность1 (сальдированный финансовый
A35: результат в процентах к среднегодовой
A36: стоимости основных средств), % | B36: -5.4 | C36: -14.4 | D36: 5 | E36: -9.1 | F36: -2.8 | G36: -1.7 | H36: -14.3 | I36: -7.4 | J36: -9.6 | K36: -14.5 | L36: -14.5 | M36: -18.6
A37: Рентабельность1 продаж (сальдированный финан-
A38: совый результат к выручке от реализации), % | B38: -16.5 | C38: -43.4 | D38: 16.4 | E38: -27.4 | F38: -9.4 | G38: -6.1 | H38: -49.9 | I38: -23.6 | J38: -23.8 | K38: -41.9 | L38: -37.3 | M38: -39.6
A39: Темп роста валового дохода (в процентах
A40: к предыдущему году) | B40: 116.8 | C40: 132.5 | D40: 99.6 | E40: 121.1 | F40: 97.1 | G40: 95.9 | H40: 101.5 | I40: 111.7 | J40: 138.7 | K40: 93.3 | L40: 129.5 | M40: 118.8
A41: Коэффициент динамики валового дохода | B41: 1.2 | C41: 1.1 | D41: 0.8 | E41: 1.2 | F41: 0.8 | G41: 1 | H41: 1.1 | I41: 1.1 | J41: 1.2 | K41: 0.7 | L41: 1.4 | M41: 0.9
A42: Коэффициент ликвидности текущей задолжен-
A43: ности (отношение дебиторской задолженности
A44: к кредиторской) | B44: 2.12 | C44: 1.96 | D44: 3.19 | E44: 0.49 | F44: 0.99 | G44: 1.27 | H44: 1.18 | I44: 1.31 | J44: 1.14 | K44: 0.95 | L44: 0.97 | M44: 1.63

Sheet IIA22
A1: Вернуться в СОДЕРЖАНИЕ
A2: Таблица II.А.22: Финансовые показатели предприятий по производству газа,
A3: распределению газообразного топлива через системы газоснабжения
A4: (млн. сомов)
B5: 2014 | C5: 2015 | D5: 2016 | E5: 2017 | F5: 2018 | G5: 2019 | H5: 2020 | I5: 2021 | J5: 2022 | K5: 2023 | L5: 2024 | M5: 2025
A7: Выручка (валовой доход) от реализации продукции (работ, услуг) | B7: 2094.7 | C7: 3631.1 | D7: 4333.4 | E7: 4323.3 | F7: 4546.1 | G7: 4784.2 | H7: 5290.4 | I7: 6891.8 | J7: 7698.6 | K7: 8667.2 | L7: 11669.4 | M7: 12699.6
A8: Неоперационные доходы и расходы (-) | B8: -2535 | C8: -1280.4 | D8: 175.9 | E8: 124.5 | F8: -18.3 | G8: 104.7 | H8: 70.3 | I8: 71.4 | J8: 75.4 | K8: 2.5 | L8: -35.2 | M8: -323.9
A9: Сальдированный финансовый результат (прибыль минус убыток) | B9: -2627.8 | C9: -3282.8 | D9: -808.4 | E9: -624.9 | F9: -1403.9 | G9: -386.9 | H9: -258.3 | I9: 311.2 | J9: 130 | K9: 233.2 | L9: 1137.4 | M9: 494.5
A10: Прибыль | B10: - | C10: - | D10: - | E10: - | F10: - | G10: - | H10: - | I10: 311.2 | J10: 130 | K10: 233.2 | L10: 1137.4 | M10: 494.5
A11: Убытки | B11: 2627.8 | C11: 3282.8 | D11: 808.4 | E11: 624.9 | F11: 1403.9 | G11: 386.9 | H11: 258.3 | I11: - | J11: - | K11: - | L11: - | M11: -
A12: Расходы на производство и реализацию продукции (работ, услуг) | B12: 2187.4 | C12: 5633.5 | D12: 5317.7 | E12: 5072.7 | F12: 5931.7 | G12: 5275.8 | H12: 5619 | I12: 6652 | J12: 7644 | K12: 8436.5 | L12: 10496.8 | M12: 11881.2
A13: Финансовые активы | B13: 616.1 | C13: 1870.5 | D13: 882.6 | E13: 1695.3 | F13: 1375 | G13: 593.8 | H13: 838.4 | I13: 1274.2 | J13: 1124.9 | K13: 1006.9 | L13: 1594.7 | M13: 381.3
A14: Денежные средства | B14: 616.1 | C14: 1870.5 | D14: 882.6 | E14: 1695.3 | F14: 1375 | G14: 593.8 | H14: 838.4 | I14: 1274.2 | J14: 1124.9 | K14: 1006.9 | L14: 1594.7 | M14: 381.3
A15: Касса | B15: 0.3 | C15: 0.2 | D15: 0.3 | E15: 0.2 | F15: 0.1 | G15: 0.1 | H15: 0.3 | I15: 0.4 | J15: 0.3 | K15: 0.4 | L15: 0.2 | M15: 0.6
A16: Расчетный счет в банках | B16: 122.3 | C16: 233.6 | D16: 153.4 | E16: 30.1 | F16: 224.7 | G16: 248.6 | H16: 379.3 | I16: 212.9 | J16: 1124.7 | K16: 1006.6 | L16: 1565.4 | M16: 380.7
A17: Валютный счет | B17: 493.5 | C17: 1636.7 | D17: 728.9 | E17: 1665.1 | F17: 1150.2 | G17: 345.1 | H17: 458.7 | I17: 1060.8 | J17: 0 | K17: - | L17: 29 | M17: -
A18: Кредиты и займы | B18: 291.4 | C18: 117.8 | D18: - | E18: - | F18: - | G18: - | H18: - | I18: - | J18: - | K18: - | L18: - | M18: -
A19: Наличие товарно-материальных ценностей | B19: 197.6 | C19: 482 | D19: 643.8 | E19: 660.9 | F19: 699.9 | G19: 807 | H19: 820.6 | I19: 777.9 | J19: 836.1 | K19: 873.3 | L19: 955.6 | M19: 1063.5
A20: Производственные запасы | B20: 0 | C20: 0 | D20: - | E20: 6.9 | F20: - | G20: - | H20: - | I20: - | J20: - | K20: - | L20: - | M20: -
A21: Готовая продукция | B21: - | C21: - | D21: - | E21: - | F21: - | G21: - | H21: 0 | I21: 0 | J21: 0 | K21: 0 | L21: 0 | M21: 0
A22: Товары | B22: 1.1 | C22: 6.4 | D22: 41.4 | E22: 37.9 | F22: 50.1 | G22: 50.7 | H22: 46.2 | I22: 43.1 | J22: 52.8 | K22: 46.1 | L22: 44.3 | M22: 92.6
A23: Незавершенное производство | B23: 0 | C23: - | D23: - | E23: - | F23: - | G23: - | H23: - | I23: - | J23: - | K23: - | L23: - | M23: -
A24: Запасы вспомогательных материалов | B24: 196.5 | C24: 475.6 | D24: 602.3 | E24: 616.2 | F24: 649.8 | G24: 756.3 | H24: 774.4 | I24: 734.7 | J24: 783.3 | K24: 827.2 | L24: 911.3 | M24: 970.9
A25: Среднегодовая стоимость основных средств | B25: 959.5 | C25: 2564.9 | D25: 6153.5 | E25: 10898.7 | F25: 14605.3 | G25: 15956.5 | H25: 16671.9 | I25: 16967 | J25: 17077.5 | K25: 17188.3 | L25: 17452.6 | M25: 17710
A26: Дебиторская задолженность | B26: 3443.1 | C26: 4382.3 | D26: 1694 | E26: 2591.7 | F26: 1337.5 | G26: 1165.4 | H26: 1344.8 | I26: 997.4 | J26: 1149.6 | K26: 1378 | L26: 1959.7 | M26: 2386.4
A27: Кредиторская задолженность | B27: 3153 | C27: 1948.3 | D27: 1070.1 | E27: 698.8 | F27: 1197.7 | G27: 1206.5 | H27: 1729.7 | I27: 1738.6 | J27: 1292.3 | K27: 1505.7 | L27: 2013.7 | M27: 1950.1
A30: Справочно:
A31: Количество отчитавшихся предприятий | B31: 11 | C31: 10 | D31: 10 | E31: 9 | F31: 9 | G31: 9 | H31: 9 | I31: 9 | J31: 9 | K31: 9 | L31: 9 | M31: 9
A32: из них: убыточных | B32: 1 | C32: 1 | D32: 1 | E32: 1 | F32: 1 | G32: 1 | H32: 1 | I32: - | J32: - | K32: - | L32: - | M32: -
A33: Рентабельность (прибыль от реализации в
A34: в процентах к расходам на производство), % | B34: -4.2 | C34: -35.5 | D34: -18.5 | E34: -14.8 | F34: -23.4 | G34: -9.3 | H34: -5.8 | I34: 3.6 | J34: 0.7 | K34: 2.7 | L34: 11.2 | M34: 6.9
A35: Рентабельность1 (сальдированный финансовый
A36: результат в процентах к среднегодовой
A37: стоимости основных средств), % | B37: -273.9 | C37: -128 | D37: -13.1 | E37: -5.7 | F37: -9.6 | G37: -2.4 | H37: -1.5 | I37: 1.8 | J37: 0.8 | K37: 1.4 | L37: 6.5 | M37: 2.8
A38: Рентабельность1 продаж (сальдированный финан-
A39: совый результат к выручке от реализации), % | B39: -125.5 | C39: -90.4 | D39: -18.7 | E39: -14.5 | F39: -30.9 | G39: -8.1 | H39: -4.9 | I39: 4.5 | J39: 1.7 | K39: 2.7 | L39: 9.7 | M39: 3.9
A40: Темп роста валового дохода (в процентах
A41: к предыдущему году) | B41: 51.8 | C41: 173.3 | D41: 119.3 | E41: 99.8 | F41: 105.2 | G41: 105.2 | H41: 110.6 | I41: 130.3 | J41: 111.7 | K41: 112.6 | L41: 134.6 | M41: 108.8
A42: Коэффициент динамики валового дохода | B42: 0.6 | C42: 3.3 | D42: 0.7 | E42: 0.8 | F42: 1.1 | G42: 1 | H42: 1.1 | I42: 1.2 | J42: 0.9 | K42: 1 | L42: 1.2 | M42: 0.8
A43: Коэффициент ликвидности текущей задолжен-
A44: ности (отношение дебиторской задолженности
A45: к кредиторской) | B45: 1.09 | C45: 2.25 | D45: 1.58 | E45: 3.71 | F45: 1.12 | G45: 0.97 | H45: 0.78 | I45: 0.57 | J45: 0.89 | K45: 0.92 | L45: 0.97 | M45: 1.22

Sheet IIA23
A1: Вернуться в СОДЕРЖАНИЕ
A2: Таблица II.А.23: Финансовые показатели предприятий по обеспечению
A3: паром и кондиционированным воздухом
A4: (млн. сомов)
B5: 2014 | C5: 2015 | D5: 2016 | E5: 2017 | F5: 2018 | G5: 2019 | H5: 2020 | I5: 2021 | J5: 2022 | K5: 2023 | L5: 2024 | M5: 2025
A7: Выручка (валовой доход) от реализации продукции (работ, услуг) | B7: 3618.6 | C7: 4218.7 | D7: 4158.3 | E7: 4663.5 | F7: 4218.3 | G7: 4013.4 | H7: 4438.3 | I7: 4745.6 | J7: 3921.6 | K7: 3358.9 | L7: 8290.6 | M7: 13405.2
A8: Неоперационные доходы и расходы (-) | B8: 31.8 | C8: 154.9 | D8: 287.2 | E8: 220.5 | F8: 84.1 | G8: 117.4 | H8: -38.8 | I8: 57.8 | J8: 44.5 | K8: 603.2 | L8: 461.6 | M8: 676.7
A9: Сальдированный финансовый результат (прибыль минус убыток) | B9: -0.2 | C9: -113.4 | D9: -160.8 | E9: 106.7 | F9: -57.1 | G9: -49.9 | H9: -227.9 | I9: -86.7 | J9: -142.4 | K9: 89.4 | L9: -1007.7 | M9: -880.3
A10: Прибыль | B10: 142.2 | C10: 66.6 | D10: 142.5 | E10: 249.2 | F10: 58.6 | G10: 69.3 | H10: 48.6 | I10: 22.5 | J10: 112.8 | K10: 263.4 | L10: 110.7 | M10: 245.3
A11: Убытки | B11: 142.3 | C11: 180 | D11: 303.2 | E11: 142.5 | F11: 115.7 | G11: 119.3 | H11: 276.5 | I11: 109.2 | J11: 255.2 | K11: 174.1 | L11: 1118.4 | M11: 1125.5
A12: Расходы на производство и реализацию продукции (работ, услуг) | B12: 3650.6 | C12: 4487 | D12: 4606.2 | E12: 4777.3 | F12: 4359.4 | G12: 4180.7 | H12: 4627.4 | I12: 4890.2 | J12: 4108.5 | K12: 3872.7 | L12: 9759.9 | M12: 14962.2
A13: Финансовые активы | B13: 118.3 | C13: 148 | D13: 138.5 | E13: 143.6 | F13: 85.6 | G13: 104.2 | H13: 199.8 | I13: 238.3 | J13: 48.1 | K13: 74 | L13: 450.3 | M13: 1015.4
A14: Денежные средства | B14: 118.2 | C14: 147.9 | D14: 137.7 | E14: 142.8 | F14: 66.9 | G14: 88.5 | H14: 181 | I14: 236.9 | J14: 47.3 | K14: 73.3 | L14: 450.2 | M14: 1014.4
A15: Касса | B15: 11.3 | C15: 5.6 | D15: 6.1 | E15: 5.3 | F15: 3.5 | G15: 2.2 | H15: 2 | I15: 3.2 | J15: 3 | K15: 4.3 | L15: 2.3 | M15: 5.9
A16: Расчетный счет в банках | B16: 106.9 | C16: 142.3 | D16: 131.6 | E16: 133.1 | F16: 58.7 | G16: 82 | H16: 175.8 | I16: 231.6 | J16: 44.3 | K16: 69 | L16: 373.7 | M16: 957.3
A17: Валютный счет | B17: 0 | C17: 0 | D17: 0 | E17: 4.4 | F17: 4.7 | G17: 4.3 | H17: 3.3 | I17: 2.1 | J17: - | K17: - | L17: 74.2 | M17: 49.1
A18: Кредиты и займы | B18: 626 | C18: 409.8 | D18: 454.3 | E18: 525.3 | F18: 580.4 | G18: 828.4 | H18: 922 | I18: 847.4 | J18: 277.4 | K18: 234.7 | L18: 1115.8 | M18: 1418.2
A19: Наличие товарно-материальных ценностей | B19: 518.5 | C19: 642.4 | D19: 599.1 | E19: 545.3 | F19: 460.7 | G19: 476.2 | H19: 502.7 | I19: 431.7 | J19: 417.8 | K19: 752.4 | L19: 871.5 | M19: 1039.8
